Workbook

Sheet START
B2: K1 | F2: ="KEYONE / "&Lang!$B$43
F4: =Lang!$B$44
B7: =HYPERLINK("#'START'!A1",Lang!$B$2) | D7: =HYPERLINK("#'Dashboard'!A1",Lang!$B$3) | F7: =HYPERLINK("#'Roster'!A1",Lang!$B$39) | H7: =HYPERLINK("#'Shifts'!A1",Lang!$B$40) | J7: =HYPERLINK("#'Leave'!A1",Lang!$B$41) | L7: =HYPERLINK("#'Staff'!A1",Lang!$B$42) | N7: =HYPERLINK("#'Settings'!A1",Lang!$B$4)
B9: =Lang!$B$45
B13: 01 | E13: =Lang!$B$46
E14: =Lang!$B$47
B17: 02 | E17: =Lang!$B$48
E18: =Lang!$B$49
B21: 03 | E21: =Lang!$B$50
E22: =Lang!$B$51
B25: 04 | E25: =Lang!$B$52
E26: =Lang!$B$53
B30: =Lang!$B$54
B32: =Lang!$B$5
B35: =Lang!$B$6
B36: Keywan Fakhri | I36: =Lang!$B$7
B38: =Lang!$B$8
B39: =HYPERLINK("https://keywanfakhri.com","keywanfakhri.com") | F39: =HYPERLINK("mailto:keywanfakhri1@gmail.com","keywanfakhri1@gmail.com") | L39: =HYPERLINK("https://www.linkedin.com/in/rahmatallah-keywan-fakhri/","LinkedIn: rahmatallah-keywan-fakhri")

Sheet Dashboard
B2: K1 | E2: ="KEYONE / "&Lang!$B$58
E3: =Lang!$B$59
B4: =HYPERLINK("#'START'!A1",Lang!$B$2) | D4: =HYPERLINK("#'Dashboard'!A1",Lang!$B$3) | F4: =HYPERLINK("#'Roster'!A1",Lang!$B$39) | H4: =HYPERLINK("#'Shifts'!A1",Lang!$B$40) | J4: =HYPERLINK("#'Leave'!A1",Lang!$B$41) | L4: =HYPERLINK("#'Staff'!A1",Lang!$B$42) | N4: =HYPERLINK("#'Settings'!A1",Lang!$B$4)
B6: =Lang!$B$36 | H6: =Lang!$B$11 | K6: =Lang!$B$12
B7: =Settings!$D$8 | H7: 2026 | K7: Oct
B8: =Lang!$B$83
B10: =Lang!$B$60 | E10: =Lang!$B$61 | H10: =Lang!$B$62 | K10: =Lang!$B$63 | N10: =Lang!$B$64 | Q10: =Lang!$B$65
B11: =SUM(Calc!$B$20:$B$44) | E11: =SUM(Calc!$H$20:$H$44) | H11: =SUM(Calc!$G$20:$G$44) | K11: =SUM(Calc!$C$20:$C$44) | N11: =SUM(Calc!$D$20:$D$44) | Q11: =SUM(Calc!$E$60:$E$90)
B13: =Lang!$B$66 | D13: =IF(Calc!$B$9=0,0,B11/Calc!$B$9) | E13: =Lang!$B$67 | G13: =IF(B11=0,0,E11/B11) | H13: =Lang!$B$68 | J13: =SUM(Calc!$P$20:$P$44) | K13: =Lang!$B$78 | M13: =SUMIF(Calc!$A$20:$A$44,"?*",Calc!$K$20:$K$44) | N13: =Lang!$B$68 | P13: =SUM(Calc!$O$20:$O$44) | Q13: =Lang!$B$69 | S13: =Calc!$B$11
B16: =Lang!$B$70 | M16: =Lang!$B$37
M18: =Lang!$B$79
M19: =IFERROR(INDEX(Calc!$A$20:$A$44,MATCH(MAX(Calc!$B$20:$B$44),Calc!$B$20:$B$44,0)),"–") | Q19: =MAX(Calc!$B$20:$B$44)
M22: =Lang!$B$80
M23: =IF(MAX(Calc!$G$20:$G$44)=0,"–",INDEX(Calc!$A$20:$A$44,MATCH(MAX(Calc!$G$20:$G$44),Calc!$G$20:$G$44,0))) | Q23: =MAX(Calc!$G$20:$G$44)
M26: =Lang!$B$81
M27: =INDEX(Calc!$A$50:$A$56,MATCH(MAX(Calc!$B$50:$B$56),Calc!$B$50:$B$56,0)) | Q27: =MAX(Calc!$B$50:$B$56)
M30: =Lang!$B$82
M31: =IFERROR(INDEX(Calc!$A$20:$A$44,MATCH(MAX(Calc!$K$20:$K$44),Calc!$K$20:$K$44,0)),"–") | Q31: =MAX(Calc!$K$20:$K$44)
B35: =Lang!$B$71 | M35: =Lang!$B$72
M36: =Lang!$B$75 | P36: =Lang!$B$76 | Q36: =Lang!$B$77 | R36: =Lang!$B$78
M37: =Calc!$A$20 | P37: =IF(Calc!$A$20="","",Calc!$I$20) | Q37: =IF(Calc!$A$20="","",Calc!$J$20) | R37: =IF(Calc!$A$20="","",Calc!$K$20)
M38: =Calc!$A$21 | P38: =IF(Calc!$A$21="","",Calc!$I$21) | Q38: =IF(Calc!$A$21="","",Calc!$J$21) | R38: =IF(Calc!$A$21="","",Calc!$K$21)
M39: =Calc!$A$22 | P39: =IF(Calc!$A$22="","",Calc!$I$22) | Q39: =IF(Calc!$A$22="","",Calc!$J$22) | R39: =IF(Calc!$A$22="","",Calc!$K$22)
M40: =Calc!$A$23 | P40: =IF(Calc!$A$23="","",Calc!$I$23) | Q40: =IF(Calc!$A$23="","",Calc!$J$23) | R40: =IF(Calc!$A$23="","",Calc!$K$23)
M41: =Calc!$A$24 | P41: =IF(Calc!$A$24="","",Calc!$I$24) | Q41: =IF(Calc!$A$24="","",Calc!$J$24) | R41: =IF(Calc!$A$24="","",Calc!$K$24)
M42: =Calc!$A$25 | P42: =IF(Calc!$A$25="","",Calc!$I$25) | Q42: =IF(Calc!$A$25="","",Calc!$J$25) | R42: =IF(Calc!$A$25="","",Calc!$K$25)
M43: =Calc!$A$26 | P43: =IF(Calc!$A$26="","",Calc!$I$26) | Q43: =IF(Calc!$A$26="","",Calc!$J$26) | R43: =IF(Calc!$A$26="","",Calc!$K$26)
M44: =Calc!$A$27 | P44: =IF(Calc!$A$27="","",Calc!$I$27) | Q44: =IF(Calc!$A$27="","",Calc!$J$27) | R44: =IF(Calc!$A$27="","",Calc!$K$27)
M45: =Calc!$A$28 | P45: =IF(Calc!$A$28="","",Calc!$I$28) | Q45: =IF(Calc!$A$28="","",Calc!$J$28) | R45: =IF(Calc!$A$28="","",Calc!$K$28)
M46: =Calc!$A$29 | P46: =IF(Calc!$A$29="","",Calc!$I$29) | Q46: =IF(Calc!$A$29="","",Calc!$J$29) | R46: =IF(Calc!$A$29="","",Calc!$K$29)
M47: =Calc!$A$30 | P47: =IF(Calc!$A$30="","",Calc!$I$30) | Q47: =IF(Calc!$A$30="","",Calc!$J$30) | R47: =IF(Calc!$A$30="","",Calc!$K$30)
M48: =Calc!$A$31 | P48: =IF(Calc!$A$31="","",Calc!$I$31) | Q48: =IF(Calc!$A$31="","",Calc!$J$31) | R48: =IF(Calc!$A$31="","",Calc!$K$31)
B55: =Lang!$B$54
B56: =Lang!$B$5

Sheet Roster
B2: K1 | E2: ="KEYONE / "&Lang!$B$84
E3: =Lang!$B$85
B4: =HYPERLINK("#'START'!A1",Lang!$B$2) | C4: =HYPERLINK("#'Dashboard'!A1",Lang!$B$3) | D4: =HYPERLINK("#'Roster'!A1",Lang!$B$39) | E4: =HYPERLINK("#'Shifts'!A1",Lang!$B$40) | F4: =HYPERLINK("#'Leave'!A1",Lang!$B$41) | G4: =HYPERLINK("#'Staff'!A1",Lang!$B$42) | H4: =HYPERLINK("#'Settings'!A1",Lang!$B$4)
B6: =Lang!$B$86 | D6: 46314 | F6: =Settings!$D$8 | I6: =Lang!$B$38&WEEKNUM(Calc!$B$10,21)
M7: =Calc!$B$10+0 | N7: =Calc!$B$10+1 | O7: =Calc!$B$10+2 | P7: =Calc!$B$10+3 | Q7: =Calc!$B$10+4 | R7: =Calc!$B$10+5 | S7: =Calc!$B$10+6
B8: =Lang!$B$75 | C8: =Lang!$B$112 | D8: =Lang!$B$28&" "&DAY(M7)&"."&MONTH(M7)&"." | E8: =Lang!$B$29&" "&DAY(N7)&"."&MONTH(N7)&"." | F8: =Lang!$B$30&" "&DAY(O7)&"."&MONTH(O7)&"." | G8: =Lang!$B$31&" "&DAY(P7)&"."&MONTH(P7)&"." | H8: =Lang!$B$32&" "&DAY(Q7)&"."&MONTH(Q7)&"." | I8: =Lang!$B$33&" "&DAY(R7)&"."&MONTH(R7)&"." | J8: =Lang!$B$34&" "&DAY(S7)&"."&MONTH(S7)&"." | K8: =Lang!$B$89
B9: =Lang!$B$87 | D9: =COUNTIF(M13:M37,1) | E9: =COUNTIF(N13:N37,1) | F9: =COUNTIF(O13:O37,1) | G9: =COUNTIF(P13:P37,1) | H9: =COUNTIF(Q13:Q37,1) | I9: =COUNTIF(R13:R37,1) | J9: =COUNTIF(S13:S37,1)
B10: =Lang!$B$88 | D10: =INDEX(Settings!$D$21:$J$21,1) | E10: =INDEX(Settings!$D$21:$J$21,2) | F10: =INDEX(Settings!$D$21:$J$21,3) | G10: =INDEX(Settings!$D$21:$J$21,4) | H10: =INDEX(Settings!$D$21:$J$21,5) | I10: =INDEX(Settings!$D$21:$J$21,6) | J10: =INDEX(Settings!$D$21:$J$21,7)
B11: =Lang!$B$89 | D11: =SUMIFS(Shifts!$G$8:$G$5007,Shifts!$A$8:$A$5007,M$7) | E11: =SUMIFS(Shifts!$G$8:$G$5007,Shifts!$A$8:$A$5007,N$7) | F11: =SUMIFS(Shifts!$G$8:$G$5007,Shifts!$A$8:$A$5007,O$7) | G11: =SUMIFS(Shifts!$G$8:$G$5007,Shifts!$A$8:$A$5007,P$7) | H11: =SUMIFS(Shifts!$G$8:$G$5007,Shifts!$A$8:$A$5007,Q$7) | I11: =SUMIFS(Shifts!$G$8:$G$5007,Shifts!$A$8:$A$5007,R$7) | J11: =SUMIFS(Shifts!$G$8:$G$5007,Shifts!$A$8:$A$5007,S$7) | K11: =SUM(D11:J11)
B13: =IF(Staff!$A$8="","",Staff!$A$8) | C13: =IF(Staff!$A$8="","",Staff!$B$8&"") | D13: =IF(M13=0,"",IF(M13>1,INDEX(Lang!$B$90:$B$92,M13-1),INDEX(Shifts!$C$8:$C$5007,U13)&CHAR(10)&HOUR(INDEX(Shifts!$H$8:$H$5007,U13))&":"&RIGHT("0"&MINUTE(INDEX(Shifts!$H$8:$H$5007,U13)),2)&"–"&HOUR(INDEX(Shifts!$I$8:$I$5007,U13))&":"&RIGHT("0"&MINUTE(INDEX(Shifts!$I$8:$I$5007,U13)),2))) | E13: =IF(N13=0,"",IF(N13>1,INDEX(Lang!$B$90:$B$92,N13-1),INDEX(Shifts!$C$8:$C$5007,V13)&CHAR(10)&HOUR(INDEX(Shifts!$H$8:$H$5007,V13))&":"&RIGHT("0"&MINUTE(INDEX(Shifts!$H$8:$H$5007,V13)),2)&"–"&HOUR(INDEX(Shifts!$I$8:$I$5007,V13))&":"&RIGHT("0"&MINUTE(INDEX(Shifts!$I$8:$I$5007,V13)),2))) | F13: =IF(O13=0,"",IF(O13>1,INDEX(Lang!$B$90:$B$92,O13-1),INDEX(Shifts!$C$8:$C$5007,W13)&CHAR(10)&HOUR(INDEX(Shifts!$H$8:$H$5007,W13))&":"&RIGHT("0"&MINUTE(INDEX(Shifts!$H$8:$H$5007,W13)),2)&"–"&HOUR(INDEX(Shifts!$I$8:$I$5007,W13))&":"&RIGHT("0"&MINUTE(INDEX(Shifts!$I$8:$I$5007,W13)),2))) | G13: =IF(P13=0,"",IF(P13>1,INDEX(Lang!$B$90:$B$92,P13-1),INDEX(Shifts!$C$8:$C$5007,X13)&CHAR(10)&HOUR(INDEX(Shifts!$H$8:$H$5007,X13))&":"&RIGHT("0"&MINUTE(INDEX(Shifts!$H$8:$H$5007,X13)),2)&"–"&HOUR(INDEX(Shifts!$I$8:$I$5007,X13))&":"&RIGHT("0"&MINUTE(INDEX(Shifts!$I$8:$I$5007,X13)),2))) | H13: =IF(Q13=0,"",IF(Q13>1,INDEX(Lang!$B$90:$B$92,Q13-1),INDEX(Shifts!$C$8:$C$5007,Y13)&CHAR(10)&HOUR(INDEX(Shifts!$H$8:$H$5007,Y13))&":"&RIGHT("0"&MINUTE(INDEX(Shifts!$H$8:$H$5007,Y13)),2)&"–"&HOUR(INDEX(Shifts!$I$8:$I$5007,Y13))&":"&RIGHT("0"&MINUTE(INDEX(Shifts!$I$8:$I$5007,Y13)),2))) | I13: =IF(R13=0,"",IF(R13>1,INDEX(Lang!$B$90:$B$92,R13-1),INDEX(Shifts!$C$8:$C$5007,Z13)&CHAR(10)&HOUR(INDEX(Shifts!$H$8:$H$5007,Z13))&":"&RIGHT("0"&MINUTE(INDEX(Shifts!$H$8:$H$5007,Z13)),2)&"–"&HOUR(INDEX(Shifts!$I$8:$I$5007,Z13))&":"&RIGHT("0"&MINUTE(INDEX(Shifts!$I$8:$I$5007,Z13)),2))) | J13: =IF(S13=0,"",IF(S13>1,INDEX(Lang!$B$90:$B$92,S13-1),INDEX(Shifts!$C$8:$C$5007,AA13)&CHAR(10)&HOUR(INDEX(Shifts!$H$8:$H$5007,AA13))&":"&RIGHT("0"&MINUTE(INDEX(Shifts!$H$8:$H$5007,AA13)),2)&"–"&HOUR(INDEX(Shifts!$I$8:$I$5007,AA13))&":"&RIGHT("0"&MINUTE(INDEX(Shifts!$I$8:$I$5007,AA13)),2))) | K13: =IF($B13="","",SUMIFS(Shifts!$G$8:$G$5007,Shifts!$B$8:$B$5007,$B13,Shifts!$A$8:$A$5007,">="&Calc!$B$10,Shifts!$A$8:$A$5007,"<"&Calc!$B$10+7)) | M13: =IF($B13="",0,IF(AC13>0,1+MAX(1,INDEX(Leave!$G:$G,AC13)),IF(U13>0,1,0))) | N13: =IF($B13="",0,IF(AD13>0,1+MAX(1,INDEX(Leave!$G:$G,AD13)),IF(V13>0,1,0))) | O13: =IF($B13="",0,IF(AE13>0,1+MAX(1,INDEX(Leave!$G:$G,AE13)),IF(W13>0,1,0))) | P13: =IF($B13="",0,IF(AF13>0,1+MAX(1,INDEX(Leave!$G:$G,AF13)),IF(X13>0,1,0))) | Q13: =IF($B13="",0,IF(AG13>0,1+MAX(1,INDEX(Leave!$G:$G,AG13)),IF(Y13>0,1,0))) | R13: =IF($B13="",0,IF(AH13>0,1+MAX(1,INDEX(Leave!$G:$G,AH13)),IF(Z13>0,1,0))) | S13: =IF($B13="",0,IF(AI13>0,1+MAX(1,INDEX(Leave!$G:$G,AI13)),IF(AA13>0,1,0))) | U13: =IF($B13="",0,IFERROR(MATCH($B13&"|"&M$7,Shifts!$K$8:$K$5007,0),0)) | V13: =IF($B13="",0,IFERROR(MATCH($B13&"|"&N$7,Shifts!$K$8:$K$5007,0),0)) | W13: =IF($B13="",0,IFERROR(MATCH($B13&"|"&O$7,Shifts!$K$8:$K$5007,0),0)) | X13: =IF($B13="",0,IFERROR(MATCH($B13&"|"&P$7,Shifts!$K$8:$K$5007,0),0)) | Y13: =IF($B13="",0,IFERROR(MATCH($B13&"|"&Q$7,Shifts!$K$8:$K$5007,0),0)) | Z13: =IF($B13="",0,IFERROR(MATCH($B13&"|"&R$7,Shifts!$K$8:$K$5007,0),0)) | AA13: =IF($B13="",0,IFERROR(MATCH($B13&"|"&S$7,Shifts!$K$8:$K$5007,0),0)) | AC13: =IF($B13="",0,SUMPRODUCT(MAX((Leave!$A$8:$A$507=$B13)*(Leave!$C$8:$C$507<=M$7)*(Leave!$D$8:$D$507>=M$7)*ROW(Leave!$A$8:$A$507)))) | AD13: =IF($B13="",0,SUMPRODUCT(MAX((Leave!$A$8:$A$507=$B13)*(Leave!$C$8:$C$507<=N$7)*(Leave!$D$8:$D$507>=N$7)*ROW(Leave!$A$8:$A$507)))) | AE13: =IF($B13="",0,SUMPRODUCT(MAX((Leave!$A$8:$A$507=$B13)*(Leave!$C$8:$C$507<=O$7)*(Leave!$D$8:$D$507>=O$7)*ROW(Leave!$A$8:$A$507)))) | AF13: =IF($B13="",0,SUMPRODUCT(MAX((Leave!$A$8:$A$507=$B13)*(Leave!$C$8:$C$507<=P$7)*(Leave!$D$8:$D$507>=P$7)*ROW(Leave!$A$8:$A$507)))) | AG13: =IF($B13="",0,SUMPRODUCT(MAX((Leave!$A$8:$A$507=$B13)*(Leave!$C$8:$C$507<=Q$7)*(Leave!$D$8:$D$507>=Q$7)*ROW(Leave!$A$8:$A$507)))) | AH13: =IF($B13="",0,SUMPRODUCT(MAX((Leave!$A$8:$A$507=$B13)*(Leave!$C$8:$C$507<=R$7)*(Leave!$D$8:$D$507>=R$7)*ROW(Leave!$A$8:$A$507)))) | AI13: =IF($B13="",0,SUMPRODUCT(MAX((Leave!$A$8:$A$507=$B13)*(Leave!$C$8:$C$507<=S$7)*(Leave!$D$8:$D$507>=S$7)*ROW(Leave!$A$8:$A$507))))
B14: =IF(Staff!$A$9="","",Staff!$A$9) | C14: =IF(Staff!$A$9="","",Staff!$B$9&"") | D14: =IF(M14=0,"",IF(M14>1,INDEX(Lang!$B$90:$B$92,M14-1),INDEX(Shifts!$C$8:$C$5007,U14)&CHAR(10)&HOUR(INDEX(Shifts!$H$8:$H$5007,U14))&":"&RIGHT("0"&MINUTE(INDEX(Shifts!$H$8:$H$5007,U14)),2)&"–"&HOUR(INDEX(Shifts!$I$8:$I$5007,U14))&":"&RIGHT("0"&MINUTE(INDEX(Shifts!$I$8:$I$5007,U14)),2))) | E14: =IF(N14=0,"",IF(N14>1,INDEX(Lang!$B$90:$B$92,N14-1),INDEX(Shifts!$C$8:$C$5007,V14)&CHAR(10)&HOUR(INDEX(Shifts!$H$8:$H$5007,V14))&":"&RIGHT("0"&MINUTE(INDEX(Shifts!$H$8:$H$5007,V14)),2)&"–"&HOUR(INDEX(Shifts!$I$8:$I$5007,V14))&":"&RIGHT("0"&MINUTE(INDEX(Shifts!$I$8:$I$5007,V14)),2))) | F14: =IF(O14=0,"",IF(O14>1,INDEX(Lang!$B$90:$B$92,O14-1),INDEX(Shifts!$C$8:$C$5007,W14)&CHAR(10)&HOUR(INDEX(Shifts!$H$8:$H$5007,W14))&":"&RIGHT("0"&MINUTE(INDEX(Shifts!$H$8:$H$5007,W14)),2)&"–"&HOUR(INDEX(Shifts!$I$8:$I$5007,W14))&":"&RIGHT("0"&MINUTE(INDEX(Shifts!$I$8:$I$5007,W14)),2))) | G14: =IF(P14=0,"",IF(P14>1,INDEX(Lang!$B$90:$B$92,P14-1),INDEX(Shifts!$C$8:$C$5007,X14)&CHAR(10)&HOUR(INDEX(Shifts!$H$8:$H$5007,X14))&":"&RIGHT("0"&MINUTE(INDEX(Shifts!$H$8:$H$5007,X14)),2)&"–"&HOUR(INDEX(Shifts!$I$8:$I$5007,X14))&":"&RIGHT("0"&MINUTE(INDEX(Shifts!$I$8:$I$5007,X14)),2))) | H14: =IF(Q14=0,"",IF(Q14>1,INDEX(Lang!$B$90:$B$92,Q14-1),INDEX(Shifts!$C$8:$C$5007,Y14)&CHAR(10)&HOUR(INDEX(Shifts!$H$8:$H$5007,Y14))&":"&RIGHT("0"&MINUTE(INDEX(Shifts!$H$8:$H$5007,Y14)),2)&"–"&HOUR(INDEX(Shifts!$I$8:$I$5007,Y14))&":"&RIGHT("0"&MINUTE(INDEX(Shifts!$I$8:$I$5007,Y14)),2))) | I14: =IF(R14=0,"",IF(R14>1,INDEX(Lang!$B$90:$B$92,R14-1),INDEX(Shifts!$C$8:$C$5007,Z14)&CHAR(10)&HOUR(INDEX(Shifts!$H$8:$H$5007,Z14))&":"&RIGHT("0"&MINUTE(INDEX(Shifts!$H$8:$H$5007,Z14)),2)&"–"&HOUR(INDEX(Shifts!$I$8:$I$5007,Z14))&":"&RIGHT("0"&MINUTE(INDEX(Shifts!$I$8:$I$5007,Z14)),2))) | J14: =IF(S14=0,"",IF(S14>1,INDEX(Lang!$B$90:$B$92,S14-1),INDEX(Shifts!$C$8:$C$5007,AA14)&CHAR(10)&HOUR(INDEX(Shifts!$H$8:$H$5007,AA14))&":"&RIGHT("0"&MINUTE(INDEX(Shifts!$H$8:$H$5007,AA14)),2)&"–"&HOUR(INDEX(Shifts!$I$8:$I$5007,AA14))&":"&RIGHT("0"&MINUTE(INDEX(Shifts!$I$8:$I$5007,AA14)),2))) | K14: =IF($B14="","",SUMIFS(Shifts!$G$8:$G$5007,Shifts!$B$8:$B$5007,$B14,Shifts!$A$8:$A$5007,">="&Calc!$B$10,Shifts!$A$8:$A$5007,"<"&Calc!$B$10+7)) | M14: =IF($B14="",0,IF(AC14>0,1+MAX(1,INDEX(Leave!$G:$G,AC14)),IF(U14>0,1,0))) | N14: =IF($B14="",0,IF(AD14>0,1+MAX(1,INDEX(Leave!$G:$G,AD14)),IF(V14>0,1,0))) | O14: =IF($B14="",0,IF(AE14>0,1+MAX(1,INDEX(Leave!$G:$G,AE14)),IF(W14>0,1,0))) | P14: =IF($B14="",0,IF(AF14>0,1+MAX(1,INDEX(Leave!$G:$G,AF14)),IF(X14>0,1,0))) | Q14: =IF($B14="",0,IF(AG14>0,1+MAX(1,INDEX(Leave!$G:$G,AG14)),IF(Y14>0,1,0))) | R14: =IF($B14="",0,IF(AH14>0,1+MAX(1,INDEX(Leave!$G:$G,AH14)),IF(Z14>0,1,0))) | S14: =IF($B14="",0,IF(AI14>0,1+MAX(1,INDEX(Leave!$G:$G,AI14)),IF(AA14>0,1,0))) | U14: =IF($B14="",0,IFERROR(MATCH($B14&"|"&M$7,Shifts!$K$8:$K$5007,0),0)) | V14: =IF($B14="",0,IFERROR(MATCH($B14&"|"&N$7,Shifts!$K$8:$K$5007,0),0)) | W14: =IF($B14="",0,IFERROR(MATCH($B14&"|"&O$7,Shifts!$K$8:$K$5007,0),0)) | X14: =IF($B14="",0,IFERROR(MATCH($B14&"|"&P$7,Shifts!$K$8:$K$5007,0),0)) | Y14: =IF($B14="",0,IFERROR(MATCH($B14&"|"&Q$7,Shifts!$K$8:$K$5007,0),0)) | Z14: =IF($B14="",0,IFERROR(MATCH($B14&"|"&R$7,Shifts!$K$8:$K$5007,0),0)) | AA14: =IF($B14="",0,IFERROR(MATCH($B14&"|"&S$7,Shifts!$K$8:$K$5007,0),0)) | AC14: =IF($B14="",0,SUMPRODUCT(MAX((Leave!$A$8:$A$507=$B14)*(Leave!$C$8:$C$507<=M$7)*(Leave!$D$8:$D$507>=M$7)*ROW(Leave!$A$8:$A$507)))) | AD14: =IF($B14="",0,SUMPRODUCT(MAX((Leave!$A$8:$A$507=$B14)*(Leave!$C$8:$C$507<=N$7)*(Leave!$D$8:$D$507>=N$7)*ROW(Leave!$A$8:$A$507)))) | AE14: =IF($B14="",0,SUMPRODUCT(MAX((Leave!$A$8:$A$507=$B14)*(Leave!$C$8:$C$507<=O$7)*(Leave!$D$8:$D$507>=O$7)*ROW(Leave!$A$8:$A$507)))) | AF14: =IF($B14="",0,SUMPRODUCT(MAX((Leave!$A$8:$A$507=$B14)*(Leave!$C$8:$C$507<=P$7)*(Leave!$D$8:$D$507>=P$7)*ROW(Leave!$A$8:$A$507)))) | AG14: =IF($B14="",0,SUMPRODUCT(MAX((Leave!$A$8:$A$507=$B14)*(Leave!$C$8:$C$507<=Q$7)*(Leave!$D$8:$D$507>=Q$7)*ROW(Leave!$A$8:$A$507)))) | AH14: =IF($B14="",0,SUMPRODUCT(MAX((Leave!$A$8:$A$507=$B14)*(Leave!$C$8:$C$507<=R$7)*(Leave!$D$8:$D$507>=R$7)*ROW(Leave!$A$8:$A$507)))) | AI14: =IF($B14="",0,SUMPRODUCT(MAX((Leave!$A$8:$A$507=$B14)*(Leave!$C$8:$C$507<=S$7)*(Leave!$D$8:$D$507>=S$7)*ROW(Leave!$A$8:$A$507))))
B15: =IF(Staff!$A$10="","",Staff!$A$10) | C15: =IF(Staff!$A$10="","",Staff!$B$10&"") | D15: =IF(M15=0,"",IF(M15>1,INDEX(Lang!$B$90:$B$92,M15-1),INDEX(Shifts!$C$8:$C$5007,U15)&CHAR(10)&HOUR(INDEX(Shifts!$H$8:$H$5007,U15))&":"&RIGHT("0"&MINUTE(INDEX(Shifts!$H$8:$H$5007,U15)),2)&"–"&HOUR(INDEX(Shifts!$I$8:$I$5007,U15))&":"&RIGHT("0"&MINUTE(INDEX(Shifts!$I$8:$I$5007,U15)),2))) | E15: =IF(N15=0,"",IF(N15>1,INDEX(Lang!$B$90:$B$92,N15-1),INDEX(Shifts!$C$8:$C$5007,V15)&CHAR(10)&HOUR(INDEX(Shifts!$H$8:$H$5007,V15))&":"&RIGHT("0"&MINUTE(INDEX(Shifts!$H$8:$H$5007,V15)),2)&"–"&HOUR(INDEX(Shifts!$I$8:$I$5007,V15))&":"&RIGHT("0"&MINUTE(INDEX(Shifts!$I$8:$I$5007,V15)),2))) | F15: =IF(O15=0,"",IF(O15>1,INDEX(Lang!$B$90:$B$92,O15-1),INDEX(Shifts!$C$8:$C$5007,W15)&CHAR(10)&HOUR(INDEX(Shifts!$H$8:$H$5007,W15))&":"&RIGHT("0"&MINUTE(INDEX(Shifts!$H$8:$H$5007,W15)),2)&"–"&HOUR(INDEX(Shifts!$I$8:$I$5007,W15))&":"&RIGHT("0"&MINUTE(INDEX(Shifts!$I$8:$I$5007,W15)),2))) | G15: =IF(P15=0,"",IF(P15>1,INDEX(Lang!$B$90:$B$92,P15-1),INDEX(Shifts!$C$8:$C$5007,X15)&CHAR(10)&HOUR(INDEX(Shifts!$H$8:$H$5007,X15))&":"&RIGHT("0"&MINUTE(INDEX(Shifts!$H$8:$H$5007,X15)),2)&"–"&HOUR(INDEX(Shifts!$I$8:$I$5007,X15))&":"&RIGHT("0"&MINUTE(INDEX(Shifts!$I$8:$I$5007,X15)),2))) | H15: =IF(Q15=0,"",IF(Q15>1,INDEX(Lang!$B$90:$B$92,Q15-1),INDEX(Shifts!$C$8:$C$5007,Y15)&CHAR(10)&HOUR(INDEX(Shifts!$H$8:$H$5007,Y15))&":"&RIGHT("0"&MINUTE(INDEX(Shifts!$H$8:$H$5007,Y15)),2)&"–"&HOUR(INDEX(Shifts!$I$8:$I$5007,Y15))&":"&RIGHT("0"&MINUTE(INDEX(Shifts!$I$8:$I$5007,Y15)),2))) | I15: =IF(R15=0,"",IF(R15>1,INDEX(Lang!$B$90:$B$92,R15-1),INDEX(Shifts!$C$8:$C$5007,Z15)&CHAR(10)&HOUR(INDEX(Shifts!$H$8:$H$5007,Z15))&":"&RIGHT("0"&MINUTE(INDEX(Shifts!$H$8:$H$5007,Z15)),2)&"–"&HOUR(INDEX(Shifts!$I$8:$I$5007,Z15))&":"&RIGHT("0"&MINUTE(INDEX(Shifts!$I$8:$I$5007,Z15)),2))) | J15: =IF(S15=0,"",IF(S15>1,INDEX(Lang!$B$90:$B$92,S15-1),INDEX(Shifts!$C$8:$C$5007,AA15)&CHAR(10)&HOUR(INDEX(Shifts!$H$8:$H$5007,AA15))&":"&RIGHT("0"&MINUTE(INDEX(Shifts!$H$8:$H$5007,AA15)),2)&"–"&HOUR(INDEX(Shifts!$I$8:$I$5007,AA15))&":"&RIGHT("0"&MINUTE(INDEX(Shifts!$I$8:$I$5007,AA15)),2))) | K15: =IF($B15="","",SUMIFS(Shifts!$G$8:$G$5007,Shifts!$B$8:$B$5007,$B15,Shifts!$A$8:$A$5007,">="&Calc!$B$10,Shifts!$A$8:$A$5007,"<"&Calc!$B$10+7)) | M15: =IF($B15="",0,IF(AC15>0,1+MAX(1,INDEX(Leave!$G:$G,AC15)),IF(U15>0,1,0))) | N15: =IF($B15="",0,IF(AD15>0,1+MAX(1,INDEX(Leave!$G:$G,AD15)),IF(V15>0,1,0))) | O15: =IF($B15="",0,IF(AE15>0,1+MAX(1,INDEX(Leave!$G:$G,AE15)),IF(W15>0,1,0))) | P15: =IF($B15="",0,IF(AF15>0,1+MAX(1,INDEX(Leave!$G:$G,AF15)),IF(X15>0,1,0))) | Q15: =IF($B15="",0,IF(AG15>0,1+MAX(1,INDEX(Leave!$G:$G,AG15)),IF(Y15>0,1,0))) | R15: =IF($B15="",0,IF(AH15>0,1+MAX(1,INDEX(Leave!$G:$G,AH15)),IF(Z15>0,1,0))) | S15: =IF($B15="",0,IF(AI15>0,1+MAX(1,INDEX(Leave!$G:$G,AI15)),IF(AA15>0,1,0))) | U15: =IF($B15="",0,IFERROR(MATCH($B15&"|"&M$7,Shifts!$K$8:$K$5007,0),0)) | V15: =IF($B15="",0,IFERROR(MATCH($B15&"|"&N$7,Shifts!$K$8:$K$5007,0),0)) | W15: =IF($B15="",0,IFERROR(MATCH($B15&"|"&O$7,Shifts!$K$8:$K$5007,0),0)) | X15: =IF($B15="",0,IFERROR(MATCH($B15&"|"&P$7,Shifts!$K$8:$K$5007,0),0)) | Y15: =IF($B15="",0,IFERROR(MATCH($B15&"|"&Q$7,Shifts!$K$8:$K$5007,0),0)) | Z15: =IF($B15="",0,IFERROR(MATCH($B15&"|"&R$7,Shifts!$K$8:$K$5007,0),0)) | AA15: =IF($B15="",0,IFERROR(MATCH($B15&"|"&S$7,Shifts!$K$8:$K$5007,0),0)) | AC15: =IF($B15="",0,SUMPRODUCT(MAX((Leave!$A$8:$A$507=$B15)*(Leave!$C$8:$C$507<=M$7)*(Leave!$D$8:$D$507>=M$7)*ROW(Leave!$A$8:$A$507)))) | AD15: =IF($B15="",0,SUMPRODUCT(MAX((Leave!$A$8:$A$507=$B15)*(Leave!$C$8:$C$507<=N$7)*(Leave!$D$8:$D$507>=N$7)*ROW(Leave!$A$8:$A$507)))) | AE15: =IF($B15="",0,SUMPRODUCT(MAX((Leave!$A$8:$A$507=$B15)*(Leave!$C$8:$C$507<=O$7)*(Leave!$D$8:$D$507>=O$7)*ROW(Leave!$A$8:$A$507)))) | AF15: =IF($B15="",0,SUMPRODUCT(MAX((Leave!$A$8:$A$507=$B15)*(Leave!$C$8:$C$507<=P$7)*(Leave!$D$8:$D$507>=P$7)*ROW(Leave!$A$8:$A$507)))) | AG15: =IF($B15="",0,SUMPRODUCT(MAX((Leave!$A$8:$A$507=$B15)*(Leave!$C$8:$C$507<=Q$7)*(Leave!$D$8:$D$507>=Q$7)*ROW(Leave!$A$8:$A$507)))) | AH15: =IF($B15="",0,SUMPRODUCT(MAX((Leave!$A$8:$A$507=$B15)*(Leave!$C$8:$C$507<=R$7)*(Leave!$D$8:$D$507>=R$7)*ROW(Leave!$A$8:$A$507)))) | AI15: =IF($B15="",0,SUMPRODUCT(MAX((Leave!$A$8:$A$507=$B15)*(Leave!$C$8:$C$507<=S$7)*(Leave!$D$8:$D$507>=S$7)*ROW(Leave!$A$8:$A$507))))
B16: =IF(Staff!$A$11="","",Staff!$A$11) | C16: =IF(Staff!$A$11="","",Staff!$B$11&"") | D16: =IF(M16=0,"",IF(M16>1,INDEX(Lang!$B$90:$B$92,M16-1),INDEX(Shifts!$C$8:$C$5007,U16)&CHAR(10)&HOUR(INDEX(Shifts!$H$8:$H$5007,U16))&":"&RIGHT("0"&MINUTE(INDEX(Shifts!$H$8:$H$5007,U16)),2)&"–"&HOUR(INDEX(Shifts!$I$8:$I$5007,U16))&":"&RIGHT("0"&MINUTE(INDEX(Shifts!$I$8:$I$5007,U16)),2))) | E16: =IF(N16=0,"",IF(N16>1,INDEX(Lang!$B$90:$B$92,N16-1),INDEX(Shifts!$C$8:$C$5007,V16)&CHAR(10)&HOUR(INDEX(Shifts!$H$8:$H$5007,V16))&":"&RIGHT("0"&MINUTE(INDEX(Shifts!$H$8:$H$5007,V16)),2)&"–"&HOUR(INDEX(Shifts!$I$8:$I$5007,V16))&":"&RIGHT("0"&MINUTE(INDEX(Shifts!$I$8:$I$5007,V16)),2))) | F16: =IF(O16=0,"",IF(O16>1,INDEX(Lang!$B$90:$B$92,O16-1),INDEX(Shifts!$C$8:$C$5007,W16)&CHAR(10)&HOUR(INDEX(Shifts!$H$8:$H$5007,W16))&":"&RIGHT("0"&MINUTE(INDEX(Shifts!$H$8:$H$5007,W16)),2)&"–"&HOUR(INDEX(Shifts!$I$8:$I$5007,W16))&":"&RIGHT("0"&MINUTE(INDEX(Shifts!$I$8:$I$5007,W16)),2))) | G16: =IF(P16=0,"",IF(P16>1,INDEX(Lang!$B$90:$B$92,P16-1),INDEX(Shifts!$C$8:$C$5007,X16)&CHAR(10)&HOUR(INDEX(Shifts!$H$8:$H$5007,X16))&":"&RIGHT("0"&MINUTE(INDEX(Shifts!$H$8:$H$5007,X16)),2)&"–"&HOUR(INDEX(Shifts!$I$8:$I$5007,X16))&":"&RIGHT("0"&MINUTE(INDEX(Shifts!$I$8:$I$5007,X16)),2))) | H16: =IF(Q16=0,"",IF(Q16>1,INDEX(Lang!$B$90:$B$92,Q16-1),INDEX(Shifts!$C$8:$C$5007,Y16)&CHAR(10)&HOUR(INDEX(Shifts!$H$8:$H$5007,Y16))&":"&RIGHT("0"&MINUTE(INDEX(Shifts!$H$8:$H$5007,Y16)),2)&"–"&HOUR(INDEX(Shifts!$I$8:$I$5007,Y16))&":"&RIGHT("0"&MINUTE(INDEX(Shifts!$I$8:$I$5007,Y16)),2))) | I16: =IF(R16=0,"",IF(R16>1,INDEX(Lang!$B$90:$B$92,R16-1),INDEX(Shifts!$C$8:$C$5007,Z16)&CHAR(10)&HOUR(INDEX(Shifts!$H$8:$H$5007,Z16))&":"&RIGHT("0"&MINUTE(INDEX(Shifts!$H$8:$H$5007,Z16)),2)&"–"&HOUR(INDEX(Shifts!$I$8:$I$5007,Z16))&":"&RIGHT("0"&MINUTE(INDEX(Shifts!$I$8:$I$5007,Z16)),2))) | J16: =IF(S16=0,"",IF(S16>1,INDEX(Lang!$B$90:$B$92,S16-1),INDEX(Shifts!$C$8:$C$5007,AA16)&CHAR(10)&HOUR(INDEX(Shifts!$H$8:$H$5007,AA16))&":"&RIGHT("0"&MINUTE(INDEX(Shifts!$H$8:$H$5007,AA16)),2)&"–"&HOUR(INDEX(Shifts!$I$8:$I$5007,AA16))&":"&RIGHT("0"&MINUTE(INDEX(Shifts!$I$8:$I$5007,AA16)),2))) | K16: =IF($B16="","",SUMIFS(Shifts!$G$8:$G$5007,Shifts!$B$8:$B$5007,$B16,Shifts!$A$8:$A$5007,">="&Calc!$B$10,Shifts!$A$8:$A$5007,"<"&Calc!$B$10+7)) | M16: =IF($B16="",0,IF(AC16>0,1+MAX(1,INDEX(Leave!$G:$G,AC16)),IF(U16>0,1,0))) | N16: =IF($B16="",0,IF(AD16>0,1+MAX(1,INDEX(Leave!$G:$G,AD16)),IF(V16>0,1,0))) | O16: =IF($B16="",0,IF(AE16>0,1+MAX(1,INDEX(Leave!$G:$G,AE16)),IF(W16>0,1,0))) | P16: =IF($B16="",0,IF(AF16>0,1+MAX(1,INDEX(Leave!$G:$G,AF16)),IF(X16>0,1,0))) | Q16: =IF($B16="",0,IF(AG16>0,1+MAX(1,INDEX(Leave!$G:$G,AG16)),IF(Y16>0,1,0))) | R16: =IF($B16="",0,IF(AH16>0,1+MAX(1,INDEX(Leave!$G:$G,AH16)),IF(Z16>0,1,0))) | S16: =IF($B16="",0,IF(AI16>0,1+MAX(1,INDEX(Leave!$G:$G,AI16)),IF(AA16>0,1,0))) | U16: =IF($B16="",0,IFERROR(MATCH($B16&"|"&M$7,Shifts!$K$8:$K$5007,0),0)) | V16: =IF($B16="",0,IFERROR(MATCH($B16&"|"&N$7,Shifts!$K$8:$K$5007,0),0)) | W16: =IF($B16="",0,IFERROR(MATCH($B16&"|"&O$7,Shifts!$K$8:$K$5007,0),0)) | X16: =IF($B16="",0,IFERROR(MATCH($B16&"|"&P$7,Shifts!$K$8:$K$5007,0),0)) | Y16: =IF($B16="",0,IFERROR(MATCH($B16&"|"&Q$7,Shifts!$K$8:$K$5007,0),0)) | Z16: =IF($B16="",0,IFERROR(MATCH($B16&"|"&R$7,Shifts!$K$8:$K$5007,0),0)) | AA16: =IF($B16="",0,IFERROR(MATCH($B16&"|"&S$7,Shifts!$K$8:$K$5007,0),0)) | AC16: =IF($B16="",0,SUMPRODUCT(MAX((Leave!$A$8:$A$507=$B16)*(Leave!$C$8:$C$507<=M$7)*(Leave!$D$8:$D$507>=M$7)*ROW(Leave!$A$8:$A$507)))) | AD16: =IF($B16="",0,SUMPRODUCT(MAX((Leave!$A$8:$A$507=$B16)*(Leave!$C$8:$C$507<=N$7)*(Leave!$D$8:$D$507>=N$7)*ROW(Leave!$A$8:$A$507)))) | AE16: =IF($B16="",0,SUMPRODUCT(MAX((Leave!$A$8:$A$507=$B16)*(Leave!$C$8:$C$507<=O$7)*(Leave!$D$8:$D$507>=O$7)*ROW(Leave!$A$8:$A$507)))) | AF16: =IF($B16="",0,SUMPRODUCT(MAX((Leave!$A$8:$A$507=$B16)*(Leave!$C$8:$C$507<=P$7)*(Leave!$D$8:$D$507>=P$7)*ROW(Leave!$A$8:$A$507)))) | AG16: =IF($B16="",0,SUMPRODUCT(MAX((Leave!$A$8:$A$507=$B16)*(Leave!$C$8:$C$507<=Q$7)*(Leave!$D$8:$D$507>=Q$7)*ROW(Leave!$A$8:$A$507)))) | AH16: =IF($B16="",0,SUMPRODUCT(MAX((Leave!$A$8:$A$507=$B16)*(Leave!$C$8:$C$507<=R$7)*(Leave!$D$8:$D$507>=R$7)*ROW(Leave!$A$8:$A$507)))) | AI16: =IF($B16="",0,SUMPRODUCT(MAX((Leave!$A$8:$A$507=$B16)*(Leave!$C$8:$C$507<=S$7)*(Leave!$D$8:$D$507>=S$7)*ROW(Leave!$A$8:$A$507))))
B17: =IF(Staff!$A$12="","",Staff!$A$12) | C17: =IF(Staff!$A$12="","",Staff!$B$12&"") | D17: =IF(M17=0,"",IF(M17>1,INDEX(Lang!$B$90:$B$92,M17-1),INDEX(Shifts!$C$8:$C$5007,U17)&CHAR(10)&HOUR(INDEX(Shifts!$H$8:$H$5007,U17))&":"&RIGHT("0"&MINUTE(INDEX(Shifts!$H$8:$H$5007,U17)),2)&"–"&HOUR(INDEX(Shifts!$I$8:$I$5007,U17))&":"&RIGHT("0"&MINUTE(INDEX(Shifts!$I$8:$I$5007,U17)),2))) | E17: =IF(N17=0,"",IF(N17>1,INDEX(Lang!$B$90:$B$92,N17-1),INDEX(Shifts!$C$8:$C$5007,V17)&CHAR(10)&HOUR(INDEX(Shifts!$H$8:$H$5007,V17))&":"&RIGHT("0"&MINUTE(INDEX(Shifts!$H$8:$H$5007,V17)),2)&"–"&HOUR(INDEX(Shifts!$I$8:$I$5007,V17))&":"&RIGHT("0"&MINUTE(INDEX(Shifts!$I$8:$I$5007,V17)),2))) | F17: =IF(O17=0,"",IF(O17>1,INDEX(Lang!$B$90:$B$92,O17-1),INDEX(Shifts!$C$8:$C$5007,W17)&CHAR(10)&HOUR(INDEX(Shifts!$H$8:$H$5007,W17))&":"&RIGHT("0"&MINUTE(INDEX(Shifts!$H$8:$H$5007,W17)),2)&"–"&HOUR(INDEX(Shifts!$I$8:$I$5007,W17))&":"&RIGHT("0"&MINUTE(INDEX(Shifts!$I$8:$I$5007,W17)),2))) | G17: =IF(P17=0,"",IF(P17>1,INDEX(Lang!$B$90:$B$92,P17-1),INDEX(Shifts!$C$8:$C$5007,X17)&CHAR(10)&HOUR(INDEX(Shifts!$H$8:$H$5007,X17))&":"&RIGHT("0"&MINUTE(INDEX(Shifts!$H$8:$H$5007,X17)),2)&"–"&HOUR(INDEX(Shifts!$I$8:$I$5007,X17))&":"&RIGHT("0"&MINUTE(INDEX(Shifts!$I$8:$I$5007,X17)),2))) | H17: =IF(Q17=0,"",IF(Q17>1,INDEX(Lang!$B$90:$B$92,Q17-1),INDEX(Shifts!$C$8:$C$5007,Y17)&CHAR(10)&HOUR(INDEX(Shifts!$H$8:$H$5007,Y17))&":"&RIGHT("0"&MINUTE(INDEX(Shifts!$H$8:$H$5007,Y17)),2)&"–"&HOUR(INDEX(Shifts!$I$8:$I$5007,Y17))&":"&RIGHT("0"&MINUTE(INDEX(Shifts!$I$8:$I$5007,Y17)),2))) | I17: =IF(R17=0,"",IF(R17>1,INDEX(Lang!$B$90:$B$92,R17-1),INDEX(Shifts!$C$8:$C$5007,Z17)&CHAR(10)&HOUR(INDEX(Shifts!$H$8:$H$5007,Z17))&":"&RIGHT("0"&MINUTE(INDEX(Shifts!$H$8:$H$5007,Z17)),2)&"–"&HOUR(INDEX(Shifts!$I$8:$I$5007,Z17))&":"&RIGHT("0"&MINUTE(INDEX(Shifts!$I$8:$I$5007,Z17)),2))) | J17: =IF(S17=0,"",IF(S17>1,INDEX(Lang!$B$90:$B$92,S17-1),INDEX(Shifts!$C$8:$C$5007,AA17)&CHAR(10)&HOUR(INDEX(Shifts!$H$8:$H$5007,AA17))&":"&RIGHT("0"&MINUTE(INDEX(Shifts!$H$8:$H$5007,AA17)),2)&"–"&HOUR(INDEX(Shifts!$I$8:$I$5007,AA17))&":"&RIGHT("0"&MINUTE(INDEX(Shifts!$I$8:$I$5007,AA17)),2))) | K17: =IF($B17="","",SUMIFS(Shifts!$G$8:$G$5007,Shifts!$B$8:$B$5007,$B17,Shifts!$A$8:$A$5007,">="&Calc!$B$10,Shifts!$A$8:$A$5007,"<"&Calc!$B$10+7)) | M17: =IF($B17="",0,IF(AC17>0,1+MAX(1,INDEX(Leave!$G:$G,AC17)),IF(U17>0,1,0))) | N17: =IF($B17="",0,IF(AD17>0,1+MAX(1,INDEX(Leave!$G:$G,AD17)),IF(V17>0,1,0))) | O17: =IF($B17="",0,IF(AE17>0,1+MAX(1,INDEX(Leave!$G:$G,AE17)),IF(W17>0,1,0))) | P17: =IF($B17="",0,IF(AF17>0,1+MAX(1,INDEX(Leave!$G:$G,AF17)),IF(X17>0,1,0))) | Q17: =IF($B17="",0,IF(AG17>0,1+MAX(1,INDEX(Leave!$G:$G,AG17)),IF(Y17>0,1,0))) | R17: =IF($B17="",0,IF(AH17>0,1+MAX(1,INDEX(Leave!$G:$G,AH17)),IF(Z17>0,1,0))) | S17: =IF($B17="",0,IF(AI17>0,1+MAX(1,INDEX(Leave!$G:$G,AI17)),IF(AA17>0,1,0))) | U17: =IF($B17="",0,IFERROR(MATCH($B17&"|"&M$7,Shifts!$K$8:$K$5007,0),0)) | V17: =IF($B17="",0,IFERROR(MATCH($B17&"|"&N$7,Shifts!$K$8:$K$5007,0),0)) | W17: =IF($B17="",0,IFERROR(MATCH($B17&"|"&O$7,Shifts!$K$8:$K$5007,0),0)) | X17: =IF($B17="",0,IFERROR(MATCH($B17&"|"&P$7,Shifts!$K$8:$K$5007,0),0)) | Y17: =IF($B17="",0,IFERROR(MATCH($B17&"|"&Q$7,Shifts!$K$8:$K$5007,0),0)) | Z17: =IF($B17="",0,IFERROR(MATCH($B17&"|"&R$7,Shifts!$K$8:$K$5007,0),0)) | AA17: =IF($B17="",0,IFERROR(MATCH($B17&"|"&S$7,Shifts!$K$8:$K$5007,0),0)) | AC17: =IF($B17="",0,SUMPRODUCT(MAX((Leave!$A$8:$A$507=$B17)*(Leave!$C$8:$C$507<=M$7)*(Leave!$D$8:$D$507>=M$7)*ROW(Leave!$A$8:$A$507)))) | AD17: =IF($B17="",0,SUMPRODUCT(MAX((Leave!$A$8:$A$507=$B17)*(Leave!$C$8:$C$507<=N$7)*(Leave!$D$8:$D$507>=N$7)*ROW(Leave!$A$8:$A$507)))) | AE17: =IF($B17="",0,SUMPRODUCT(MAX((Leave!$A$8:$A$507=$B17)*(Leave!$C$8:$C$507<=O$7)*(Leave!$D$8:$D$507>=O$7)*ROW(Leave!$A$8:$A$507)))) | AF17: =IF($B17="",0,SUMPRODUCT(MAX((Leave!$A$8:$A$507=$B17)*(Leave!$C$8:$C$507<=P$7)*(Leave!$D$8:$D$507>=P$7)*ROW(Leave!$A$8:$A$507)))) | AG17: =IF($B17="",0,SUMPRODUCT(MAX((Leave!$A$8:$A$507=$B17)*(Leave!$C$8:$C$507<=Q$7)*(Leave!$D$8:$D$507>=Q$7)*ROW(Leave!$A$8:$A$507)))) | AH17: =IF($B17="",0,SUMPRODUCT(MAX((Leave!$A$8:$A$507=$B17)*(Leave!$C$8:$C$507<=R$7)*(Leave!$D$8:$D$507>=R$7)*ROW(Leave!$A$8:$A$507)))) | AI17: =IF($B17="",0,SUMPRODUCT(MAX((Leave!$A$8:$A$507=$B17)*(Leave!$C$8:$C$507<=S$7)*(Leave!$D$8:$D$507>=S$7)*ROW(Leave!$A$8:$A$507))))
B18: =IF(Staff!$A$13="","",Staff!$A$13) | C18: =IF(Staff!$A$13="","",Staff!$B$13&"") | D18: =IF(M18=0,"",IF(M18>1,INDEX(Lang!$B$90:$B$92,M18-1),INDEX(Shifts!$C$8:$C$5007,U18)&CHAR(10)&HOUR(INDEX(Shifts!$H$8:$H$5007,U18))&":"&RIGHT("0"&MINUTE(INDEX(Shifts!$H$8:$H$5007,U18)),2)&"–"&HOUR(INDEX(Shifts!$I$8:$I$5007,U18))&":"&RIGHT("0"&MINUTE(INDEX(Shifts!$I$8:$I$5007,U18)),2))) | E18: =IF(N18=0,"",IF(N18>1,INDEX(Lang!$B$90:$B$92,N18-1),INDEX(Shifts!$C$8:$C$5007,V18)&CHAR(10)&HOUR(INDEX(Shifts!$H$8:$H$5007,V18))&":"&RIGHT("0"&MINUTE(INDEX(Shifts!$H$8:$H$5007,V18)),2)&"–"&HOUR(INDEX(Shifts!$I$8:$I$5007,V18))&":"&RIGHT("0"&MINUTE(INDEX(Shifts!$I$8:$I$5007,V18)),2))) | F18: =IF(O18=0,"",IF(O18>1,INDEX(Lang!$B$90:$B$92,O18-1),INDEX(Shifts!$C$8:$C$5007,W18)&CHAR(10)&HOUR(INDEX(Shifts!$H$8:$H$5007,W18))&":"&RIGHT("0"&MINUTE(INDEX(Shifts!$H$8:$H$5007,W18)),2)&"–"&HOUR(INDEX(Shifts!$I$8:$I$5007,W18))&":"&RIGHT("0"&MINUTE(INDEX(Shifts!$I$8:$I$5007,W18)),2))) | G18: =IF(P18=0,"",IF(P18>1,INDEX(Lang!$B$90:$B$92,P18-1),INDEX(Shifts!$C$8:$C$5007,X18)&CHAR(10)&HOUR(INDEX(Shifts!$H$8:$H$5007,X18))&":"&RIGHT("0"&MINUTE(INDEX(Shifts!$H$8:$H$5007,X18)),2)&"–"&HOUR(INDEX(Shifts!$I$8:$I$5007,X18))&":"&RIGHT("0"&MINUTE(INDEX(Shifts!$I$8:$I$5007,X18)),2))) | H18: =IF(Q18=0,"",IF(Q18>1,INDEX(Lang!$B$90:$B$92,Q18-1),INDEX(Shifts!$C$8:$C$5007,Y18)&CHAR(10)&HOUR(INDEX(Shifts!$H$8:$H$5007,Y18))&":"&RIGHT("0"&MINUTE(INDEX(Shifts!$H$8:$H$5007,Y18)),2)&"–"&HOUR(INDEX(Shifts!$I$8:$I$5007,Y18))&":"&RIGHT("0"&MINUTE(INDEX(Shifts!$I$8:$I$5007,Y18)),2))) | I18: =IF(R18=0,"",IF(R18>1,INDEX(Lang!$B$90:$B$92,R18-1),INDEX(Shifts!$C$8:$C$5007,Z18)&CHAR(10)&HOUR(INDEX(Shifts!$H$8:$H$5007,Z18))&":"&RIGHT("0"&MINUTE(INDEX(Shifts!$H$8:$H$5007,Z18)),2)&"–"&HOUR(INDEX(Shifts!$I$8:$I$5007,Z18))&":"&RIGHT("0"&MINUTE(INDEX(Shifts!$I$8:$I$5007,Z18)),2))) | J18: =IF(S18=0,"",IF(S18>1,INDEX(Lang!$B$90:$B$92,S18-1),INDEX(Shifts!$C$8:$C$5007,AA18)&CHAR(10)&HOUR(INDEX(Shifts!$H$8:$H$5007,AA18))&":"&RIGHT("0"&MINUTE(INDEX(Shifts!$H$8:$H$5007,AA18)),2)&"–"&HOUR(INDEX(Shifts!$I$8:$I$5007,AA18))&":"&RIGHT("0"&MINUTE(INDEX(Shifts!$I$8:$I$5007,AA18)),2))) | K18: =IF($B18="","",SUMIFS(Shifts!$G$8:$G$5007,Shifts!$B$8:$B$5007,$B18,Shifts!$A$8:$A$5007,">="&Calc!$B$10,Shifts!$A$8:$A$5007,"<"&Calc!$B$10+7)) | M18: =IF($B18="",0,IF(AC18>0,1+MAX(1,INDEX(Leave!$G:$G,AC18)),IF(U18>0,1,0))) | N18: =IF($B18="",0,IF(AD18>0,1+MAX(1,INDEX(Leave!$G:$G,AD18)),IF(V18>0,1,0))) | O18: =IF($B18="",0,IF(AE18>0,1+MAX(1,INDEX(Leave!$G:$G,AE18)),IF(W18>0,1,0))) | P18: =IF($B18="",0,IF(AF18>0,1+MAX(1,INDEX(Leave!$G:$G,AF18)),IF(X18>0,1,0))) | Q18: =IF($B18="",0,IF(AG18>0,1+MAX(1,INDEX(Leave!$G:$G,AG18)),IF(Y18>0,1,0))) | R18: =IF($B18="",0,IF(AH18>0,1+MAX(1,INDEX(Leave!$G:$G,AH18)),IF(Z18>0,1,0))) | S18: =IF($B18="",0,IF(AI18>0,1+MAX(1,INDEX(Leave!$G:$G,AI18)),IF(AA18>0,1,0))) | U18: =IF($B18="",0,IFERROR(MATCH($B18&"|"&M$7,Shifts!$K$8:$K$5007,0),0)) | V18: =IF($B18="",0,IFERROR(MATCH($B18&"|"&N$7,Shifts!$K$8:$K$5007,0),0)) | W18: =IF($B18="",0,IFERROR(MATCH($B18&"|"&O$7,Shifts!$K$8:$K$5007,0),0)) | X18: =IF($B18="",0,IFERROR(MATCH($B18&"|"&P$7,Shifts!$K$8:$K$5007,0),0)) | Y18: =IF($B18="",0,IFERROR(MATCH($B18&"|"&Q$7,Shifts!$K$8:$K$5007,0),0)) | Z18: =IF($B18="",0,IFERROR(MATCH($B18&"|"&R$7,Shifts!$K$8:$K$5007,0),0)) | AA18: =IF($B18="",0,IFERROR(MATCH($B18&"|"&S$7,Shifts!$K$8:$K$5007,0),0)) | AC18: =IF($B18="",0,SUMPRODUCT(MAX((Leave!$A$8:$A$507=$B18)*(Leave!$C$8:$C$507<=M$7)*(Leave!$D$8:$D$507>=M$7)*ROW(Leave!$A$8:$A$507)))) | AD18: =IF($B18="",0,SUMPRODUCT(MAX((Leave!$A$8:$A$507=$B18)*(Leave!$C$8:$C$507<=N$7)*(Leave!$D$8:$D$507>=N$7)*ROW(Leave!$A$8:$A$507)))) | AE18: =IF($B18="",0,SUMPRODUCT(MAX((Leave!$A$8:$A$507=$B18)*(Leave!$C$8:$C$507<=O$7)*(Leave!$D$8:$D$507>=O$7)*ROW(Leave!$A$8:$A$507)))) | AF18: =IF($B18="",0,SUMPRODUCT(MAX((Leave!$A$8:$A$507=$B18)*(Leave!$C$8:$C$507<=P$7)*(Leave!$D$8:$D$507>=P$7)*ROW(Leave!$A$8:$A$507)))) | AG18: =IF($B18="",0,SUMPRODUCT(MAX((Leave!$A$8:$A$507=$B18)*(Leave!$C$8:$C$507<=Q$7)*(Leave!$D$8:$D$507>=Q$7)*ROW(Leave!$A$8:$A$507)))) | AH18: =IF($B18="",0,SUMPRODUCT(MAX((Leave!$A$8:$A$507=$B18)*(Leave!$C$8:$C$507<=R$7)*(Leave!$D$8:$D$507>=R$7)*ROW(Leave!$A$8:$A$507)))) | AI18: =IF($B18="",0,SUMPRODUCT(MAX((Leave!$A$8:$A$507=$B18)*(Leave!$C$8:$C$507<=S$7)*(Leave!$D$8:$D$507>=S$7)*ROW(Leave!$A$8:$A$507))))
B19: =IF(Staff!$A$14="","",Staff!$A$14) | C19: =IF(Staff!$A$14="","",Staff!$B$14&"") | D19: =IF(M19=0,"",IF(M19>1,INDEX(Lang!$B$90:$B$92,M19-1),INDEX(Shifts!$C$8:$C$5007,U19)&CHAR(10)&HOUR(INDEX(Shifts!$H$8:$H$5007,U19))&":"&RIGHT("0"&MINUTE(INDEX(Shifts!$H$8:$H$5007,U19)),2)&"–"&HOUR(INDEX(Shifts!$I$8:$I$5007,U19))&":"&RIGHT("0"&MINUTE(INDEX(Shifts!$I$8:$I$5007,U19)),2))) | E19: =IF(N19=0,"",IF(N19>1,INDEX(Lang!$B$90:$B$92,N19-1),INDEX(Shifts!$C$8:$C$5007,V19)&CHAR(10)&HOUR(INDEX(Shifts!$H$8:$H$5007,V19))&":"&RIGHT("0"&MINUTE(INDEX(Shifts!$H$8:$H$5007,V19)),2)&"–"&HOUR(INDEX(Shifts!$I$8:$I$5007,V19))&":"&RIGHT("0"&MINUTE(INDEX(Shifts!$I$8:$I$5007,V19)),2))) | F19: =IF(O19=0,"",IF(O19>1,INDEX(Lang!$B$90:$B$92,O19-1),INDEX(Shifts!$C$8:$C$5007,W19)&CHAR(10)&HOUR(INDEX(Shifts!$H$8:$H$5007,W19))&":"&RIGHT("0"&MINUTE(INDEX(Shifts!$H$8:$H$5007,W19)),2)&"–"&HOUR(INDEX(Shifts!$I$8:$I$5007,W19))&":"&RIGHT("0"&MINUTE(INDEX(Shifts!$I$8:$I$5007,W19)),2))) | G19: =IF(P19=0,"",IF(P19>1,INDEX(Lang!$B$90:$B$92,P19-1),INDEX(Shifts!$C$8:$C$5007,X19)&CHAR(10)&HOUR(INDEX(Shifts!$H$8:$H$5007,X19))&":"&RIGHT("0"&MINUTE(INDEX(Shifts!$H$8:$H$5007,X19)),2)&"–"&HOUR(INDEX(Shifts!$I$8:$I$5007,X19))&":"&RIGHT("0"&MINUTE(INDEX(Shifts!$I$8:$I$5007,X19)),2))) | H19: =IF(Q19=0,"",IF(Q19>1,INDEX(Lang!$B$90:$B$92,Q19-1),INDEX(Shifts!$C$8:$C$5007,Y19)&CHAR(10)&HOUR(INDEX(Shifts!$H$8:$H$5007,Y19))&":"&RIGHT("0"&MINUTE(INDEX(Shifts!$H$8:$H$5007,Y19)),2)&"–"&HOUR(INDEX(Shifts!$I$8:$I$5007,Y19))&":"&RIGHT("0"&MINUTE(INDEX(Shifts!$I$8:$I$5007,Y19)),2))) | I19: =IF(R19=0,"",IF(R19>1,INDEX(Lang!$B$90:$B$92,R19-1),INDEX(Shifts!$C$8:$C$5007,Z19)&CHAR(10)&HOUR(INDEX(Shifts!$H$8:$H$5007,Z19))&":"&RIGHT("0"&MINUTE(INDEX(Shifts!$H$8:$H$5007,Z19)),2)&"–"&HOUR(INDEX(Shifts!$I$8:$I$5007,Z19))&":"&RIGHT("0"&MINUTE(INDEX(Shifts!$I$8:$I$5007,Z19)),2))) | J19: =IF(S19=0,"",IF(S19>1,INDEX(Lang!$B$90:$B$92,S19-1),INDEX(Shifts!$C$8:$C$5007,AA19)&CHAR(10)&HOUR(INDEX(Shifts!$H$8:$H$5007,AA19))&":"&RIGHT("0"&MINUTE(INDEX(Shifts!$H$8:$H$5007,AA19)),2)&"–"&HOUR(INDEX(Shifts!$I$8:$I$5007,AA19))&":"&RIGHT("0"&MINUTE(INDEX(Shifts!$I$8:$I$5007,AA19)),2))) | K19: =IF($B19="","",SUMIFS(Shifts!$G$8:$G$5007,Shifts!$B$8:$B$5007,$B19,Shifts!$A$8:$A$5007,">="&Calc!$B$10,Shifts!$A$8:$A$5007,"<"&Calc!$B$10+7)) | M19: =IF($B19="",0,IF(AC19>0,1+MAX(1,INDEX(Leave!$G:$G,AC19)),IF(U19>0,1,0))) | N19: =IF($B19="",0,IF(AD19>0,1+MAX(1,INDEX(Leave!$G:$G,AD19)),IF(V19>0,1,0))) | O19: =IF($B19="",0,IF(AE19>0,1+MAX(1,INDEX(Leave!$G:$G,AE19)),IF(W19>0,1,0))) | P19: =IF($B19="",0,IF(AF19>0,1+MAX(1,INDEX(Leave!$G:$G,AF19)),IF(X19>0,1,0))) | Q19: =IF($B19="",0,IF(AG19>0,1+MAX(1,INDEX(Leave!$G:$G,AG19)),IF(Y19>0,1,0))) | R19: =IF($B19="",0,IF(AH19>0,1+MAX(1,INDEX(Leave!$G:$G,AH19)),IF(Z19>0,1,0))) | S19: =IF($B19="",0,IF(AI19>0,1+MAX(1,INDEX(Leave!$G:$G,AI19)),IF(AA19>0,1,0))) | U19: =IF($B19="",0,IFERROR(MATCH($B19&"|"&M$7,Shifts!$K$8:$K$5007,0),0)) | V19: =IF($B19="",0,IFERROR(MATCH($B19&"|"&N$7,Shifts!$K$8:$K$5007,0),0)) | W19: =IF($B19="",0,IFERROR(MATCH($B19&"|"&O$7,Shifts!$K$8:$K$5007,0),0)) | X19: =IF($B19="",0,IFERROR(MATCH($B19&"|"&P$7,Shifts!$K$8:$K$5007,0),0)) | Y19: =IF($B19="",0,IFERROR(MATCH($B19&"|"&Q$7,Shifts!$K$8:$K$5007,0),0)) | Z19: =IF($B19="",0,IFERROR(MATCH($B19&"|"&R$7,Shifts!$K$8:$K$5007,0),0)) | AA19: =IF($B19="",0,IFERROR(MATCH($B19&"|"&S$7,Shifts!$K$8:$K$5007,0),0)) | AC19: =IF($B19="",0,SUMPRODUCT(MAX((Leave!$A$8:$A$507=$B19)*(Leave!$C$8:$C$507<=M$7)*(Leave!$D$8:$D$507>=M$7)*ROW(Leave!$A$8:$A$507)))) | AD19: =IF($B19="",0,SUMPRODUCT(MAX((Leave!$A$8:$A$507=$B19)*(Leave!$C$8:$C$507<=N$7)*(Leave!$D$8:$D$507>=N$7)*ROW(Leave!$A$8:$A$507)))) | AE19: =IF($B19="",0,SUMPRODUCT(MAX((Leave!$A$8:$A$507=$B19)*(Leave!$C$8:$C$507<=O$7)*(Leave!$D$8:$D$507>=O$7)*ROW(Leave!$A$8:$A$507)))) | AF19: =IF($B19="",0,SUMPRODUCT(MAX((Leave!$A$8:$A$507=$B19)*(Leave!$C$8:$C$507<=P$7)*(Leave!$D$8:$D$507>=P$7)*ROW(Leave!$A$8:$A$507)))) | AG19: =IF($B19="",0,SUMPRODUCT(MAX((Leave!$A$8:$A$507=$B19)*(Leave!$C$8:$C$507<=Q$7)*(Leave!$D$8:$D$507>=Q$7)*ROW(Leave!$A$8:$A$507)))) | AH19: =IF($B19="",0,SUMPRODUCT(MAX((Leave!$A$8:$A$507=$B19)*(Leave!$C$8:$C$507<=R$7)*(Leave!$D$8:$D$507>=R$7)*ROW(Leave!$A$8:$A$507)))) | AI19: =IF($B19="",0,SUMPRODUCT(MAX((Leave!$A$8:$A$507=$B19)*(Leave!$C$8:$C$507<=S$7)*(Leave!$D$8:$D$507>=S$7)*ROW(Leave!$A$8:$A$507))))
B20: =IF(Staff!$A$15="","",Staff!$A$15) | C20: =IF(Staff!$A$15="","",Staff!$B$15&"") | D20: =IF(M20=0,"",IF(M20>1,INDEX(Lang!$B$90:$B$92,M20-1),INDEX(Shifts!$C$8:$C$5007,U20)&CHAR(10)&HOUR(INDEX(Shifts!$H$8:$H$5007,U20))&":"&RIGHT("0"&MINUTE(INDEX(Shifts!$H$8:$H$5007,U20)),2)&"–"&HOUR(INDEX(Shifts!$I$8:$I$5007,U20))&":"&RIGHT("0"&MINUTE(INDEX(Shifts!$I$8:$I$5007,U20)),2))) | E20: =IF(N20=0,"",IF(N20>1,INDEX(Lang!$B$90:$B$92,N20-1),INDEX(Shifts!$C$8:$C$5007,V20)&CHAR(10)&HOUR(INDEX(Shifts!$H$8:$H$5007,V20))&":"&RIGHT("0"&MINUTE(INDEX(Shifts!$H$8:$H$5007,V20)),2)&"–"&HOUR(INDEX(Shifts!$I$8:$I$5007,V20))&":"&RIGHT("0"&MINUTE(INDEX(Shifts!$I$8:$I$5007,V20)),2))) | F20: =IF(O20=0,"",IF(O20>1,INDEX(Lang!$B$90:$B$92,O20-1),INDEX(Shifts!$C$8:$C$5007,W20)&CHAR(10)&HOUR(INDEX(Shifts!$H$8:$H$5007,W20))&":"&RIGHT("0"&MINUTE(INDEX(Shifts!$H$8:$H$5007,W20)),2)&"–"&HOUR(INDEX(Shifts!$I$8:$I$5007,W20))&":"&RIGHT("0"&MINUTE(INDEX(Shifts!$I$8:$I$5007,W20)),2))) | G20: =IF(P20=0,"",IF(P20>1,INDEX(Lang!$B$90:$B$92,P20-1),INDEX(Shifts!$C$8:$C$5007,X20)&CHAR(10)&HOUR(INDEX(Shifts!$H$8:$H$5007,X20))&":"&RIGHT("0"&MINUTE(INDEX(Shifts!$H$8:$H$5007,X20)),2)&"–"&HOUR(INDEX(Shifts!$I$8:$I$5007,X20))&":"&RIGHT("0"&MINUTE(INDEX(Shifts!$I$8:$I$5007,X20)),2))) | H20: =IF(Q20=0,"",IF(Q20>1,INDEX(Lang!$B$90:$B$92,Q20-1),INDEX(Shifts!$C$8:$C$5007,Y20)&CHAR(10)&HOUR(INDEX(Shifts!$H$8:$H$5007,Y20))&":"&RIGHT("0"&MINUTE(INDEX(Shifts!$H$8:$H$5007,Y20)),2)&"–"&HOUR(INDEX(Shifts!$I$8:$I$5007,Y20))&":"&RIGHT("0"&MINUTE(INDEX(Shifts!$I$8:$I$5007,Y20)),2))) | I20: =IF(R20=0,"",IF(R20>1,INDEX(Lang!$B$90:$B$92,R20-1),INDEX(Shifts!$C$8:$C$5007,Z20)&CHAR(10)&HOUR(INDEX(Shifts!$H$8:$H$5007,Z20))&":"&RIGHT("0"&MINUTE(INDEX(Shifts!$H$8:$H$5007,Z20)),2)&"–"&HOUR(INDEX(Shifts!$I$8:$I$5007,Z20))&":"&RIGHT("0"&MINUTE(INDEX(Shifts!$I$8:$I$5007,Z20)),2))) | J20: =IF(S20=0,"",IF(S20>1,INDEX(Lang!$B$90:$B$92,S20-1),INDEX(Shifts!$C$8:$C$5007,AA20)&CHAR(10)&HOUR(INDEX(Shifts!$H$8:$H$5007,AA20))&":"&RIGHT("0"&MINUTE(INDEX(Shifts!$H$8:$H$5007,AA20)),2)&"–"&HOUR(INDEX(Shifts!$I$8:$I$5007,AA20))&":"&RIGHT("0"&MINUTE(INDEX(Shifts!$I$8:$I$5007,AA20)),2))) | K20: =IF($B20="","",SUMIFS(Shifts!$G$8:$G$5007,Shifts!$B$8:$B$5007,$B20,Shifts!$A$8:$A$5007,">="&Calc!$B$10,Shifts!$A$8:$A$5007,"<"&Calc!$B$10+7)) | M20: =IF($B20="",0,IF(AC20>0,1+MAX(1,INDEX(Leave!$G:$G,AC20)),IF(U20>0,1,0))) | N20: =IF($B20="",0,IF(AD20>0,1+MAX(1,INDEX(Leave!$G:$G,AD20)),IF(V20>0,1,0))) | O20: =IF($B20="",0,IF(AE20>0,1+MAX(1,INDEX(Leave!$G:$G,AE20)),IF(W20>0,1,0))) | P20: =IF($B20="",0,IF(AF20>0,1+MAX(1,INDEX(Leave!$G:$G,AF20)),IF(X20>0,1,0))) | Q20: =IF($B20="",0,IF(AG20>0,1+MAX(1,INDEX(Leave!$G:$G,AG20)),IF(Y20>0,1,0))) | R20: =IF($B20="",0,IF(AH20>0,1+MAX(1,INDEX(Leave!$G:$G,AH20)),IF(Z20>0,1,0))) | S20: =IF($B20="",0,IF(AI20>0,1+MAX(1,INDEX(Leave!$G:$G,AI20)),IF(AA20>0,1,0))) | U20: =IF($B20="",0,IFERROR(MATCH($B20&"|"&M$7,Shifts!$K$8:$K$5007,0),0)) | V20: =IF($B20="",0,IFERROR(MATCH($B20&"|"&N$7,Shifts!$K$8:$K$5007,0),0)) | W20: =IF($B20="",0,IFERROR(MATCH($B20&"|"&O$7,Shifts!$K$8:$K$5007,0),0)) | X20: =IF($B20="",0,IFERROR(MATCH($B20&"|"&P$7,Shifts!$K$8:$K$5007,0),0)) | Y20: =IF($B20="",0,IFERROR(MATCH($B20&"|"&Q$7,Shifts!$K$8:$K$5007,0),0)) | Z20: =IF($B20="",0,IFERROR(MATCH($B20&"|"&R$7,Shifts!$K$8:$K$5007,0),0)) | AA20: =IF($B20="",0,IFERROR(MATCH($B20&"|"&S$7,Shifts!$K$8:$K$5007,0),0)) | AC20: =IF($B20="",0,SUMPRODUCT(MAX((Leave!$A$8:$A$507=$B20)*(Leave!$C$8:$C$507<=M$7)*(Leave!$D$8:$D$507>=M$7)*ROW(Leave!$A$8:$A$507)))) | AD20: =IF($B20="",0,SUMPRODUCT(MAX((Leave!$A$8:$A$507=$B20)*(Leave!$C$8:$C$507<=N$7)*(Leave!$D$8:$D$507>=N$7)*ROW(Leave!$A$8:$A$507)))) | AE20: =IF($B20="",0,SUMPRODUCT(MAX((Leave!$A$8:$A$507=$B20)*(Leave!$C$8:$C$507<=O$7)*(Leave!$D$8:$D$507>=O$7)*ROW(Leave!$A$8:$A$507)))) | AF20: =IF($B20="",0,SUMPRODUCT(MAX((Leave!$A$8:$A$507=$B20)*(Leave!$C$8:$C$507<=P$7)*(Leave!$D$8:$D$507>=P$7)*ROW(Leave!$A$8:$A$507)))) | AG20: =IF($B20="",0,SUMPRODUCT(MAX((Leave!$A$8:$A$507=$B20)*(Leave!$C$8:$C$507<=Q$7)*(Leave!$D$8:$D$507>=Q$7)*ROW(Leave!$A$8:$A$507)))) | AH20: =IF($B20="",0,SUMPRODUCT(MAX((Leave!$A$8:$A$507=$B20)*(Leave!$C$8:$C$507<=R$7)*(Leave!$D$8:$D$507>=R$7)*ROW(Leave!$A$8:$A$507)))) | AI20: =IF($B20="",0,SUMPRODUCT(MAX((Leave!$A$8:$A$507=$B20)*(Leave!$C$8:$C$507<=S$7)*(Leave!$D$8:$D$507>=S$7)*ROW(Leave!$A$8:$A$507))))
B21: =IF(Staff!$A$16="","",Staff!$A$16) | C21: =IF(Staff!$A$16="","",Staff!$B$16&"") | D21: =IF(M21=0,"",IF(M21>1,INDEX(Lang!$B$90:$B$92,M21-1),INDEX(Shifts!$C$8:$C$5007,U21)&CHAR(10)&HOUR(INDEX(Shifts!$H$8:$H$5007,U21))&":"&RIGHT("0"&MINUTE(INDEX(Shifts!$H$8:$H$5007,U21)),2)&"–"&HOUR(INDEX(Shifts!$I$8:$I$5007,U21))&":"&RIGHT("0"&MINUTE(INDEX(Shifts!$I$8:$I$5007,U21)),2))) | E21: =IF(N21=0,"",IF(N21>1,INDEX(Lang!$B$90:$B$92,N21-1),INDEX(Shifts!$C$8:$C$5007,V21)&CHAR(10)&HOUR(INDEX(Shifts!$H$8:$H$5007,V21))&":"&RIGHT("0"&MINUTE(INDEX(Shifts!$H$8:$H$5007,V21)),2)&"–"&HOUR(INDEX(Shifts!$I$8:$I$5007,V21))&":"&RIGHT("0"&MINUTE(INDEX(Shifts!$I$8:$I$5007,V21)),2))) | F21: =IF(O21=0,"",IF(O21>1,INDEX(Lang!$B$90:$B$92,O21-1),INDEX(Shifts!$C$8:$C$5007,W21)&CHAR(10)&HOUR(INDEX(Shifts!$H$8:$H$5007,W21))&":"&RIGHT("0"&MINUTE(INDEX(Shifts!$H$8:$H$5007,W21)),2)&"–"&HOUR(INDEX(Shifts!$I$8:$I$5007,W21))&":"&RIGHT("0"&MINUTE(INDEX(Shifts!$I$8:$I$5007,W21)),2))) | G21: =IF(P21=0,"",IF(P21>1,INDEX(Lang!$B$90:$B$92,P21-1),INDEX(Shifts!$C$8:$C$5007,X21)&CHAR(10)&HOUR(INDEX(Shifts!$H$8:$H$5007,X21))&":"&RIGHT("0"&MINUTE(INDEX(Shifts!$H$8:$H$5007,X21)),2)&"–"&HOUR(INDEX(Shifts!$I$8:$I$5007,X21))&":"&RIGHT("0"&MINUTE(INDEX(Shifts!$I$8:$I$5007,X21)),2))) | H21: =IF(Q21=0,"",IF(Q21>1,INDEX(Lang!$B$90:$B$92,Q21-1),INDEX(Shifts!$C$8:$C$5007,Y21)&CHAR(10)&HOUR(INDEX(Shifts!$H$8:$H$5007,Y21))&":"&RIGHT("0"&MINUTE(INDEX(Shifts!$H$8:$H$5007,Y21)),2)&"–"&HOUR(INDEX(Shifts!$I$8:$I$5007,Y21))&":"&RIGHT("0"&MINUTE(INDEX(Shifts!$I$8:$I$5007,Y21)),2))) | I21: =IF(R21=0,"",IF(R21>1,INDEX(Lang!$B$90:$B$92,R21-1),INDEX(Shifts!$C$8:$C$5007,Z21)&CHAR(10)&HOUR(INDEX(Shifts!$H$8:$H$5007,Z21))&":"&RIGHT("0"&MINUTE(INDEX(Shifts!$H$8:$H$5007,Z21)),2)&"–"&HOUR(INDEX(Shifts!$I$8:$I$5007,Z21))&":"&RIGHT("0"&MINUTE(INDEX(Shifts!$I$8:$I$5007,Z21)),2))) | J21: =IF(S21=0,"",IF(S21>1,INDEX(Lang!$B$90:$B$92,S21-1),INDEX(Shifts!$C$8:$C$5007,AA21)&CHAR(10)&HOUR(INDEX(Shifts!$H$8:$H$5007,AA21))&":"&RIGHT("0"&MINUTE(INDEX(Shifts!$H$8:$H$5007,AA21)),2)&"–"&HOUR(INDEX(Shifts!$I$8:$I$5007,AA21))&":"&RIGHT("0"&MINUTE(INDEX(Shifts!$I$8:$I$5007,AA21)),2))) | K21: =IF($B21="","",SUMIFS(Shifts!$G$8:$G$5007,Shifts!$B$8:$B$5007,$B21,Shifts!$A$8:$A$5007,">="&Calc!$B$10,Shifts!$A$8:$A$5007,"<"&Calc!$B$10+7)) | M21: =IF($B21="",0,IF(AC21>0,1+MAX(1,INDEX(Leave!$G:$G,AC21)),IF(U21>0,1,0))) | N21: =IF($B21="",0,IF(AD21>0,1+MAX(1,INDEX(Leave!$G:$G,AD21)),IF(V21>0,1,0))) | O21: =IF($B21="",0,IF(AE21>0,1+MAX(1,INDEX(Leave!$G:$G,AE21)),IF(W21>0,1,0))) | P21: =IF($B21="",0,IF(AF21>0,1+MAX(1,INDEX(Leave!$G:$G,AF21)),IF(X21>0,1,0))) | Q21: =IF($B21="",0,IF(AG21>0,1+MAX(1,INDEX(Leave!$G:$G,AG21)),IF(Y21>0,1,0))) | R21: =IF($B21="",0,IF(AH21>0,1+MAX(1,INDEX(Leave!$G:$G,AH21)),IF(Z21>0,1,0))) | S21: =IF($B21="",0,IF(AI21>0,1+MAX(1,INDEX(Leave!$G:$G,AI21)),IF(AA21>0,1,0))) | U21: =IF($B21="",0,IFERROR(MATCH($B21&"|"&M$7,Shifts!$K$8:$K$5007,0),0)) | V21: =IF($B21="",0,IFERROR(MATCH($B21&"|"&N$7,Shifts!$K$8:$K$5007,0),0)) | W21: =IF($B21="",0,IFERROR(MATCH($B21&"|"&O$7,Shifts!$K$8:$K$5007,0),0)) | X21: =IF($B21="",0,IFERROR(MATCH($B21&"|"&P$7,Shifts!$K$8:$K$5007,0),0)) | Y21: =IF($B21="",0,IFERROR(MATCH($B21&"|"&Q$7,Shifts!$K$8:$K$5007,0),0)) | Z21: =IF($B21="",0,IFERROR(MATCH($B21&"|"&R$7,Shifts!$K$8:$K$5007,0),0)) | AA21: =IF($B21="",0,IFERROR(MATCH($B21&"|"&S$7,Shifts!$K$8:$K$5007,0),0)) | AC21: =IF($B21="",0,SUMPRODUCT(MAX((Leave!$A$8:$A$507=$B21)*(Leave!$C$8:$C$507<=M$7)*(Leave!$D$8:$D$507>=M$7)*ROW(Leave!$A$8:$A$507)))) | AD21: =IF($B21="",0,SUMPRODUCT(MAX((Leave!$A$8:$A$507=$B21)*(Leave!$C$8:$C$507<=N$7)*(Leave!$D$8:$D$507>=N$7)*ROW(Leave!$A$8:$A$507)))) | AE21: =IF($B21="",0,SUMPRODUCT(MAX((Leave!$A$8:$A$507=$B21)*(Leave!$C$8:$C$507<=O$7)*(Leave!$D$8:$D$507>=O$7)*ROW(Leave!$A$8:$A$507)))) | AF21: =IF($B21="",0,SUMPRODUCT(MAX((Leave!$A$8:$A$507=$B21)*(Leave!$C$8:$C$507<=P$7)*(Leave!$D$8:$D$507>=P$7)*ROW(Leave!$A$8:$A$507)))) | AG21: =IF($B21="",0,SUMPRODUCT(MAX((Leave!$A$8:$A$507=$B21)*(Leave!$C$8:$C$507<=Q$7)*(Leave!$D$8:$D$507>=Q$7)*ROW(Leave!$A$8:$A$507)))) | AH21: =IF($B21="",0,SUMPRODUCT(MAX((Leave!$A$8:$A$507=$B21)*(Leave!$C$8:$C$507<=R$7)*(Leave!$D$8:$D$507>=R$7)*ROW(Leave!$A$8:$A$507)))) | AI21: =IF($B21="",0,SUMPRODUCT(MAX((Leave!$A$8:$A$507=$B21)*(Leave!$C$8:$C$507<=S$7)*(Leave!$D$8:$D$507>=S$7)*ROW(Leave!$A$8:$A$507))))
B22: =IF(Staff!$A$17="","",Staff!$A$17) | C22: =IF(Staff!$A$17="","",Staff!$B$17&"") | D22: =IF(M22=0,"",IF(M22>1,INDEX(Lang!$B$90:$B$92,M22-1),INDEX(Shifts!$C$8:$C$5007,U22)&CHAR(10)&HOUR(INDEX(Shifts!$H$8:$H$5007,U22))&":"&RIGHT("0"&MINUTE(INDEX(Shifts!$H$8:$H$5007,U22)),2)&"–"&HOUR(INDEX(Shifts!$I$8:$I$5007,U22))&":"&RIGHT("0"&MINUTE(INDEX(Shifts!$I$8:$I$5007,U22)),2))) | E22: =IF(N22=0,"",IF(N22>1,INDEX(Lang!$B$90:$B$92,N22-1),INDEX(Shifts!$C$8:$C$5007,V22)&CHAR(10)&HOUR(INDEX(Shifts!$H$8:$H$5007,V22))&":"&RIGHT("0"&MINUTE(INDEX(Shifts!$H$8:$H$5007,V22)),2)&"–"&HOUR(INDEX(Shifts!$I$8:$I$5007,V22))&":"&RIGHT("0"&MINUTE(INDEX(Shifts!$I$8:$I$5007,V22)),2))) | F22: =IF(O22=0,"",IF(O22>1,INDEX(Lang!$B$90:$B$92,O22-1),INDEX(Shifts!$C$8:$C$5007,W22)&CHAR(10)&HOUR(INDEX(Shifts!$H$8:$H$5007,W22))&":"&RIGHT("0"&MINUTE(INDEX(Shifts!$H$8:$H$5007,W22)),2)&"–"&HOUR(INDEX(Shifts!$I$8:$I$5007,W22))&":"&RIGHT("0"&MINUTE(INDEX(Shifts!$I$8:$I$5007,W22)),2))) | G22: =IF(P22=0,"",IF(P22>1,INDEX(Lang!$B$90:$B$92,P22-1),INDEX(Shifts!$C$8:$C$5007,X22)&CHAR(10)&HOUR(INDEX(Shifts!$H$8:$H$5007,X22))&":"&RIGHT("0"&MINUTE(INDEX(Shifts!$H$8:$H$5007,X22)),2)&"–"&HOUR(INDEX(Shifts!$I$8:$I$5007,X22))&":"&RIGHT("0"&MINUTE(INDEX(Shifts!$I$8:$I$5007,X22)),2))) | H22: =IF(Q22=0,"",IF(Q22>1,INDEX(Lang!$B$90:$B$92,Q22-1),INDEX(Shifts!$C$8:$C$5007,Y22)&CHAR(10)&HOUR(INDEX(Shifts!$H$8:$H$5007,Y22))&":"&RIGHT("0"&MINUTE(INDEX(Shifts!$H$8:$H$5007,Y22)),2)&"–"&HOUR(INDEX(Shifts!$I$8:$I$5007,Y22))&":"&RIGHT("0"&MINUTE(INDEX(Shifts!$I$8:$I$5007,Y22)),2))) | I22: =IF(R22=0,"",IF(R22>1,INDEX(Lang!$B$90:$B$92,R22-1),INDEX(Shifts!$C$8:$C$5007,Z22)&CHAR(10)&HOUR(INDEX(Shifts!$H$8:$H$5007,Z22))&":"&RIGHT("0"&MINUTE(INDEX(Shifts!$H$8:$H$5007,Z22)),2)&"–"&HOUR(INDEX(Shifts!$I$8:$I$5007,Z22))&":"&RIGHT("0"&MINUTE(INDEX(Shifts!$I$8:$I$5007,Z22)),2))) | J22: =IF(S22=0,"",IF(S22>1,INDEX(Lang!$B$90:$B$92,S22-1),INDEX(Shifts!$C$8:$C$5007,AA22)&CHAR(10)&HOUR(INDEX(Shifts!$H$8:$H$5007,AA22))&":"&RIGHT("0"&MINUTE(INDEX(Shifts!$H$8:$H$5007,AA22)),2)&"–"&HOUR(INDEX(Shifts!$I$8:$I$5007,AA22))&":"&RIGHT("0"&MINUTE(INDEX(Shifts!$I$8:$I$5007,AA22)),2))) | K22: =IF($B22="","",SUMIFS(Shifts!$G$8:$G$5007,Shifts!$B$8:$B$5007,$B22,Shifts!$A$8:$A$5007,">="&Calc!$B$10,Shifts!$A$8:$A$5007,"<"&Calc!$B$10+7)) | M22: =IF($B22="",0,IF(AC22>0,1+MAX(1,INDEX(Leave!$G:$G,AC22)),IF(U22>0,1,0))) | N22: =IF($B22="",0,IF(AD22>0,1+MAX(1,INDEX(Leave!$G:$G,AD22)),IF(V22>0,1,0))) | O22: =IF($B22="",0,IF(AE22>0,1+MAX(1,INDEX(Leave!$G:$G,AE22)),IF(W22>0,1,0))) | P22: =IF($B22="",0,IF(AF22>0,1+MAX(1,INDEX(Leave!$G:$G,AF22)),IF(X22>0,1,0))) | Q22: =IF($B22="",0,IF(AG22>0,1+MAX(1,INDEX(Leave!$G:$G,AG22)),IF(Y22>0,1,0))) | R22: =IF($B22="",0,IF(AH22>0,1+MAX(1,INDEX(Leave!$G:$G,AH22)),IF(Z22>0,1,0))) | S22: =IF($B22="",0,IF(AI22>0,1+MAX(1,INDEX(Leave!$G:$G,AI22)),IF(AA22>0,1,0))) | U22: =IF($B22="",0,IFERROR(MATCH($B22&"|"&M$7,Shifts!$K$8:$K$5007,0),0)) | V22: =IF($B22="",0,IFERROR(MATCH($B22&"|"&N$7,Shifts!$K$8:$K$5007,0),0)) | W22: =IF($B22="",0,IFERROR(MATCH($B22&"|"&O$7,Shifts!$K$8:$K$5007,0),0)) | X22: =IF($B22="",0,IFERROR(MATCH($B22&"|"&P$7,Shifts!$K$8:$K$5007,0),0)) | Y22: =IF($B22="",0,IFERROR(MATCH($B22&"|"&Q$7,Shifts!$K$8:$K$5007,0),0)) | Z22: =IF($B22="",0,IFERROR(MATCH($B22&"|"&R$7,Shifts!$K$8:$K$5007,0),0)) | AA22: =IF($B22="",0,IFERROR(MATCH($B22&"|"&S$7,Shifts!$K$8:$K$5007,0),0)) | AC22: =IF($B22="",0,SUMPRODUCT(MAX((Leave!$A$8:$A$507=$B22)*(Leave!$C$8:$C$507<=M$7)*(Leave!$D$8:$D$507>=M$7)*ROW(Leave!$A$8:$A$507)))) | AD22: =IF($B22="",0,SUMPRODUCT(MAX((Leave!$A$8:$A$507=$B22)*(Leave!$C$8:$C$507<=N$7)*(Leave!$D$8:$D$507>=N$7)*ROW(Leave!$A$8:$A$507)))) | AE22: =IF($B22="",0,SUMPRODUCT(MAX((Leave!$A$8:$A$507=$B22)*(Leave!$C$8:$C$507<=O$7)*(Leave!$D$8:$D$507>=O$7)*ROW(Leave!$A$8:$A$507)))) | AF22: =IF($B22="",0,SUMPRODUCT(MAX((Leave!$A$8:$A$507=$B22)*(Leave!$C$8:$C$507<=P$7)*(Leave!$D$8:$D$507>=P$7)*ROW(Leave!$A$8:$A$507)))) | AG22: =IF($B22="",0,SUMPRODUCT(MAX((Leave!$A$8:$A$507=$B22)*(Leave!$C$8:$C$507<=Q$7)*(Leave!$D$8:$D$507>=Q$7)*ROW(Leave!$A$8:$A$507)))) | AH22: =IF($B22="",0,SUMPRODUCT(MAX((Leave!$A$8:$A$507=$B22)*(Leave!$C$8:$C$507<=R$7)*(Leave!$D$8:$D$507>=R$7)*ROW(Leave!$A$8:$A$507)))) | AI22: =IF($B22="",0,SUMPRODUCT(MAX((Leave!$A$8:$A$507=$B22)*(Leave!$C$8:$C$507<=S$7)*(Leave!$D$8:$D$507>=S$7)*ROW(Leave!$A$8:$A$507))))
B23: =IF(Staff!$A$18="","",Staff!$A$18) | C23: =IF(Staff!$A$18="","",Staff!$B$18&"") | D23: =IF(M23=0,"",IF(M23>1,INDEX(Lang!$B$90:$B$92,M23-1),INDEX(Shifts!$C$8:$C$5007,U23)&CHAR(10)&HOUR(INDEX(Shifts!$H$8:$H$5007,U23))&":"&RIGHT("0"&MINUTE(INDEX(Shifts!$H$8:$H$5007,U23)),2)&"–"&HOUR(INDEX(Shifts!$I$8:$I$5007,U23))&":"&RIGHT("0"&MINUTE(INDEX(Shifts!$I$8:$I$5007,U23)),2))) | E23: =IF(N23=0,"",IF(N23>1,INDEX(Lang!$B$90:$B$92,N23-1),INDEX(Shifts!$C$8:$C$5007,V23)&CHAR(10)&HOUR(INDEX(Shifts!$H$8:$H$5007,V23))&":"&RIGHT("0"&MINUTE(INDEX(Shifts!$H$8:$H$5007,V23)),2)&"–"&HOUR(INDEX(Shifts!$I$8:$I$5007,V23))&":"&RIGHT("0"&MINUTE(INDEX(Shifts!$I$8:$I$5007,V23)),2))) | F23: =IF(O23=0,"",IF(O23>1,INDEX(Lang!$B$90:$B$92,O23-1),INDEX(Shifts!$C$8:$C$5007,W23)&CHAR(10)&HOUR(INDEX(Shifts!$H$8:$H$5007,W23))&":"&RIGHT("0"&MINUTE(INDEX(Shifts!$H$8:$H$5007,W23)),2)&"–"&HOUR(INDEX(Shifts!$I$8:$I$5007,W23))&":"&RIGHT("0"&MINUTE(INDEX(Shifts!$I$8:$I$5007,W23)),2))) | G23: =IF(P23=0,"",IF(P23>1,INDEX(Lang!$B$90:$B$92,P23-1),INDEX(Shifts!$C$8:$C$5007,X23)&CHAR(10)&HOUR(INDEX(Shifts!$H$8:$H$5007,X23))&":"&RIGHT("0"&MINUTE(INDEX(Shifts!$H$8:$H$5007,X23)),2)&"–"&HOUR(INDEX(Shifts!$I$8:$I$5007,X23))&":"&RIGHT("0"&MINUTE(INDEX(Shifts!$I$8:$I$5007,X23)),2))) | H23: =IF(Q23=0,"",IF(Q23>1,INDEX(Lang!$B$90:$B$92,Q23-1),INDEX(Shifts!$C$8:$C$5007,Y23)&CHAR(10)&HOUR(INDEX(Shifts!$H$8:$H$5007,Y23))&":"&RIGHT("0"&MINUTE(INDEX(Shifts!$H$8:$H$5007,Y23)),2)&"–"&HOUR(INDEX(Shifts!$I$8:$I$5007,Y23))&":"&RIGHT("0"&MINUTE(INDEX(Shifts!$I$8:$I$5007,Y23)),2))) | I23: =IF(R23=0,"",IF(R23>1,INDEX(Lang!$B$90:$B$92,R23-1),INDEX(Shifts!$C$8:$C$5007,Z23)&CHAR(10)&HOUR(INDEX(Shifts!$H$8:$H$5007,Z23))&":"&RIGHT("0"&MINUTE(INDEX(Shifts!$H$8:$H$5007,Z23)),2)&"–"&HOUR(INDEX(Shifts!$I$8:$I$5007,Z23))&":"&RIGHT("0"&MINUTE(INDEX(Shifts!$I$8:$I$5007,Z23)),2))) | J23: =IF(S23=0,"",IF(S23>1,INDEX(Lang!$B$90:$B$92,S23-1),INDEX(Shifts!$C$8:$C$5007,AA23)&CHAR(10)&HOUR(INDEX(Shifts!$H$8:$H$5007,AA23))&":"&RIGHT("0"&MINUTE(INDEX(Shifts!$H$8:$H$5007,AA23)),2)&"–"&HOUR(INDEX(Shifts!$I$8:$I$5007,AA23))&":"&RIGHT("0"&MINUTE(INDEX(Shifts!$I$8:$I$5007,AA23)),2))) | K23: =IF($B23="","",SUMIFS(Shifts!$G$8:$G$5007,Shifts!$B$8:$B$5007,$B23,Shifts!$A$8:$A$5007,">="&Calc!$B$10,Shifts!$A$8:$A$5007,"<"&Calc!$B$10+7)) | M23: =IF($B23="",0,IF(AC23>0,1+MAX(1,INDEX(Leave!$G:$G,AC23)),IF(U23>0,1,0))) | N23: =IF($B23="",0,IF(AD23>0,1+MAX(1,INDEX(Leave!$G:$G,AD23)),IF(V23>0,1,0))) | O23: =IF($B23="",0,IF(AE23>0,1+MAX(1,INDEX(Leave!$G:$G,AE23)),IF(W23>0,1,0))) | P23: =IF($B23="",0,IF(AF23>0,1+MAX(1,INDEX(Leave!$G:$G,AF23)),IF(X23>0,1,0))) | Q23: =IF($B23="",0,IF(AG23>0,1+MAX(1,INDEX(Leave!$G:$G,AG23)),IF(Y23>0,1,0))) | R23: =IF($B23="",0,IF(AH23>0,1+MAX(1,INDEX(Leave!$G:$G,AH23)),IF(Z23>0,1,0))) | S23: =IF($B23="",0,IF(AI23>0,1+MAX(1,INDEX(Leave!$G:$G,AI23)),IF(AA23>0,1,0))) | U23: =IF($B23="",0,IFERROR(MATCH($B23&"|"&M$7,Shifts!$K$8:$K$5007,0),0)) | V23: =IF($B23="",0,IFERROR(MATCH($B23&"|"&N$7,Shifts!$K$8:$K$5007,0),0)) | W23: =IF($B23="",0,IFERROR(MATCH($B23&"|"&O$7,Shifts!$K$8:$K$5007,0),0)) | X23: =IF($B23="",0,IFERROR(MATCH($B23&"|"&P$7,Shifts!$K$8:$K$5007,0),0)) | Y23: =IF($B23="",0,IFERROR(MATCH($B23&"|"&Q$7,Shifts!$K$8:$K$5007,0),0)) | Z23: =IF($B23="",0,IFERROR(MATCH($B23&"|"&R$7,Shifts!$K$8:$K$5007,0),0)) | AA23: =IF($B23="",0,IFERROR(MATCH($B23&"|"&S$7,Shifts!$K$8:$K$5007,0),0)) | AC23: =IF($B23="",0,SUMPRODUCT(MAX((Leave!$A$8:$A$507=$B23)*(Leave!$C$8:$C$507<=M$7)*(Leave!$D$8:$D$507>=M$7)*ROW(Leave!$A$8:$A$507)))) | AD23: =IF($B23="",0,SUMPRODUCT(MAX((Leave!$A$8:$A$507=$B23)*(Leave!$C$8:$C$507<=N$7)*(Leave!$D$8:$D$507>=N$7)*ROW(Leave!$A$8:$A$507)))) | AE23: =IF($B23="",0,SUMPRODUCT(MAX((Leave!$A$8:$A$507=$B23)*(Leave!$C$8:$C$507<=O$7)*(Leave!$D$8:$D$507>=O$7)*ROW(Leave!$A$8:$A$507)))) | AF23: =IF($B23="",0,SUMPRODUCT(MAX((Leave!$A$8:$A$507=$B23)*(Leave!$C$8:$C$507<=P$7)*(Leave!$D$8:$D$507>=P$7)*ROW(Leave!$A$8:$A$507)))) | AG23: =IF($B23="",0,SUMPRODUCT(MAX((Leave!$A$8:$A$507=$B23)*(Leave!$C$8:$C$507<=Q$7)*(Leave!$D$8:$D$507>=Q$7)*ROW(Leave!$A$8:$A$507)))) | AH23: =IF($B23="",0,SUMPRODUCT(MAX((Leave!$A$8:$A$507=$B23)*(Leave!$C$8:$C$507<=R$7)*(Leave!$D$8:$D$507>=R$7)*ROW(Leave!$A$8:$A$507)))) | AI23: =IF($B23="",0,SUMPRODUCT(MAX((Leave!$A$8:$A$507=$B23)*(Leave!$C$8:$C$507<=S$7)*(Leave!$D$8:$D$507>=S$7)*ROW(Leave!$A$8:$A$507))))
B24: =IF(Staff!$A$19="","",Staff!$A$19) | C24: =IF(Staff!$A$19="","",Staff!$B$19&"") | D24: =IF(M24=0,"",IF(M24>1,INDEX(Lang!$B$90:$B$92,M24-1),INDEX(Shifts!$C$8:$C$5007,U24)&CHAR(10)&HOUR(INDEX(Shifts!$H$8:$H$5007,U24))&":"&RIGHT("0"&MINUTE(INDEX(Shifts!$H$8:$H$5007,U24)),2)&"–"&HOUR(INDEX(Shifts!$I$8:$I$5007,U24))&":"&RIGHT("0"&MINUTE(INDEX(Shifts!$I$8:$I$5007,U24)),2))) | E24: =IF(N24=0,"",IF(N24>1,INDEX(Lang!$B$90:$B$92,N24-1),INDEX(Shifts!$C$8:$C$5007,V24)&CHAR(10)&HOUR(INDEX(Shifts!$H$8:$H$5007,V24))&":"&RIGHT("0"&MINUTE(INDEX(Shifts!$H$8:$H$5007,V24)),2)&"–"&HOUR(INDEX(Shifts!$I$8:$I$5007,V24))&":"&RIGHT("0"&MINUTE(INDEX(Shifts!$I$8:$I$5007,V24)),2))) | F24: =IF(O24=0,"",IF(O24>1,INDEX(Lang!$B$90:$B$92,O24-1),INDEX(Shifts!$C$8:$C$5007,W24)&CHAR(10)&HOUR(INDEX(Shifts!$H$8:$H$5007,W24))&":"&RIGHT("0"&MINUTE(INDEX(Shifts!$H$8:$H$5007,W24)),2)&"–"&HOUR(INDEX(Shifts!$I$8:$I$5007,W24))&":"&RIGHT("0"&MINUTE(INDEX(Shifts!$I$8:$I$5007,W24)),2))) | G24: =IF(P24=0,"",IF(P24>1,INDEX(Lang!$B$90:$B$92,P24-1),INDEX(Shifts!$C$8:$C$5007,X24)&CHAR(10)&HOUR(INDEX(Shifts!$H$8:$H$5007,X24))&":"&RIGHT("0"&MINUTE(INDEX(Shifts!$H$8:$H$5007,X24)),2)&"–"&HOUR(INDEX(Shifts!$I$8:$I$5007,X24))&":"&RIGHT("0"&MINUTE(INDEX(Shifts!$I$8:$I$5007,X24)),2))) | H24: =IF(Q24=0,"",IF(Q24>1,INDEX(Lang!$B$90:$B$92,Q24-1),INDEX(Shifts!$C$8:$C$5007,Y24)&CHAR(10)&HOUR(INDEX(Shifts!$H$8:$H$5007,Y24))&":"&RIGHT("0"&MINUTE(INDEX(Shifts!$H$8:$H$5007,Y24)),2)&"–"&HOUR(INDEX(Shifts!$I$8:$I$5007,Y24))&":"&RIGHT("0"&MINUTE(INDEX(Shifts!$I$8:$I$5007,Y24)),2))) | I24: =IF(R24=0,"",IF(R24>1,INDEX(Lang!$B$90:$B$92,R24-1),INDEX(Shifts!$C$8:$C$5007,Z24)&CHAR(10)&HOUR(INDEX(Shifts!$H$8:$H$5007,Z24))&":"&RIGHT("0"&MINUTE(INDEX(Shifts!$H$8:$H$5007,Z24)),2)&"–"&HOUR(INDEX(Shifts!$I$8:$I$5007,Z24))&":"&RIGHT("0"&MINUTE(INDEX(Shifts!$I$8:$I$5007,Z24)),2))) | J24: =IF(S24=0,"",IF(S24>1,INDEX(Lang!$B$90:$B$92,S24-1),INDEX(Shifts!$C$8:$C$5007,AA24)&CHAR(10)&HOUR(INDEX(Shifts!$H$8:$H$5007,AA24))&":"&RIGHT("0"&MINUTE(INDEX(Shifts!$H$8:$H$5007,AA24)),2)&"–"&HOUR(INDEX(Shifts!$I$8:$I$5007,AA24))&":"&RIGHT("0"&MINUTE(INDEX(Shifts!$I$8:$I$5007,AA24)),2))) | K24: =IF($B24="","",SUMIFS(Shifts!$G$8:$G$5007,Shifts!$B$8:$B$5007,$B24,Shifts!$A$8:$A$5007,">="&Calc!$B$10,Shifts!$A$8:$A$5007,"<"&Calc!$B$10+7)) | M24: =IF($B24="",0,IF(AC24>0,1+MAX(1,INDEX(Leave!$G:$G,AC24)),IF(U24>0,1,0))) | N24: =IF($B24="",0,IF(AD24>0,1+MAX(1,INDEX(Leave!$G:$G,AD24)),IF(V24>0,1,0))) | O24: =IF($B24="",0,IF(AE24>0,1+MAX(1,INDEX(Leave!$G:$G,AE24)),IF(W24>0,1,0))) | P24: =IF($B24="",0,IF(AF24>0,1+MAX(1,INDEX(Leave!$G:$G,AF24)),IF(X24>0,1,0))) | Q24: =IF($B24="",0,IF(AG24>0,1+MAX(1,INDEX(Leave!$G:$G,AG24)),IF(Y24>0,1,0))) | R24: =IF($B24="",0,IF(AH24>0,1+MAX(1,INDEX(Leave!$G:$G,AH24)),IF(Z24>0,1,0))) | S24: =IF($B24="",0,IF(AI24>0,1+MAX(1,INDEX(Leave!$G:$G,AI24)),IF(AA24>0,1,0))) | U24: =IF($B24="",0,IFERROR(MATCH($B24&"|"&M$7,Shifts!$K$8:$K$5007,0),0)) | V24: =IF($B24="",0,IFERROR(MATCH($B24&"|"&N$7,Shifts!$K$8:$K$5007,0),0)) | W24: =IF($B24="",0,IFERROR(MATCH($B24&"|"&O$7,Shifts!$K$8:$K$5007,0),0)) | X24: =IF($B24="",0,IFERROR(MATCH($B24&"|"&P$7,Shifts!$K$8:$K$5007,0),0)) | Y24: =IF($B24="",0,IFERROR(MATCH($B24&"|"&Q$7,Shifts!$K$8:$K$5007,0),0)) | Z24: =IF($B24="",0,IFERROR(MATCH($B24&"|"&R$7,Shifts!$K$8:$K$5007,0),0)) | AA24: =IF($B24="",0,IFERROR(MATCH($B24&"|"&S$7,Shifts!$K$8:$K$5007,0),0)) | AC24: =IF($B24="",0,SUMPRODUCT(MAX((Leave!$A$8:$A$507=$B24)*(Leave!$C$8:$C$507<=M$7)*(Leave!$D$8:$D$507>=M$7)*ROW(Leave!$A$8:$A$507)))) | AD24: =IF($B24="",0,SUMPRODUCT(MAX((Leave!$A$8:$A$507=$B24)*(Leave!$C$8:$C$507<=N$7)*(Leave!$D$8:$D$507>=N$7)*ROW(Leave!$A$8:$A$507)))) | AE24: =IF($B24="",0,SUMPRODUCT(MAX((Leave!$A$8:$A$507=$B24)*(Leave!$C$8:$C$507<=O$7)*(Leave!$D$8:$D$507>=O$7)*ROW(Leave!$A$8:$A$507)))) | AF24: =IF($B24="",0,SUMPRODUCT(MAX((Leave!$A$8:$A$507=$B24)*(Leave!$C$8:$C$507<=P$7)*(Leave!$D$8:$D$507>=P$7)*ROW(Leave!$A$8:$A$507)))) | AG24: =IF($B24="",0,SUMPRODUCT(MAX((Leave!$A$8:$A$507=$B24)*(Leave!$C$8:$C$507<=Q$7)*(Leave!$D$8:$D$507>=Q$7)*ROW(Leave!$A$8:$A$507)))) | AH24: =IF($B24="",0,SUMPRODUCT(MAX((Leave!$A$8:$A$507=$B24)*(Leave!$C$8:$C$507<=R$7)*(Leave!$D$8:$D$507>=R$7)*ROW(Leave!$A$8:$A$507)))) | AI24: =IF($B24="",0,SUMPRODUCT(MAX((Leave!$A$8:$A$507=$B24)*(Leave!$C$8:$C$507<=S$7)*(Leave!$D$8:$D$507>=S$7)*ROW(Leave!$A$8:$A$507))))
B25: =IF(Staff!$A$20="","",Staff!$A$20) | C25: =IF(Staff!$A$20="","",Staff!$B$20&"") | D25: =IF(M25=0,"",IF(M25>1,INDEX(Lang!$B$90:$B$92,M25-1),INDEX(Shifts!$C$8:$C$5007,U25)&CHAR(10)&HOUR(INDEX(Shifts!$H$8:$H$5007,U25))&":"&RIGHT("0"&MINUTE(INDEX(Shifts!$H$8:$H$5007,U25)),2)&"–"&HOUR(INDEX(Shifts!$I$8:$I$5007,U25))&":"&RIGHT("0"&MINUTE(INDEX(Shifts!$I$8:$I$5007,U25)),2))) | E25: =IF(N25=0,"",IF(N25>1,INDEX(Lang!$B$90:$B$92,N25-1),INDEX(Shifts!$C$8:$C$5007,V25)&CHAR(10)&HOUR(INDEX(Shifts!$H$8:$H$5007,V25))&":"&RIGHT("0"&MINUTE(INDEX(Shifts!$H$8:$H$5007,V25)),2)&"–"&HOUR(INDEX(Shifts!$I$8:$I$5007,V25))&":"&RIGHT("0"&MINUTE(INDEX(Shifts!$I$8:$I$5007,V25)),2))) | F25: =IF(O25=0,"",IF(O25>1,INDEX(Lang!$B$90:$B$92,O25-1),INDEX(Shifts!$C$8:$C$5007,W25)&CHAR(10)&HOUR(INDEX(Shifts!$H$8:$H$5007,W25))&":"&RIGHT("0"&MINUTE(INDEX(Shifts!$H$8:$H$5007,W25)),2)&"–"&HOUR(INDEX(Shifts!$I$8:$I$5007,W25))&":"&RIGHT("0"&MINUTE(INDEX(Shifts!$I$8:$I$5007,W25)),2))) | G25: =IF(P25=0,"",IF(P25>1,INDEX(Lang!$B$90:$B$92,P25-1),INDEX(Shifts!$C$8:$C$5007,X25)&CHAR(10)&HOUR(INDEX(Shifts!$H$8:$H$5007,X25))&":"&RIGHT("0"&MINUTE(INDEX(Shifts!$H$8:$H$5007,X25)),2)&"–"&HOUR(INDEX(Shifts!$I$8:$I$5007,X25))&":"&RIGHT("0"&MINUTE(INDEX(Shifts!$I$8:$I$5007,X25)),2))) | H25: =IF(Q25=0,"",IF(Q25>1,INDEX(Lang!$B$90:$B$92,Q25-1),INDEX(Shifts!$C$8:$C$5007,Y25)&CHAR(10)&HOUR(INDEX(Shifts!$H$8:$H$5007,Y25))&":"&RIGHT("0"&MINUTE(INDEX(Shifts!$H$8:$H$5007,Y25)),2)&"–"&HOUR(INDEX(Shifts!$I$8:$I$5007,Y25))&":"&RIGHT("0"&MINUTE(INDEX(Shifts!$I$8:$I$5007,Y25)),2))) | I25: =IF(R25=0,"",IF(R25>1,INDEX(Lang!$B$90:$B$92,R25-1),INDEX(Shifts!$C$8:$C$5007,Z25)&CHAR(10)&HOUR(INDEX(Shifts!$H$8:$H$5007,Z25))&":"&RIGHT("0"&MINUTE(INDEX(Shifts!$H$8:$H$5007,Z25)),2)&"–"&HOUR(INDEX(Shifts!$I$8:$I$5007,Z25))&":"&RIGHT("0"&MINUTE(INDEX(Shifts!$I$8:$I$5007,Z25)),2))) | J25: =IF(S25=0,"",IF(S25>1,INDEX(Lang!$B$90:$B$92,S25-1),INDEX(Shifts!$C$8:$C$5007,AA25)&CHAR(10)&HOUR(INDEX(Shifts!$H$8:$H$5007,AA25))&":"&RIGHT("0"&MINUTE(INDEX(Shifts!$H$8:$H$5007,AA25)),2)&"–"&HOUR(INDEX(Shifts!$I$8:$I$5007,AA25))&":"&RIGHT("0"&MINUTE(INDEX(Shifts!$I$8:$I$5007,AA25)),2))) | K25: =IF($B25="","",SUMIFS(Shifts!$G$8:$G$5007,Shifts!$B$8:$B$5007,$B25,Shifts!$A$8:$A$5007,">="&Calc!$B$10,Shifts!$A$8:$A$5007,"<"&Calc!$B$10+7)) | M25: =IF($B25="",0,IF(AC25>0,1+MAX(1,INDEX(Leave!$G:$G,AC25)),IF(U25>0,1,0))) | N25: =IF($B25="",0,IF(AD25>0,1+MAX(1,INDEX(Leave!$G:$G,AD25)),IF(V25>0,1,0))) | O25: =IF($B25="",0,IF(AE25>0,1+MAX(1,INDEX(Leave!$G:$G,AE25)),IF(W25>0,1,0))) | P25: =IF($B25="",0,IF(AF25>0,1+MAX(1,INDEX(Leave!$G:$G,AF25)),IF(X25>0,1,0))) | Q25: =IF($B25="",0,IF(AG25>0,1+MAX(1,INDEX(Leave!$G:$G,AG25)),IF(Y25>0,1,0))) | R25: =IF($B25="",0,IF(AH25>0,1+MAX(1,INDEX(Leave!$G:$G,AH25)),IF(Z25>0,1,0))) | S25: =IF($B25="",0,IF(AI25>0,1+MAX(1,INDEX(Leave!$G:$G,AI25)),IF(AA25>0,1,0))) | U25: =IF($B25="",0,IFERROR(MATCH($B25&"|"&M$7,Shifts!$K$8:$K$5007,0),0)) | V25: =IF($B25="",0,IFERROR(MATCH($B25&"|"&N$7,Shifts!$K$8:$K$5007,0),0)) | W25: =IF($B25="",0,IFERROR(MATCH($B25&"|"&O$7,Shifts!$K$8:$K$5007,0),0)) | X25: =IF($B25="",0,IFERROR(MATCH($B25&"|"&P$7,Shifts!$K$8:$K$5007,0),0)) | Y25: =IF($B25="",0,IFERROR(MATCH($B25&"|"&Q$7,Shifts!$K$8:$K$5007,0),0)) | Z25: =IF($B25="",0,IFERROR(MATCH($B25&"|"&R$7,Shifts!$K$8:$K$5007,0),0)) | AA25: =IF($B25="",0,IFERROR(MATCH($B25&"|"&S$7,Shifts!$K$8:$K$5007,0),0)) | AC25: =IF($B25="",0,SUMPRODUCT(MAX((Leave!$A$8:$A$507=$B25)*(Leave!$C$8:$C$507<=M$7)*(Leave!$D$8:$D$507>=M$7)*ROW(Leave!$A$8:$A$507)))) | AD25: =IF($B25="",0,SUMPRODUCT(MAX((Leave!$A$8:$A$507=$B25)*(Leave!$C$8:$C$507<=N$7)*(Leave!$D$8:$D$507>=N$7)*ROW(Leave!$A$8:$A$507)))) | AE25: =IF($B25="",0,SUMPRODUCT(MAX((Leave!$A$8:$A$507=$B25)*(Leave!$C$8:$C$507<=O$7)*(Leave!$D$8:$D$507>=O$7)*ROW(Leave!$A$8:$A$507)))) | AF25: =IF($B25="",0,SUMPRODUCT(MAX((Leave!$A$8:$A$507=$B25)*(Leave!$C$8:$C$507<=P$7)*(Leave!$D$8:$D$507>=P$7)*ROW(Leave!$A$8:$A$507)))) | AG25: =IF($B25="",0,SUMPRODUCT(MAX((Leave!$A$8:$A$507=$B25)*(Leave!$C$8:$C$507<=Q$7)*(Leave!$D$8:$D$507>=Q$7)*ROW(Leave!$A$8:$A$507)))) | AH25: =IF($B25="",0,SUMPRODUCT(MAX((Leave!$A$8:$A$507=$B25)*(Leave!$C$8:$C$507<=R$7)*(Leave!$D$8:$D$507>=R$7)*ROW(Leave!$A$8:$A$507)))) | AI25: =IF($B25="",0,SUMPRODUCT(MAX((Leave!$A$8:$A$507=$B25)*(Leave!$C$8:$C$507<=S$7)*(Leave!$D$8:$D$507>=S$7)*ROW(Leave!$A$8:$A$507))))
B26: =IF(Staff!$A$21="","",Staff!$A$21) | C26: =IF(Staff!$A$21="","",Staff!$B$21&"") | D26: =IF(M26=0,"",IF(M26>1,INDEX(Lang!$B$90:$B$92,M26-1),INDEX(Shifts!$C$8:$C$5007,U26)&CHAR(10)&HOUR(INDEX(Shifts!$H$8:$H$5007,U26))&":"&RIGHT("0"&MINUTE(INDEX(Shifts!$H$8:$H$5007,U26)),2)&"–"&HOUR(INDEX(Shifts!$I$8:$I$5007,U26))&":"&RIGHT("0"&MINUTE(INDEX(Shifts!$I$8:$I$5007,U26)),2))) | E26: =IF(N26=0,"",IF(N26>1,INDEX(Lang!$B$90:$B$92,N26-1),INDEX(Shifts!$C$8:$C$5007,V26)&CHAR(10)&HOUR(INDEX(Shifts!$H$8:$H$5007,V26))&":"&RIGHT("0"&MINUTE(INDEX(Shifts!$H$8:$H$5007,V26)),2)&"–"&HOUR(INDEX(Shifts!$I$8:$I$5007,V26))&":"&RIGHT("0"&MINUTE(INDEX(Shifts!$I$8:$I$5007,V26)),2))) | F26: =IF(O26=0,"",IF(O26>1,INDEX(Lang!$B$90:$B$92,O26-1),INDEX(Shifts!$C$8:$C$5007,W26)&CHAR(10)&HOUR(INDEX(Shifts!$H$8:$H$5007,W26))&":"&RIGHT("0"&MINUTE(INDEX(Shifts!$H$8:$H$5007,W26)),2)&"–"&HOUR(INDEX(Shifts!$I$8:$I$5007,W26))&":"&RIGHT("0"&MINUTE(INDEX(Shifts!$I$8:$I$5007,W26)),2))) | G26: =IF(P26=0,"",IF(P26>1,INDEX(Lang!$B$90:$B$92,P26-1),INDEX(Shifts!$C$8:$C$5007,X26)&CHAR(10)&HOUR(INDEX(Shifts!$H$8:$H$5007,X26))&":"&RIGHT("0"&MINUTE(INDEX(Shifts!$H$8:$H$5007,X26)),2)&"–"&HOUR(INDEX(Shifts!$I$8:$I$5007,X26))&":"&RIGHT("0"&MINUTE(INDEX(Shifts!$I$8:$I$5007,X26)),2))) | H26: =IF(Q26=0,"",IF(Q26>1,INDEX(Lang!$B$90:$B$92,Q26-1),INDEX(Shifts!$C$8:$C$5007,Y26)&CHAR(10)&HOUR(INDEX(Shifts!$H$8:$H$5007,Y26))&":"&RIGHT("0"&MINUTE(INDEX(Shifts!$H$8:$H$5007,Y26)),2)&"–"&HOUR(INDEX(Shifts!$I$8:$I$5007,Y26))&":"&RIGHT("0"&MINUTE(INDEX(Shifts!$I$8:$I$5007,Y26)),2))) | I26: =IF(R26=0,"",IF(R26>1,INDEX(Lang!$B$90:$B$92,R26-1),INDEX(Shifts!$C$8:$C$5007,Z26)&CHAR(10)&HOUR(INDEX(Shifts!$H$8:$H$5007,Z26))&":"&RIGHT("0"&MINUTE(INDEX(Shifts!$H$8:$H$5007,Z26)),2)&"–"&HOUR(INDEX(Shifts!$I$8:$I$5007,Z26))&":"&RIGHT("0"&MINUTE(INDEX(Shifts!$I$8:$I$5007,Z26)),2))) | J26: =IF(S26=0,"",IF(S26>1,INDEX(Lang!$B$90:$B$92,S26-1),INDEX(Shifts!$C$8:$C$5007,AA26)&CHAR(10)&HOUR(INDEX(Shifts!$H$8:$H$5007,AA26))&":"&RIGHT("0"&MINUTE(INDEX(Shifts!$H$8:$H$5007,AA26)),2)&"–"&HOUR(INDEX(Shifts!$I$8:$I$5007,AA26))&":"&RIGHT("0"&MINUTE(INDEX(Shifts!$I$8:$I$5007,AA26)),2))) | K26: =IF($B26="","",SUMIFS(Shifts!$G$8:$G$5007,Shifts!$B$8:$B$5007,$B26,Shifts!$A$8:$A$5007,">="&Calc!$B$10,Shifts!$A$8:$A$5007,"<"&Calc!$B$10+7)) | M26: =IF($B26="",0,IF(AC26>0,1+MAX(1,INDEX(Leave!$G:$G,AC26)),IF(U26>0,1,0))) | N26: =IF($B26="",0,IF(AD26>0,1+MAX(1,INDEX(Leave!$G:$G,AD26)),IF(V26>0,1,0))) | O26: =IF($B26="",0,IF(AE26>0,1+MAX(1,INDEX(Leave!$G:$G,AE26)),IF(W26>0,1,0))) | P26: =IF($B26="",0,IF(AF26>0,1+MAX(1,INDEX(Leave!$G:$G,AF26)),IF(X26>0,1,0))) | Q26: =IF($B26="",0,IF(AG26>0,1+MAX(1,INDEX(Leave!$G:$G,AG26)),IF(Y26>0,1,0))) | R26: =IF($B26="",0,IF(AH26>0,1+MAX(1,INDEX(Leave!$G:$G,AH26)),IF(Z26>0,1,0))) | S26: =IF($B26="",0,IF(AI26>0,1+MAX(1,INDEX(Leave!$G:$G,AI26)),IF(AA26>0,1,0))) | U26: =IF($B26="",0,IFERROR(MATCH($B26&"|"&M$7,Shifts!$K$8:$K$5007,0),0)) | V26: =IF($B26="",0,IFERROR(MATCH($B26&"|"&N$7,Shifts!$K$8:$K$5007,0),0)) | W26: =IF($B26="",0,IFERROR(MATCH($B26&"|"&O$7,Shifts!$K$8:$K$5007,0),0)) | X26: =IF($B26="",0,IFERROR(MATCH($B26&"|"&P$7,Shifts!$K$8:$K$5007,0),0)) | Y26: =IF($B26="",0,IFERROR(MATCH($B26&"|"&Q$7,Shifts!$K$8:$K$5007,0),0)) | Z26: =IF($B26="",0,IFERROR(MATCH($B26&"|"&R$7,Shifts!$K$8:$K$5007,0),0)) | AA26: =IF($B26="",0,IFERROR(MATCH($B26&"|"&S$7,Shifts!$K$8:$K$5007,0),0)) | AC26: =IF($B26="",0,SUMPRODUCT(MAX((Leave!$A$8:$A$507=$B26)*(Leave!$C$8:$C$507<=M$7)*(Leave!$D$8:$D$507>=M$7)*ROW(Leave!$A$8:$A$507)))) | AD26: =IF($B26="",0,SUMPRODUCT(MAX((Leave!$A$8:$A$507=$B26)*(Leave!$C$8:$C$507<=N$7)*(Leave!$D$8:$D$507>=N$7)*ROW(Leave!$A$8:$A$507)))) | AE26: =IF($B26="",0,SUMPRODUCT(MAX((Leave!$A$8:$A$507=$B26)*(Leave!$C$8:$C$507<=O$7)*(Leave!$D$8:$D$507>=O$7)*ROW(Leave!$A$8:$A$507)))) | AF26: =IF($B26="",0,SUMPRODUCT(MAX((Leave!$A$8:$A$507=$B26)*(Leave!$C$8:$C$507<=P$7)*(Leave!$D$8:$D$507>=P$7)*ROW(Leave!$A$8:$A$507)))) | AG26: =IF($B26="",0,SUMPRODUCT(MAX((Leave!$A$8:$A$507=$B26)*(Leave!$C$8:$C$507<=Q$7)*(Leave!$D$8:$D$507>=Q$7)*ROW(Leave!$A$8:$A$507)))) | AH26: =IF($B26="",0,SUMPRODUCT(MAX((Leave!$A$8:$A$507=$B26)*(Leave!$C$8:$C$507<=R$7)*(Leave!$D$8:$D$507>=R$7)*ROW(Leave!$A$8:$A$507)))) | AI26: =IF($B26="",0,SUMPRODUCT(MAX((Leave!$A$8:$A$507=$B26)*(Leave!$C$8:$C$507<=S$7)*(Leave!$D$8:$D$507>=S$7)*ROW(Leave!$A$8:$A$507))))
B27: =IF(Staff!$A$22="","",Staff!$A$22) | C27: =IF(Staff!$A$22="","",Staff!$B$22&"") | D27: =IF(M27=0,"",IF(M27>1,INDEX(Lang!$B$90:$B$92,M27-1),INDEX(Shifts!$C$8:$C$5007,U27)&CHAR(10)&HOUR(INDEX(Shifts!$H$8:$H$5007,U27))&":"&RIGHT("0"&MINUTE(INDEX(Shifts!$H$8:$H$5007,U27)),2)&"–"&HOUR(INDEX(Shifts!$I$8:$I$5007,U27))&":"&RIGHT("0"&MINUTE(INDEX(Shifts!$I$8:$I$5007,U27)),2))) | E27: =IF(N27=0,"",IF(N27>1,INDEX(Lang!$B$90:$B$92,N27-1),INDEX(Shifts!$C$8:$C$5007,V27)&CHAR(10)&HOUR(INDEX(Shifts!$H$8:$H$5007,V27))&":"&RIGHT("0"&MINUTE(INDEX(Shifts!$H$8:$H$5007,V27)),2)&"–"&HOUR(INDEX(Shifts!$I$8:$I$5007,V27))&":"&RIGHT("0"&MINUTE(INDEX(Shifts!$I$8:$I$5007,V27)),2))) | F27: =IF(O27=0,"",IF(O27>1,INDEX(Lang!$B$90:$B$92,O27-1),INDEX(Shifts!$C$8:$C$5007,W27)&CHAR(10)&HOUR(INDEX(Shifts!$H$8:$H$5007,W27))&":"&RIGHT("0"&MINUTE(INDEX(Shifts!$H$8:$H$5007,W27)),2)&"–"&HOUR(INDEX(Shifts!$I$8:$I$5007,W27))&":"&RIGHT("0"&MINUTE(INDEX(Shifts!$I$8:$I$5007,W27)),2))) | G27: =IF(P27=0,"",IF(P27>1,INDEX(Lang!$B$90:$B$92,P27-1),INDEX(Shifts!$C$8:$C$5007,X27)&CHAR(10)&HOUR(INDEX(Shifts!$H$8:$H$5007,X27))&":"&RIGHT("0"&MINUTE(INDEX(Shifts!$H$8:$H$5007,X27)),2)&"–"&HOUR(INDEX(Shifts!$I$8:$I$5007,X27))&":"&RIGHT("0"&MINUTE(INDEX(Shifts!$I$8:$I$5007,X27)),2))) | H27: =IF(Q27=0,"",IF(Q27>1,INDEX(Lang!$B$90:$B$92,Q27-1),INDEX(Shifts!$C$8:$C$5007,Y27)&CHAR(10)&HOUR(INDEX(Shifts!$H$8:$H$5007,Y27))&":"&RIGHT("0"&MINUTE(INDEX(Shifts!$H$8:$H$5007,Y27)),2)&"–"&HOUR(INDEX(Shifts!$I$8:$I$5007,Y27))&":"&RIGHT("0"&MINUTE(INDEX(Shifts!$I$8:$I$5007,Y27)),2))) | I27: =IF(R27=0,"",IF(R27>1,INDEX(Lang!$B$90:$B$92,R27-1),INDEX(Shifts!$C$8:$C$5007,Z27)&CHAR(10)&HOUR(INDEX(Shifts!$H$8:$H$5007,Z27))&":"&RIGHT("0"&MINUTE(INDEX(Shifts!$H$8:$H$5007,Z27)),2)&"–"&HOUR(INDEX(Shifts!$I$8:$I$5007,Z27))&":"&RIGHT("0"&MINUTE(INDEX(Shifts!$I$8:$I$5007,Z27)),2))) | J27: =IF(S27=0,"",IF(S27>1,INDEX(Lang!$B$90:$B$92,S27-1),INDEX(Shifts!$C$8:$C$5007,AA27)&CHAR(10)&HOUR(INDEX(Shifts!$H$8:$H$5007,AA27))&":"&RIGHT("0"&MINUTE(INDEX(Shifts!$H$8:$H$5007,AA27)),2)&"–"&HOUR(INDEX(Shifts!$I$8:$I$5007,AA27))&":"&RIGHT("0"&MINUTE(INDEX(Shifts!$I$8:$I$5007,AA27)),2))) | K27: =IF($B27="","",SUMIFS(Shifts!$G$8:$G$5007,Shifts!$B$8:$B$5007,$B27,Shifts!$A$8:$A$5007,">="&Calc!$B$10,Shifts!$A$8:$A$5007,"<"&Calc!$B$10+7)) | M27: =IF($B27="",0,IF(AC27>0,1+MAX(1,INDEX(Leave!$G:$G,AC27)),IF(U27>0,1,0))) | N27: =IF($B27="",0,IF(AD27>0,1+MAX(1,INDEX(Leave!$G:$G,AD27)),IF(V27>0,1,0))) | O27: =IF($B27="",0,IF(AE27>0,1+MAX(1,INDEX(Leave!$G:$G,AE27)),IF(W27>0,1,0))) | P27: =IF($B27="",0,IF(AF27>0,1+MAX(1,INDEX(Leave!$G:$G,AF27)),IF(X27>0,1,0))) | Q27: =IF($B27="",0,IF(AG27>0,1+MAX(1,INDEX(Leave!$G:$G,AG27)),IF(Y27>0,1,0))) | R27: =IF($B27="",0,IF(AH27>0,1+MAX(1,INDEX(Leave!$G:$G,AH27)),IF(Z27>0,1,0))) | S27: =IF($B27="",0,IF(AI27>0,1+MAX(1,INDEX(Leave!$G:$G,AI27)),IF(AA27>0,1,0))) | U27: =IF($B27="",0,IFERROR(MATCH($B27&"|"&M$7,Shifts!$K$8:$K$5007,0),0)) | V27: =IF($B27="",0,IFERROR(MATCH($B27&"|"&N$7,Shifts!$K$8:$K$5007,0),0)) | W27: =IF($B27="",0,IFERROR(MATCH($B27&"|"&O$7,Shifts!$K$8:$K$5007,0),0)) | X27: =IF($B27="",0,IFERROR(MATCH($B27&"|"&P$7,Shifts!$K$8:$K$5007,0),0)) | Y27: =IF($B27="",0,IFERROR(MATCH($B27&"|"&Q$7,Shifts!$K$8:$K$5007,0),0)) | Z27: =IF($B27="",0,IFERROR(MATCH($B27&"|"&R$7,Shifts!$K$8:$K$5007,0),0)) | AA27: =IF($B27="",0,IFERROR(MATCH($B27&"|"&S$7,Shifts!$K$8:$K$5007,0),0)) | AC27: =IF($B27="",0,SUMPRODUCT(MAX((Leave!$A$8:$A$507=$B27)*(Leave!$C$8:$C$507<=M$7)*(Leave!$D$8:$D$507>=M$7)*ROW(Leave!$A$8:$A$507)))) | AD27: =IF($B27="",0,SUMPRODUCT(MAX((Leave!$A$8:$A$507=$B27)*(Leave!$C$8:$C$507<=N$7)*(Leave!$D$8:$D$507>=N$7)*ROW(Leave!$A$8:$A$507)))) | AE27: =IF($B27="",0,SUMPRODUCT(MAX((Leave!$A$8:$A$507=$B27)*(Leave!$C$8:$C$507<=O$7)*(Leave!$D$8:$D$507>=O$7)*ROW(Leave!$A$8:$A$507)))) | AF27: =IF($B27="",0,SUMPRODUCT(MAX((Leave!$A$8:$A$507=$B27)*(Leave!$C$8:$C$507<=P$7)*(Leave!$D$8:$D$507>=P$7)*ROW(Leave!$A$8:$A$507)))) | AG27: =IF($B27="",0,SUMPRODUCT(MAX((Leave!$A$8:$A$507=$B27)*(Leave!$C$8:$C$507<=Q$7)*(Leave!$D$8:$D$507>=Q$7)*ROW(Leave!$A$8:$A$507)))) | AH27: =IF($B27="",0,SUMPRODUCT(MAX((Leave!$A$8:$A$507=$B27)*(Leave!$C$8:$C$507<=R$7)*(Leave!$D$8:$D$507>=R$7)*ROW(Leave!$A$8:$A$507)))) | AI27: =IF($B27="",0,SUMPRODUCT(MAX((Leave!$A$8:$A$507=$B27)*(Leave!$C$8:$C$507<=S$7)*(Leave!$D$8:$D$507>=S$7)*ROW(Leave!$A$8:$A$507))))
B28: =IF(Staff!$A$23="","",Staff!$A$23) | C28: =IF(Staff!$A$23="","",Staff!$B$23&"") | D28: =IF(M28=0,"",IF(M28>1,INDEX(Lang!$B$90:$B$92,M28-1),INDEX(Shifts!$C$8:$C$5007,U28)&CHAR(10)&HOUR(INDEX(Shifts!$H$8:$H$5007,U28))&":"&RIGHT("0"&MINUTE(INDEX(Shifts!$H$8:$H$5007,U28)),2)&"–"&HOUR(INDEX(Shifts!$I$8:$I$5007,U28))&":"&RIGHT("0"&MINUTE(INDEX(Shifts!$I$8:$I$5007,U28)),2))) | E28: =IF(N28=0,"",IF(N28>1,INDEX(Lang!$B$90:$B$92,N28-1),INDEX(Shifts!$C$8:$C$5007,V28)&CHAR(10)&HOUR(INDEX(Shifts!$H$8:$H$5007,V28))&":"&RIGHT("0"&MINUTE(INDEX(Shifts!$H$8:$H$5007,V28)),2)&"–"&HOUR(INDEX(Shifts!$I$8:$I$5007,V28))&":"&RIGHT("0"&MINUTE(INDEX(Shifts!$I$8:$I$5007,V28)),2))) | F28: =IF(O28=0,"",IF(O28>1,INDEX(Lang!$B$90:$B$92,O28-1),INDEX(Shifts!$C$8:$C$5007,W28)&CHAR(10)&HOUR(INDEX(Shifts!$H$8:$H$5007,W28))&":"&RIGHT("0"&MINUTE(INDEX(Shifts!$H$8:$H$5007,W28)),2)&"–"&HOUR(INDEX(Shifts!$I$8:$I$5007,W28))&":"&RIGHT("0"&MINUTE(INDEX(Shifts!$I$8:$I$5007,W28)),2))) | G28: =IF(P28=0,"",IF(P28>1,INDEX(Lang!$B$90:$B$92,P28-1),INDEX(Shifts!$C$8:$C$5007,X28)&CHAR(10)&HOUR(INDEX(Shifts!$H$8:$H$5007,X28))&":"&RIGHT("0"&MINUTE(INDEX(Shifts!$H$8:$H$5007,X28)),2)&"–"&HOUR(INDEX(Shifts!$I$8:$I$5007,X28))&":"&RIGHT("0"&MINUTE(INDEX(Shifts!$I$8:$I$5007,X28)),2))) | H28: =IF(Q28=0,"",IF(Q28>1,INDEX(Lang!$B$90:$B$92,Q28-1),INDEX(Shifts!$C$8:$C$5007,Y28)&CHAR(10)&HOUR(INDEX(Shifts!$H$8:$H$5007,Y28))&":"&RIGHT("0"&MINUTE(INDEX(Shifts!$H$8:$H$5007,Y28)),2)&"–"&HOUR(INDEX(Shifts!$I$8:$I$5007,Y28))&":"&RIGHT("0"&MINUTE(INDEX(Shifts!$I$8:$I$5007,Y28)),2))) | I28: =IF(R28=0,"",IF(R28>1,INDEX(Lang!$B$90:$B$92,R28-1),INDEX(Shifts!$C$8:$C$5007,Z28)&CHAR(10)&HOUR(INDEX(Shifts!$H$8:$H$5007,Z28))&":"&RIGHT("0"&MINUTE(INDEX(Shifts!$H$8:$H$5007,Z28)),2)&"–"&HOUR(INDEX(Shifts!$I$8:$I$5007,Z28))&":"&RIGHT("0"&MINUTE(INDEX(Shifts!$I$8:$I$5007,Z28)),2))) | J28: =IF(S28=0,"",IF(S28>1,INDEX(Lang!$B$90:$B$92,S28-1),INDEX(Shifts!$C$8:$C$5007,AA28)&CHAR(10)&HOUR(INDEX(Shifts!$H$8:$H$5007,AA28))&":"&RIGHT("0"&MINUTE(INDEX(Shifts!$H$8:$H$5007,AA28)),2)&"–"&HOUR(INDEX(Shifts!$I$8:$I$5007,AA28))&":"&RIGHT("0"&MINUTE(INDEX(Shifts!$I$8:$I$5007,AA28)),2))) | K28: =IF($B28="","",SUMIFS(Shifts!$G$8:$G$5007,Shifts!$B$8:$B$5007,$B28,Shifts!$A$8:$A$5007,">="&Calc!$B$10,Shifts!$A$8:$A$5007,"<"&Calc!$B$10+7)) | M28: =IF($B28="",0,IF(AC28>0,1+MAX(1,INDEX(Leave!$G:$G,AC28)),IF(U28>0,1,0))) | N28: =IF($B28="",0,IF(AD28>0,1+MAX(1,INDEX(Leave!$G:$G,AD28)),IF(V28>0,1,0))) | O28: =IF($B28="",0,IF(AE28>0,1+MAX(1,INDEX(Leave!$G:$G,AE28)),IF(W28>0,1,0))) | P28: =IF($B28="",0,IF(AF28>0,1+MAX(1,INDEX(Leave!$G:$G,AF28)),IF(X28>0,1,0))) | Q28: =IF($B28="",0,IF(AG28>0,1+MAX(1,INDEX(Leave!$G:$G,AG28)),IF(Y28>0,1,0))) | R28: =IF($B28="",0,IF(AH28>0,1+MAX(1,INDEX(Leave!$G:$G,AH28)),IF(Z28>0,1,0))) | S28: =IF($B28="",0,IF(AI28>0,1+MAX(1,INDEX(Leave!$G:$G,AI28)),IF(AA28>0,1,0))) | U28: =IF($B28="",0,IFERROR(MATCH($B28&"|"&M$7,Shifts!$K$8:$K$5007,0),0)) | V28: =IF($B28="",0,IFERROR(MATCH($B28&"|"&N$7,Shifts!$K$8:$K$5007,0),0)) | W28: =IF($B28="",0,IFERROR(MATCH($B28&"|"&O$7,Shifts!$K$8:$K$5007,0),0)) | X28: =IF($B28="",0,IFERROR(MATCH($B28&"|"&P$7,Shifts!$K$8:$K$5007,0),0)) | Y28: =IF($B28="",0,IFERROR(MATCH($B28&"|"&Q$7,Shifts!$K$8:$K$5007,0),0)) | Z28: =IF($B28="",0,IFERROR(MATCH($B28&"|"&R$7,Shifts!$K$8:$K$5007,0),0)) | AA28: =IF($B28="",0,IFERROR(MATCH($B28&"|"&S$7,Shifts!$K$8:$K$5007,0),0)) | AC28: =IF($B28="",0,SUMPRODUCT(MAX((Leave!$A$8:$A$507=$B28)*(Leave!$C$8:$C$507<=M$7)*(Leave!$D$8:$D$507>=M$7)*ROW(Leave!$A$8:$A$507)))) | AD28: =IF($B28="",0,SUMPRODUCT(MAX((Leave!$A$8:$A$507=$B28)*(Leave!$C$8:$C$507<=N$7)*(Leave!$D$8:$D$507>=N$7)*ROW(Leave!$A$8:$A$507)))) | AE28: =IF($B28="",0,SUMPRODUCT(MAX((Leave!$A$8:$A$507=$B28)*(Leave!$C$8:$C$507<=O$7)*(Leave!$D$8:$D$507>=O$7)*ROW(Leave!$A$8:$A$507)))) | AF28: =IF($B28="",0,SUMPRODUCT(MAX((Leave!$A$8:$A$507=$B28)*(Leave!$C$8:$C$507<=P$7)*(Leave!$D$8:$D$507>=P$7)*ROW(Leave!$A$8:$A$507)))) | AG28: =IF($B28="",0,SUMPRODUCT(MAX((Leave!$A$8:$A$507=$B28)*(Leave!$C$8:$C$507<=Q$7)*(Leave!$D$8:$D$507>=Q$7)*ROW(Leave!$A$8:$A$507)))) | AH28: =IF($B28="",0,SUMPRODUCT(MAX((Leave!$A$8:$A$507=$B28)*(Leave!$C$8:$C$507<=R$7)*(Leave!$D$8:$D$507>=R$7)*ROW(Leave!$A$8:$A$507)))) | AI28: =IF($B28="",0,SUMPRODUCT(MAX((Leave!$A$8:$A$507=$B28)*(Leave!$C$8:$C$507<=S$7)*(Leave!$D$8:$D$507>=S$7)*ROW(Leave!$A$8:$A$507))))
B29: =IF(Staff!$A$24="","",Staff!$A$24) | C29: =IF(Staff!$A$24="","",Staff!$B$24&"") | D29: =IF(M29=0,"",IF(M29>1,INDEX(Lang!$B$90:$B$92,M29-1),INDEX(Shifts!$C$8:$C$5007,U29)&CHAR(10)&HOUR(INDEX(Shifts!$H$8:$H$5007,U29))&":"&RIGHT("0"&MINUTE(INDEX(Shifts!$H$8:$H$5007,U29)),2)&"–"&HOUR(INDEX(Shifts!$I$8:$I$5007,U29))&":"&RIGHT("0"&MINUTE(INDEX(Shifts!$I$8:$I$5007,U29)),2))) | E29: =IF(N29=0,"",IF(N29>1,INDEX(Lang!$B$90:$B$92,N29-1),INDEX(Shifts!$C$8:$C$5007,V29)&CHAR(10)&HOUR(INDEX(Shifts!$H$8:$H$5007,V29))&":"&RIGHT("0"&MINUTE(INDEX(Shifts!$H$8:$H$5007,V29)),2)&"–"&HOUR(INDEX(Shifts!$I$8:$I$5007,V29))&":"&RIGHT("0"&MINUTE(INDEX(Shifts!$I$8:$I$5007,V29)),2))) | F29: =IF(O29=0,"",IF(O29>1,INDEX(Lang!$B$90:$B$92,O29-1),INDEX(Shifts!$C$8:$C$5007,W29)&CHAR(10)&HOUR(INDEX(Shifts!$H$8:$H$5007,W29))&":"&RIGHT("0"&MINUTE(INDEX(Shifts!$H$8:$H$5007,W29)),2)&"–"&HOUR(INDEX(Shifts!$I$8:$I$5007,W29))&":"&RIGHT("0"&MINUTE(INDEX(Shifts!$I$8:$I$5007,W29)),2))) | G29: =IF(P29=0,"",IF(P29>1,INDEX(Lang!$B$90:$B$92,P29-1),INDEX(Shifts!$C$8:$C$5007,X29)&CHAR(10)&HOUR(INDEX(Shifts!$H$8:$H$5007,X29))&":"&RIGHT("0"&MINUTE(INDEX(Shifts!$H$8:$H$5007,X29)),2)&"–"&HOUR(INDEX(Shifts!$I$8:$I$5007,X29))&":"&RIGHT("0"&MINUTE(INDEX(Shifts!$I$8:$I$5007,X29)),2))) | H29: =IF(Q29=0,"",IF(Q29>1,INDEX(Lang!$B$90:$B$92,Q29-1),INDEX(Shifts!$C$8:$C$5007,Y29)&CHAR(10)&HOUR(INDEX(Shifts!$H$8:$H$5007,Y29))&":"&RIGHT("0"&MINUTE(INDEX(Shifts!$H$8:$H$5007,Y29)),2)&"–"&HOUR(INDEX(Shifts!$I$8:$I$5007,Y29))&":"&RIGHT("0"&MINUTE(INDEX(Shifts!$I$8:$I$5007,Y29)),2))) | I29: =IF(R29=0,"",IF(R29>1,INDEX(Lang!$B$90:$B$92,R29-1),INDEX(Shifts!$C$8:$C$5007,Z29)&CHAR(10)&HOUR(INDEX(Shifts!$H$8:$H$5007,Z29))&":"&RIGHT("0"&MINUTE(INDEX(Shifts!$H$8:$H$5007,Z29)),2)&"–"&HOUR(INDEX(Shifts!$I$8:$I$5007,Z29))&":"&RIGHT("0"&MINUTE(INDEX(Shifts!$I$8:$I$5007,Z29)),2))) | J29: =IF(S29=0,"",IF(S29>1,INDEX(Lang!$B$90:$B$92,S29-1),INDEX(Shifts!$C$8:$C$5007,AA29)&CHAR(10)&HOUR(INDEX(Shifts!$H$8:$H$5007,AA29))&":"&RIGHT("0"&MINUTE(INDEX(Shifts!$H$8:$H$5007,AA29)),2)&"–"&HOUR(INDEX(Shifts!$I$8:$I$5007,AA29))&":"&RIGHT("0"&MINUTE(INDEX(Shifts!$I$8:$I$5007,AA29)),2))) | K29: =IF($B29="","",SUMIFS(Shifts!$G$8:$G$5007,Shifts!$B$8:$B$5007,$B29,Shifts!$A$8:$A$5007,">="&Calc!$B$10,Shifts!$A$8:$A$5007,"<"&Calc!$B$10+7)) | M29: =IF($B29="",0,IF(AC29>0,1+MAX(1,INDEX(Leave!$G:$G,AC29)),IF(U29>0,1,0))) | N29: =IF($B29="",0,IF(AD29>0,1+MAX(1,INDEX(Leave!$G:$G,AD29)),IF(V29>0,1,0))) | O29: =IF($B29="",0,IF(AE29>0,1+MAX(1,INDEX(Leave!$G:$G,AE29)),IF(W29>0,1,0))) | P29: =IF($B29="",0,IF(AF29>0,1+MAX(1,INDEX(Leave!$G:$G,AF29)),IF(X29>0,1,0))) | Q29: =IF($B29="",0,IF(AG29>0,1+MAX(1,INDEX(Leave!$G:$G,AG29)),IF(Y29>0,1,0))) | R29: =IF($B29="",0,IF(AH29>0,1+MAX(1,INDEX(Leave!$G:$G,AH29)),IF(Z29>0,1,0))) | S29: =IF($B29="",0,IF(AI29>0,1+MAX(1,INDEX(Leave!$G:$G,AI29)),IF(AA29>0,1,0))) | U29: =IF($B29="",0,IFERROR(MATCH($B29&"|"&M$7,Shifts!$K$8:$K$5007,0),0)) | V29: =IF($B29="",0,IFERROR(MATCH($B29&"|"&N$7,Shifts!$K$8:$K$5007,0),0)) | W29: =IF($B29="",0,IFERROR(MATCH($B29&"|"&O$7,Shifts!$K$8:$K$5007,0),0)) | X29: =IF($B29="",0,IFERROR(MATCH($B29&"|"&P$7,Shifts!$K$8:$K$5007,0),0)) | Y29: =IF($B29="",0,IFERROR(MATCH($B29&"|"&Q$7,Shifts!$K$8:$K$5007,0),0)) | Z29: =IF($B29="",0,IFERROR(MATCH($B29&"|"&R$7,Shifts!$K$8:$K$5007,0),0)) | AA29: =IF($B29="",0,IFERROR(MATCH($B29&"|"&S$7,Shifts!$K$8:$K$5007,0),0)) | AC29: =IF($B29="",0,SUMPRODUCT(MAX((Leave!$A$8:$A$507=$B29)*(Leave!$C$8:$C$507<=M$7)*(Leave!$D$8:$D$507>=M$7)*ROW(Leave!$A$8:$A$507)))) | AD29: =IF($B29="",0,SUMPRODUCT(MAX((Leave!$A$8:$A$507=$B29)*(Leave!$C$8:$C$507<=N$7)*(Leave!$D$8:$D$507>=N$7)*ROW(Leave!$A$8:$A$507)))) | AE29: =IF($B29="",0,SUMPRODUCT(MAX((Leave!$A$8:$A$507=$B29)*(Leave!$C$8:$C$507<=O$7)*(Leave!$D$8:$D$507>=O$7)*ROW(Leave!$A$8:$A$507)))) | AF29: =IF($B29="",0,SUMPRODUCT(MAX((Leave!$A$8:$A$507=$B29)*(Leave!$C$8:$C$507<=P$7)*(Leave!$D$8:$D$507>=P$7)*ROW(Leave!$A$8:$A$507)))) | AG29: =IF($B29="",0,SUMPRODUCT(MAX((Leave!$A$8:$A$507=$B29)*(Leave!$C$8:$C$507<=Q$7)*(Leave!$D$8:$D$507>=Q$7)*ROW(Leave!$A$8:$A$507)))) | AH29: =IF($B29="",0,SUMPRODUCT(MAX((Leave!$A$8:$A$507=$B29)*(Leave!$C$8:$C$507<=R$7)*(Leave!$D$8:$D$507>=R$7)*ROW(Leave!$A$8:$A$507)))) | AI29: =IF($B29="",0,SUMPRODUCT(MAX((Leave!$A$8:$A$507=$B29)*(Leave!$C$8:$C$507<=S$7)*(Leave!$D$8:$D$507>=S$7)*ROW(Leave!$A$8:$A$507))))
B30: =IF(Staff!$A$25="","",Staff!$A$25) | C30: =IF(Staff!$A$25="","",Staff!$B$25&"") | D30: =IF(M30=0,"",IF(M30>1,INDEX(Lang!$B$90:$B$92,M30-1),INDEX(Shifts!$C$8:$C$5007,U30)&CHAR(10)&HOUR(INDEX(Shifts!$H$8:$H$5007,U30))&":"&RIGHT("0"&MINUTE(INDEX(Shifts!$H$8:$H$5007,U30)),2)&"–"&HOUR(INDEX(Shifts!$I$8:$I$5007,U30))&":"&RIGHT("0"&MINUTE(INDEX(Shifts!$I$8:$I$5007,U30)),2))) | E30: =IF(N30=0,"",IF(N30>1,INDEX(Lang!$B$90:$B$92,N30-1),INDEX(Shifts!$C$8:$C$5007,V30)&CHAR(10)&HOUR(INDEX(Shifts!$H$8:$H$5007,V30))&":"&RIGHT("0"&MINUTE(INDEX(Shifts!$H$8:$H$5007,V30)),2)&"–"&HOUR(INDEX(Shifts!$I$8:$I$5007,V30))&":"&RIGHT("0"&MINUTE(INDEX(Shifts!$I$8:$I$5007,V30)),2))) | F30: =IF(O30=0,"",IF(O30>1,INDEX(Lang!$B$90:$B$92,O30-1),INDEX(Shifts!$C$8:$C$5007,W30)&CHAR(10)&HOUR(INDEX(Shifts!$H$8:$H$5007,W30))&":"&RIGHT("0"&MINUTE(INDEX(Shifts!$H$8:$H$5007,W30)),2)&"–"&HOUR(INDEX(Shifts!$I$8:$I$5007,W30))&":"&RIGHT("0"&MINUTE(INDEX(Shifts!$I$8:$I$5007,W30)),2))) | G30: =IF(P30=0,"",IF(P30>1,INDEX(Lang!$B$90:$B$92,P30-1),INDEX(Shifts!$C$8:$C$5007,X30)&CHAR(10)&HOUR(INDEX(Shifts!$H$8:$H$5007,X30))&":"&RIGHT("0"&MINUTE(INDEX(Shifts!$H$8:$H$5007,X30)),2)&"–"&HOUR(INDEX(Shifts!$I$8:$I$5007,X30))&":"&RIGHT("0"&MINUTE(INDEX(Shifts!$I$8:$I$5007,X30)),2))) | H30: =IF(Q30=0,"",IF(Q30>1,INDEX(Lang!$B$90:$B$92,Q30-1),INDEX(Shifts!$C$8:$C$5007,Y30)&CHAR(10)&HOUR(INDEX(Shifts!$H$8:$H$5007,Y30))&":"&RIGHT("0"&MINUTE(INDEX(Shifts!$H$8:$H$5007,Y30)),2)&"–"&HOUR(INDEX(Shifts!$I$8:$I$5007,Y30))&":"&RIGHT("0"&MINUTE(INDEX(Shifts!$I$8:$I$5007,Y30)),2))) | I30: =IF(R30=0,"",IF(R30>1,INDEX(Lang!$B$90:$B$92,R30-1),INDEX(Shifts!$C$8:$C$5007,Z30)&CHAR(10)&HOUR(INDEX(Shifts!$H$8:$H$5007,Z30))&":"&RIGHT("0"&MINUTE(INDEX(Shifts!$H$8:$H$5007,Z30)),2)&"–"&HOUR(INDEX(Shifts!$I$8:$I$5007,Z30))&":"&RIGHT("0"&MINUTE(INDEX(Shifts!$I$8:$I$5007,Z30)),2))) | J30: =IF(S30=0,"",IF(S30>1,INDEX(Lang!$B$90:$B$92,S30-1),INDEX(Shifts!$C$8:$C$5007,AA30)&CHAR(10)&HOUR(INDEX(Shifts!$H$8:$H$5007,AA30))&":"&RIGHT("0"&MINUTE(INDEX(Shifts!$H$8:$H$5007,AA30)),2)&"–"&HOUR(INDEX(Shifts!$I$8:$I$5007,AA30))&":"&RIGHT("0"&MINUTE(INDEX(Shifts!$I$8:$I$5007,AA30)),2))) | K30: =IF($B30="","",SUMIFS(Shifts!$G$8:$G$5007,Shifts!$B$8:$B$5007,$B30,Shifts!$A$8:$A$5007,">="&Calc!$B$10,Shifts!$A$8:$A$5007,"<"&Calc!$B$10+7)) | M30: =IF($B30="",0,IF(AC30>0,1+MAX(1,INDEX(Leave!$G:$G,AC30)),IF(U30>0,1,0))) | N30: =IF($B30="",0,IF(AD30>0,1+MAX(1,INDEX(Leave!$G:$G,AD30)),IF(V30>0,1,0))) | O30: =IF($B30="",0,IF(AE30>0,1+MAX(1,INDEX(Leave!$G:$G,AE30)),IF(W30>0,1,0))) | P30: =IF($B30="",0,IF(AF30>0,1+MAX(1,INDEX(Leave!$G:$G,AF30)),IF(X30>0,1,0))) | Q30: =IF($B30="",0,IF(AG30>0,1+MAX(1,INDEX(Leave!$G:$G,AG30)),IF(Y30>0,1,0))) | R30: =IF($B30="",0,IF(AH30>0,1+MAX(1,INDEX(Leave!$G:$G,AH30)),IF(Z30>0,1,0))) | S30: =IF($B30="",0,IF(AI30>0,1+MAX(1,INDEX(Leave!$G:$G,AI30)),IF(AA30>0,1,0))) | U30: =IF($B30="",0,IFERROR(MATCH($B30&"|"&M$7,Shifts!$K$8:$K$5007,0),0)) | V30: =IF($B30="",0,IFERROR(MATCH($B30&"|"&N$7,Shifts!$K$8:$K$5007,0),0)) | W30: =IF($B30="",0,IFERROR(MATCH($B30&"|"&O$7,Shifts!$K$8:$K$5007,0),0)) | X30: =IF($B30="",0,IFERROR(MATCH($B30&"|"&P$7,Shifts!$K$8:$K$5007,0),0)) | Y30: =IF($B30="",0,IFERROR(MATCH($B30&"|"&Q$7,Shifts!$K$8:$K$5007,0),0)) | Z30: =IF($B30="",0,IFERROR(MATCH($B30&"|"&R$7,Shifts!$K$8:$K$5007,0),0)) | AA30: =IF($B30="",0,IFERROR(MATCH($B30&"|"&S$7,Shifts!$K$8:$K$5007,0),0)) | AC30: =IF($B30="",0,SUMPRODUCT(MAX((Leave!$A$8:$A$507=$B30)*(Leave!$C$8:$C$507<=M$7)*(Leave!$D$8:$D$507>=M$7)*ROW(Leave!$A$8:$A$507)))) | AD30: =IF($B30="",0,SUMPRODUCT(MAX((Leave!$A$8:$A$507=$B30)*(Leave!$C$8:$C$507<=N$7)*(Leave!$D$8:$D$507>=N$7)*ROW(Leave!$A$8:$A$507)))) | AE30: =IF($B30="",0,SUMPRODUCT(MAX((Leave!$A$8:$A$507=$B30)*(Leave!$C$8:$C$507<=O$7)*(Leave!$D$8:$D$507>=O$7)*ROW(Leave!$A$8:$A$507)))) | AF30: =IF($B30="",0,SUMPRODUCT(MAX((Leave!$A$8:$A$507=$B30)*(Leave!$C$8:$C$507<=P$7)*(Leave!$D$8:$D$507>=P$7)*ROW(Leave!$A$8:$A$507)))) | AG30: =IF($B30="",0,SUMPRODUCT(MAX((Leave!$A$8:$A$507=$B30)*(Leave!$C$8:$C$507<=Q$7)*(Leave!$D$8:$D$507>=Q$7)*ROW(Leave!$A$8:$A$507)))) | AH30: =IF($B30="",0,SUMPRODUCT(MAX((Leave!$A$8:$A$507=$B30)*(Leave!$C$8:$C$507<=R$7)*(Leave!$D$8:$D$507>=R$7)*ROW(Leave!$A$8:$A$507)))) | AI30: =IF($B30="",0,SUMPRODUCT(MAX((Leave!$A$8:$A$507=$B30)*(Leave!$C$8:$C$507<=S$7)*(Leave!$D$8:$D$507>=S$7)*ROW(Leave!$A$8:$A$507))))
B31: =IF(Staff!$A$26="","",Staff!$A$26) | C31: =IF(Staff!$A$26="","",Staff!$B$26&"") | D31: =IF(M31=0,"",IF(M31>1,INDEX(Lang!$B$90:$B$92,M31-1),INDEX(Shifts!$C$8:$C$5007,U31)&CHAR(10)&HOUR(INDEX(Shifts!$H$8:$H$5007,U31))&":"&RIGHT("0"&MINUTE(INDEX(Shifts!$H$8:$H$5007,U31)),2)&"–"&HOUR(INDEX(Shifts!$I$8:$I$5007,U31))&":"&RIGHT("0"&MINUTE(INDEX(Shifts!$I$8:$I$5007,U31)),2))) | E31: =IF(N31=0,"",IF(N31>1,INDEX(Lang!$B$90:$B$92,N31-1),INDEX(Shifts!$C$8:$C$5007,V31)&CHAR(10)&HOUR(INDEX(Shifts!$H$8:$H$5007,V31))&":"&RIGHT("0"&MINUTE(INDEX(Shifts!$H$8:$H$5007,V31)),2)&"–"&HOUR(INDEX(Shifts!$I$8:$I$5007,V31))&":"&RIGHT("0"&MINUTE(INDEX(Shifts!$I$8:$I$5007,V31)),2))) | F31: =IF(O31=0,"",IF(O31>1,INDEX(Lang!$B$90:$B$92,O31-1),INDEX(Shifts!$C$8:$C$5007,W31)&CHAR(10)&HOUR(INDEX(Shifts!$H$8:$H$5007,W31))&":"&RIGHT("0"&MINUTE(INDEX(Shifts!$H$8:$H$5007,W31)),2)&"–"&HOUR(INDEX(Shifts!$I$8:$I$5007,W31))&":"&RIGHT("0"&MINUTE(INDEX(Shifts!$I$8:$I$5007,W31)),2))) | G31: =IF(P31=0,"",IF(P31>1,INDEX(Lang!$B$90:$B$92,P31-1),INDEX(Shifts!$C$8:$C$5007,X31)&CHAR(10)&HOUR(INDEX(Shifts!$H$8:$H$5007,X31))&":"&RIGHT("0"&MINUTE(INDEX(Shifts!$H$8:$H$5007,X31)),2)&"–"&HOUR(INDEX(Shifts!$I$8:$I$5007,X31))&":"&RIGHT("0"&MINUTE(INDEX(Shifts!$I$8:$I$5007,X31)),2))) | H31: =IF(Q31=0,"",IF(Q31>1,INDEX(Lang!$B$90:$B$92,Q31-1),INDEX(Shifts!$C$8:$C$5007,Y31)&CHAR(10)&HOUR(INDEX(Shifts!$H$8:$H$5007,Y31))&":"&RIGHT("0"&MINUTE(INDEX(Shifts!$H$8:$H$5007,Y31)),2)&"–"&HOUR(INDEX(Shifts!$I$8:$I$5007,Y31))&":"&RIGHT("0"&MINUTE(INDEX(Shifts!$I$8:$I$5007,Y31)),2))) | I31: =IF(R31=0,"",IF(R31>1,INDEX(Lang!$B$90:$B$92,R31-1),INDEX(Shifts!$C$8:$C$5007,Z31)&CHAR(10)&HOUR(INDEX(Shifts!$H$8:$H$5007,Z31))&":"&RIGHT("0"&MINUTE(INDEX(Shifts!$H$8:$H$5007,Z31)),2)&"–"&HOUR(INDEX(Shifts!$I$8:$I$5007,Z31))&":"&RIGHT("0"&MINUTE(INDEX(Shifts!$I$8:$I$5007,Z31)),2))) | J31: =IF(S31=0,"",IF(S31>1,INDEX(Lang!$B$90:$B$92,S31-1),INDEX(Shifts!$C$8:$C$5007,AA31)&CHAR(10)&HOUR(INDEX(Shifts!$H$8:$H$5007,AA31))&":"&RIGHT("0"&MINUTE(INDEX(Shifts!$H$8:$H$5007,AA31)),2)&"–"&HOUR(INDEX(Shifts!$I$8:$I$5007,AA31))&":"&RIGHT("0"&MINUTE(INDEX(Shifts!$I$8:$I$5007,AA31)),2))) | K31: =IF($B31="","",SUMIFS(Shifts!$G$8:$G$5007,Shifts!$B$8:$B$5007,$B31,Shifts!$A$8:$A$5007,">="&Calc!$B$10,Shifts!$A$8:$A$5007,"<"&Calc!$B$10+7)) | M31: =IF($B31="",0,IF(AC31>0,1+MAX(1,INDEX(Leave!$G:$G,AC31)),IF(U31>0,1,0))) | N31: =IF($B31="",0,IF(AD31>0,1+MAX(1,INDEX(Leave!$G:$G,AD31)),IF(V31>0,1,0))) | O31: =IF($B31="",0,IF(AE31>0,1+MAX(1,INDEX(Leave!$G:$G,AE31)),IF(W31>0,1,0))) | P31: =IF($B31="",0,IF(AF31>0,1+MAX(1,INDEX(Leave!$G:$G,AF31)),IF(X31>0,1,0))) | Q31: =IF($B31="",0,IF(AG31>0,1+MAX(1,INDEX(Leave!$G:$G,AG31)),IF(Y31>0,1,0))) | R31: =IF($B31="",0,IF(AH31>0,1+MAX(1,INDEX(Leave!$G:$G,AH31)),IF(Z31>0,1,0))) | S31: =IF($B31="",0,IF(AI31>0,1+MAX(1,INDEX(Leave!$G:$G,AI31)),IF(AA31>0,1,0))) | U31: =IF($B31="",0,IFERROR(MATCH($B31&"|"&M$7,Shifts!$K$8:$K$5007,0),0)) | V31: =IF($B31="",0,IFERROR(MATCH($B31&"|"&N$7,Shifts!$K$8:$K$5007,0),0)) | W31: =IF($B31="",0,IFERROR(MATCH($B31&"|"&O$7,Shifts!$K$8:$K$5007,0),0)) | X31: =IF($B31="",0,IFERROR(MATCH($B31&"|"&P$7,Shifts!$K$8:$K$5007,0),0)) | Y31: =IF($B31="",0,IFERROR(MATCH($B31&"|"&Q$7,Shifts!$K$8:$K$5007,0),0)) | Z31: =IF($B31="",0,IFERROR(MATCH($B31&"|"&R$7,Shifts!$K$8:$K$5007,0),0)) | AA31: =IF($B31="",0,IFERROR(MATCH($B31&"|"&S$7,Shifts!$K$8:$K$5007,0),0)) | AC31: =IF($B31="",0,SUMPRODUCT(MAX((Leave!$A$8:$A$507=$B31)*(Leave!$C$8:$C$507<=M$7)*(Leave!$D$8:$D$507>=M$7)*ROW(Leave!$A$8:$A$507)))) | AD31: =IF($B31="",0,SUMPRODUCT(MAX((Leave!$A$8:$A$507=$B31)*(Leave!$C$8:$C$507<=N$7)*(Leave!$D$8:$D$507>=N$7)*ROW(Leave!$A$8:$A$507)))) | AE31: =IF($B31="",0,SUMPRODUCT(MAX((Leave!$A$8:$A$507=$B31)*(Leave!$C$8:$C$507<=O$7)*(Leave!$D$8:$D$507>=O$7)*ROW(Leave!$A$8:$A$507)))) | AF31: =IF($B31="",0,SUMPRODUCT(MAX((Leave!$A$8:$A$507=$B31)*(Leave!$C$8:$C$507<=P$7)*(Leave!$D$8:$D$507>=P$7)*ROW(Leave!$A$8:$A$507)))) | AG31: =IF($B31="",0,SUMPRODUCT(MAX((Leave!$A$8:$A$507=$B31)*(Leave!$C$8:$C$507<=Q$7)*(Leave!$D$8:$D$507>=Q$7)*ROW(Leave!$A$8:$A$507)))) | AH31: =IF($B31="",0,SUMPRODUCT(MAX((Leave!$A$8:$A$507=$B31)*(Leave!$C$8:$C$507<=R$7)*(Leave!$D$8:$D$507>=R$7)*ROW(Leave!$A$8:$A$507)))) | AI31: =IF($B31="",0,SUMPRODUCT(MAX((Leave!$A$8:$A$507=$B31)*(Leave!$C$8:$C$507<=S$7)*(Leave!$D$8:$D$507>=S$7)*ROW(Leave!$A$8:$A$507))))
B32: =IF(Staff!$A$27="","",Staff!$A$27) | C32: =IF(Staff!$A$27="","",Staff!$B$27&"") | D32: =IF(M32=0,"",IF(M32>1,INDEX(Lang!$B$90:$B$92,M32-1),INDEX(Shifts!$C$8:$C$5007,U32)&CHAR(10)&HOUR(INDEX(Shifts!$H$8:$H$5007,U32))&":"&RIGHT("0"&MINUTE(INDEX(Shifts!$H$8:$H$5007,U32)),2)&"–"&HOUR(INDEX(Shifts!$I$8:$I$5007,U32))&":"&RIGHT("0"&MINUTE(INDEX(Shifts!$I$8:$I$5007,U32)),2))) | E32: =IF(N32=0,"",IF(N32>1,INDEX(Lang!$B$90:$B$92,N32-1),INDEX(Shifts!$C$8:$C$5007,V32)&CHAR(10)&HOUR(INDEX(Shifts!$H$8:$H$5007,V32))&":"&RIGHT("0"&MINUTE(INDEX(Shifts!$H$8:$H$5007,V32)),2)&"–"&HOUR(INDEX(Shifts!$I$8:$I$5007,V32))&":"&RIGHT("0"&MINUTE(INDEX(Shifts!$I$8:$I$5007,V32)),2))) | F32: =IF(O32=0,"",IF(O32>1,INDEX(Lang!$B$90:$B$92,O32-1),INDEX(Shifts!$C$8:$C$5007,W32)&CHAR(10)&HOUR(INDEX(Shifts!$H$8:$H$5007,W32))&":"&RIGHT("0"&MINUTE(INDEX(Shifts!$H$8:$H$5007,W32)),2)&"–"&HOUR(INDEX(Shifts!$I$8:$I$5007,W32))&":"&RIGHT("0"&MINUTE(INDEX(Shifts!$I$8:$I$5007,W32)),2))) | G32: =IF(P32=0,"",IF(P32>1,INDEX(Lang!$B$90:$B$92,P32-1),INDEX(Shifts!$C$8:$C$5007,X32)&CHAR(10)&HOUR(INDEX(Shifts!$H$8:$H$5007,X32))&":"&RIGHT("0"&MINUTE(INDEX(Shifts!$H$8:$H$5007,X32)),2)&"–"&HOUR(INDEX(Shifts!$I$8:$I$5007,X32))&":"&RIGHT("0"&MINUTE(INDEX(Shifts!$I$8:$I$5007,X32)),2))) | H32: =IF(Q32=0,"",IF(Q32>1,INDEX(Lang!$B$90:$B$92,Q32-1),INDEX(Shifts!$C$8:$C$5007,Y32)&CHAR(10)&HOUR(INDEX(Shifts!$H$8:$H$5007,Y32))&":"&RIGHT("0"&MINUTE(INDEX(Shifts!$H$8:$H$5007,Y32)),2)&"–"&HOUR(INDEX(Shifts!$I$8:$I$5007,Y32))&":"&RIGHT("0"&MINUTE(INDEX(Shifts!$I$8:$I$5007,Y32)),2))) | I32: =IF(R32=0,"",IF(R32>1,INDEX(Lang!$B$90:$B$92,R32-1),INDEX(Shifts!$C$8:$C$5007,Z32)&CHAR(10)&HOUR(INDEX(Shifts!$H$8:$H$5007,Z32))&":"&RIGHT("0"&MINUTE(INDEX(Shifts!$H$8:$H$5007,Z32)),2)&"–"&HOUR(INDEX(Shifts!$I$8:$I$5007,Z32))&":"&RIGHT("0"&MINUTE(INDEX(Shifts!$I$8:$I$5007,Z32)),2))) | J32: =IF(S32=0,"",IF(S32>1,INDEX(Lang!$B$90:$B$92,S32-1),INDEX(Shifts!$C$8:$C$5007,AA32)&CHAR(10)&HOUR(INDEX(Shifts!$H$8:$H$5007,AA32))&":"&RIGHT("0"&MINUTE(INDEX(Shifts!$H$8:$H$5007,AA32)),2)&"–"&HOUR(INDEX(Shifts!$I$8:$I$5007,AA32))&":"&RIGHT("0"&MINUTE(INDEX(Shifts!$I$8:$I$5007,AA32)),2))) | K32: =IF($B32="","",SUMIFS(Shifts!$G$8:$G$5007,Shifts!$B$8:$B$5007,$B32,Shifts!$A$8:$A$5007,">="&Calc!$B$10,Shifts!$A$8:$A$5007,"<"&Calc!$B$10+7)) | M32: =IF($B32="",0,IF(AC32>0,1+MAX(1,INDEX(Leave!$G:$G,AC32)),IF(U32>0,1,0))) | N32: =IF($B32="",0,IF(AD32>0,1+MAX(1,INDEX(Leave!$G:$G,AD32)),IF(V32>0,1,0))) | O32: =IF($B32="",0,IF(AE32>0,1+MAX(1,INDEX(Leave!$G:$G,AE32)),IF(W32>0,1,0))) | P32: =IF($B32="",0,IF(AF32>0,1+MAX(1,INDEX(Leave!$G:$G,AF32)),IF(X32>0,1,0))) | Q32: =IF($B32="",0,IF(AG32>0,1+MAX(1,INDEX(Leave!$G:$G,AG32)),IF(Y32>0,1,0))) | R32: =IF($B32="",0,IF(AH32>0,1+MAX(1,INDEX(Leave!$G:$G,AH32)),IF(Z32>0,1,0))) | S32: =IF($B32="",0,IF(AI32>0,1+MAX(1,INDEX(Leave!$G:$G,AI32)),IF(AA32>0,1,0))) | U32: =IF($B32="",0,IFERROR(MATCH($B32&"|"&M$7,Shifts!$K$8:$K$5007,0),0)) | V32: =IF($B32="",0,IFERROR(MATCH($B32&"|"&N$7,Shifts!$K$8:$K$5007,0),0)) | W32: =IF($B32="",0,IFERROR(MATCH($B32&"|"&O$7,Shifts!$K$8:$K$5007,0),0)) | X32: =IF($B32="",0,IFERROR(MATCH($B32&"|"&P$7,Shifts!$K$8:$K$5007,0),0)) | Y32: =IF($B32="",0,IFERROR(MATCH($B32&"|"&Q$7,Shifts!$K$8:$K$5007,0),0)) | Z32: =IF($B32="",0,IFERROR(MATCH($B32&"|"&R$7,Shifts!$K$8:$K$5007,0),0)) | AA32: =IF($B32="",0,IFERROR(MATCH($B32&"|"&S$7,Shifts!$K$8:$K$5007,0),0)) | AC32: =IF($B32="",0,SUMPRODUCT(MAX((Leave!$A$8:$A$507=$B32)*(Leave!$C$8:$C$507<=M$7)*(Leave!$D$8:$D$507>=M$7)*ROW(Leave!$A$8:$A$507)))) | AD32: =IF($B32="",0,SUMPRODUCT(MAX((Leave!$A$8:$A$507=$B32)*(Leave!$C$8:$C$507<=N$7)*(Leave!$D$8:$D$507>=N$7)*ROW(Leave!$A$8:$A$507)))) | AE32: =IF($B32="",0,SUMPRODUCT(MAX((Leave!$A$8:$A$507=$B32)*(Leave!$C$8:$C$507<=O$7)*(Leave!$D$8:$D$507>=O$7)*ROW(Leave!$A$8:$A$507)))) | AF32: =IF($B32="",0,SUMPRODUCT(MAX((Leave!$A$8:$A$507=$B32)*(Leave!$C$8:$C$507<=P$7)*(Leave!$D$8:$D$507>=P$7)*ROW(Leave!$A$8:$A$507)))) | AG32: =IF($B32="",0,SUMPRODUCT(MAX((Leave!$A$8:$A$507=$B32)*(Leave!$C$8:$C$507<=Q$7)*(Leave!$D$8:$D$507>=Q$7)*ROW(Leave!$A$8:$A$507)))) | AH32: =IF($B32="",0,SUMPRODUCT(MAX((Leave!$A$8:$A$507=$B32)*(Leave!$C$8:$C$507<=R$7)*(Leave!$D$8:$D$507>=R$7)*ROW(Leave!$A$8:$A$507)))) | AI32: =IF($B32="",0,SUMPRODUCT(MAX((Leave!$A$8:$A$507=$B32)*(Leave!$C$8:$C$507<=S$7)*(Leave!$D$8:$D$507>=S$7)*ROW(Leave!$A$8:$A$507))))
B33: =IF(Staff!$A$28="","",Staff!$A$28) | C33: =IF(Staff!$A$28="","",Staff!$B$28&"") | D33: =IF(M33=0,"",IF(M33>1,INDEX(Lang!$B$90:$B$92,M33-1),INDEX(Shifts!$C$8:$C$5007,U33)&CHAR(10)&HOUR(INDEX(Shifts!$H$8:$H$5007,U33))&":"&RIGHT("0"&MINUTE(INDEX(Shifts!$H$8:$H$5007,U33)),2)&"–"&HOUR(INDEX(Shifts!$I$8:$I$5007,U33))&":"&RIGHT("0"&MINUTE(INDEX(Shifts!$I$8:$I$5007,U33)),2))) | E33: =IF(N33=0,"",IF(N33>1,INDEX(Lang!$B$90:$B$92,N33-1),INDEX(Shifts!$C$8:$C$5007,V33)&CHAR(10)&HOUR(INDEX(Shifts!$H$8:$H$5007,V33))&":"&RIGHT("0"&MINUTE(INDEX(Shifts!$H$8:$H$5007,V33)),2)&"–"&HOUR(INDEX(Shifts!$I$8:$I$5007,V33))&":"&RIGHT("0"&MINUTE(INDEX(Shifts!$I$8:$I$5007,V33)),2))) | F33: =IF(O33=0,"",IF(O33>1,INDEX(Lang!$B$90:$B$92,O33-1),INDEX(Shifts!$C$8:$C$5007,W33)&CHAR(10)&HOUR(INDEX(Shifts!$H$8:$H$5007,W33))&":"&RIGHT("0"&MINUTE(INDEX(Shifts!$H$8:$H$5007,W33)),2)&"–"&HOUR(INDEX(Shifts!$I$8:$I$5007,W33))&":"&RIGHT("0"&MINUTE(INDEX(Shifts!$I$8:$I$5007,W33)),2))) | G33: =IF(P33=0,"",IF(P33>1,INDEX(Lang!$B$90:$B$92,P33-1),INDEX(Shifts!$C$8:$C$5007,X33)&CHAR(10)&HOUR(INDEX(Shifts!$H$8:$H$5007,X33))&":"&RIGHT("0"&MINUTE(INDEX(Shifts!$H$8:$H$5007,X33)),2)&"–"&HOUR(INDEX(Shifts!$I$8:$I$5007,X33))&":"&RIGHT("0"&MINUTE(INDEX(Shifts!$I$8:$I$5007,X33)),2))) | H33: =IF(Q33=0,"",IF(Q33>1,INDEX(Lang!$B$90:$B$92,Q33-1),INDEX(Shifts!$C$8:$C$5007,Y33)&CHAR(10)&HOUR(INDEX(Shifts!$H$8:$H$5007,Y33))&":"&RIGHT("0"&MINUTE(INDEX(Shifts!$H$8:$H$5007,Y33)),2)&"–"&HOUR(INDEX(Shifts!$I$8:$I$5007,Y33))&":"&RIGHT("0"&MINUTE(INDEX(Shifts!$I$8:$I$5007,Y33)),2))) | I33: =IF(R33=0,"",IF(R33>1,INDEX(Lang!$B$90:$B$92,R33-1),INDEX(Shifts!$C$8:$C$5007,Z33)&CHAR(10)&HOUR(INDEX(Shifts!$H$8:$H$5007,Z33))&":"&RIGHT("0"&MINUTE(INDEX(Shifts!$H$8:$H$5007,Z33)),2)&"–"&HOUR(INDEX(Shifts!$I$8:$I$5007,Z33))&":"&RIGHT("0"&MINUTE(INDEX(Shifts!$I$8:$I$5007,Z33)),2))) | J33: =IF(S33=0,"",IF(S33>1,INDEX(Lang!$B$90:$B$92,S33-1),INDEX(Shifts!$C$8:$C$5007,AA33)&CHAR(10)&HOUR(INDEX(Shifts!$H$8:$H$5007,AA33))&":"&RIGHT("0"&MINUTE(INDEX(Shifts!$H$8:$H$5007,AA33)),2)&"–"&HOUR(INDEX(Shifts!$I$8:$I$5007,AA33))&":"&RIGHT("0"&MINUTE(INDEX(Shifts!$I$8:$I$5007,AA33)),2))) | K33: =IF($B33="","",SUMIFS(Shifts!$G$8:$G$5007,Shifts!$B$8:$B$5007,$B33,Shifts!$A$8:$A$5007,">="&Calc!$B$10,Shifts!$A$8:$A$5007,"<"&Calc!$B$10+7)) | M33: =IF($B33="",0,IF(AC33>0,1+MAX(1,INDEX(Leave!$G:$G,AC33)),IF(U33>0,1,0))) | N33: =IF($B33="",0,IF(AD33>0,1+MAX(1,INDEX(Leave!$G:$G,AD33)),IF(V33>0,1,0))) | O33: =IF($B33="",0,IF(AE33>0,1+MAX(1,INDEX(Leave!$G:$G,AE33)),IF(W33>0,1,0))) | P33: =IF($B33="",0,IF(AF33>0,1+MAX(1,INDEX(Leave!$G:$G,AF33)),IF(X33>0,1,0))) | Q33: =IF($B33="",0,IF(AG33>0,1+MAX(1,INDEX(Leave!$G:$G,AG33)),IF(Y33>0,1,0))) | R33: =IF($B33="",0,IF(AH33>0,1+MAX(1,INDEX(Leave!$G:$G,AH33)),IF(Z33>0,1,0))) | S33: =IF($B33="",0,IF(AI33>0,1+MAX(1,INDEX(Leave!$G:$G,AI33)),IF(AA33>0,1,0))) | U33: =IF($B33="",0,IFERROR(MATCH($B33&"|"&M$7,Shifts!$K$8:$K$5007,0),0)) | V33: =IF($B33="",0,IFERROR(MATCH($B33&"|"&N$7,Shifts!$K$8:$K$5007,0),0)) | W33: =IF($B33="",0,IFERROR(MATCH($B33&"|"&O$7,Shifts!$K$8:$K$5007,0),0)) | X33: =IF($B33="",0,IFERROR(MATCH($B33&"|"&P$7,Shifts!$K$8:$K$5007,0),0)) | Y33: =IF($B33="",0,IFERROR(MATCH($B33&"|"&Q$7,Shifts!$K$8:$K$5007,0),0)) | Z33: =IF($B33="",0,IFERROR(MATCH($B33&"|"&R$7,Shifts!$K$8:$K$5007,0),0)) | AA33: =IF($B33="",0,IFERROR(MATCH($B33&"|"&S$7,Shifts!$K$8:$K$5007,0),0)) | AC33: =IF($B33="",0,SUMPRODUCT(MAX((Leave!$A$8:$A$507=$B33)*(Leave!$C$8:$C$507<=M$7)*(Leave!$D$8:$D$507>=M$7)*ROW(Leave!$A$8:$A$507)))) | AD33: =IF($B33="",0,SUMPRODUCT(MAX((Leave!$A$8:$A$507=$B33)*(Leave!$C$8:$C$507<=N$7)*(Leave!$D$8:$D$507>=N$7)*ROW(Leave!$A$8:$A$507)))) | AE33: =IF($B33="",0,SUMPRODUCT(MAX((Leave!$A$8:$A$507=$B33)*(Leave!$C$8:$C$507<=O$7)*(Leave!$D$8:$D$507>=O$7)*ROW(Leave!$A$8:$A$507)))) | AF33: =IF($B33="",0,SUMPRODUCT(MAX((Leave!$A$8:$A$507=$B33)*(Leave!$C$8:$C$507<=P$7)*(Leave!$D$8:$D$507>=P$7)*ROW(Leave!$A$8:$A$507)))) | AG33: =IF($B33="",0,SUMPRODUCT(MAX((Leave!$A$8:$A$507=$B33)*(Leave!$C$8:$C$507<=Q$7)*(Leave!$D$8:$D$507>=Q$7)*ROW(Leave!$A$8:$A$507)))) | AH33: =IF($B33="",0,SUMPRODUCT(MAX((Leave!$A$8:$A$507=$B33)*(Leave!$C$8:$C$507<=R$7)*(Leave!$D$8:$D$507>=R$7)*ROW(Leave!$A$8:$A$507)))) | AI33: =IF($B33="",0,SUMPRODUCT(MAX((Leave!$A$8:$A$507=$B33)*(Leave!$C$8:$C$507<=S$7)*(Leave!$D$8:$D$507>=S$7)*ROW(Leave!$A$8:$A$507))))
B34: =IF(Staff!$A$29="","",Staff!$A$29) | C34: =IF(Staff!$A$29="","",Staff!$B$29&"") | D34: =IF(M34=0,"",IF(M34>1,INDEX(Lang!$B$90:$B$92,M34-1),INDEX(Shifts!$C$8:$C$5007,U34)&CHAR(10)&HOUR(INDEX(Shifts!$H$8:$H$5007,U34))&":"&RIGHT("0"&MINUTE(INDEX(Shifts!$H$8:$H$5007,U34)),2)&"–"&HOUR(INDEX(Shifts!$I$8:$I$5007,U34))&":"&RIGHT("0"&MINUTE(INDEX(Shifts!$I$8:$I$5007,U34)),2))) | E34: =IF(N34=0,"",IF(N34>1,INDEX(Lang!$B$90:$B$92,N34-1),INDEX(Shifts!$C$8:$C$5007,V34)&CHAR(10)&HOUR(INDEX(Shifts!$H$8:$H$5007,V34))&":"&RIGHT("0"&MINUTE(INDEX(Shifts!$H$8:$H$5007,V34)),2)&"–"&HOUR(INDEX(Shifts!$I$8:$I$5007,V34))&":"&RIGHT("0"&MINUTE(INDEX(Shifts!$I$8:$I$5007,V34)),2))) | F34: =IF(O34=0,"",IF(O34>1,INDEX(Lang!$B$90:$B$92,O34-1),INDEX(Shifts!$C$8:$C$5007,W34)&CHAR(10)&HOUR(INDEX(Shifts!$H$8:$H$5007,W34))&":"&RIGHT("0"&MINUTE(INDEX(Shifts!$H$8:$H$5007,W34)),2)&"–"&HOUR(INDEX(Shifts!$I$8:$I$5007,W34))&":"&RIGHT("0"&MINUTE(INDEX(Shifts!$I$8:$I$5007,W34)),2))) | G34: =IF(P34=0,"",IF(P34>1,INDEX(Lang!$B$90:$B$92,P34-1),INDEX(Shifts!$C$8:$C$5007,X34)&CHAR(10)&HOUR(INDEX(Shifts!$H$8:$H$5007,X34))&":"&RIGHT("0"&MINUTE(INDEX(Shifts!$H$8:$H$5007,X34)),2)&"–"&HOUR(INDEX(Shifts!$I$8:$I$5007,X34))&":"&RIGHT("0"&MINUTE(INDEX(Shifts!$I$8:$I$5007,X34)),2))) | H34: =IF(Q34=0,"",IF(Q34>1,INDEX(Lang!$B$90:$B$92,Q34-1),INDEX(Shifts!$C$8:$C$5007,Y34)&CHAR(10)&HOUR(INDEX(Shifts!$H$8:$H$5007,Y34))&":"&RIGHT("0"&MINUTE(INDEX(Shifts!$H$8:$H$5007,Y34)),2)&"–"&HOUR(INDEX(Shifts!$I$8:$I$5007,Y34))&":"&RIGHT("0"&MINUTE(INDEX(Shifts!$I$8:$I$5007,Y34)),2))) | I34: =IF(R34=0,"",IF(R34>1,INDEX(Lang!$B$90:$B$92,R34-1),INDEX(Shifts!$C$8:$C$5007,Z34)&CHAR(10)&HOUR(INDEX(Shifts!$H$8:$H$5007,Z34))&":"&RIGHT("0"&MINUTE(INDEX(Shifts!$H$8:$H$5007,Z34)),2)&"–"&HOUR(INDEX(Shifts!$I$8:$I$5007,Z34))&":"&RIGHT("0"&MINUTE(INDEX(Shifts!$I$8:$I$5007,Z34)),2))) | J34: =IF(S34=0,"",IF(S34>1,INDEX(Lang!$B$90:$B$92,S34-1),INDEX(Shifts!$C$8:$C$5007,AA34)&CHAR(10)&HOUR(INDEX(Shifts!$H$8:$H$5007,AA34))&":"&RIGHT("0"&MINUTE(INDEX(Shifts!$H$8:$H$5007,AA34)),2)&"–"&HOUR(INDEX(Shifts!$I$8:$I$5007,AA34))&":"&RIGHT("0"&MINUTE(INDEX(Shifts!$I$8:$I$5007,AA34)),2))) | K34: =IF($B34="","",SUMIFS(Shifts!$G$8:$G$5007,Shifts!$B$8:$B$5007,$B34,Shifts!$A$8:$A$5007,">="&Calc!$B$10,Shifts!$A$8:$A$5007,"<"&Calc!$B$10+7)) | M34: =IF($B34="",0,IF(AC34>0,1+MAX(1,INDEX(Leave!$G:$G,AC34)),IF(U34>0,1,0))) | N34: =IF($B34="",0,IF(AD34>0,1+MAX(1,INDEX(Leave!$G:$G,AD34)),IF(V34>0,1,0))) | O34: =IF($B34="",0,IF(AE34>0,1+MAX(1,INDEX(Leave!$G:$G,AE34)),IF(W34>0,1,0))) | P34: =IF($B34="",0,IF(AF34>0,1+MAX(1,INDEX(Leave!$G:$G,AF34)),IF(X34>0,1,0))) | Q34: =IF($B34="",0,IF(AG34>0,1+MAX(1,INDEX(Leave!$G:$G,AG34)),IF(Y34>0,1,0))) | R34: =IF($B34="",0,IF(AH34>0,1+MAX(1,INDEX(Leave!$G:$G,AH34)),IF(Z34>0,1,0))) | S34: =IF($B34="",0,IF(AI34>0,1+MAX(1,INDEX(Leave!$G:$G,AI34)),IF(AA34>0,1,0))) | U34: =IF($B34="",0,IFERROR(MATCH($B34&"|"&M$7,Shifts!$K$8:$K$5007,0),0)) | V34: =IF($B34="",0,IFERROR(MATCH($B34&"|"&N$7,Shifts!$K$8:$K$5007,0),0)) | W34: =IF($B34="",0,IFERROR(MATCH($B34&"|"&O$7,Shifts!$K$8:$K$5007,0),0)) | X34: =IF($B34="",0,IFERROR(MATCH($B34&"|"&P$7,Shifts!$K$8:$K$5007,0),0)) | Y34: =IF($B34="",0,IFERROR(MATCH($B34&"|"&Q$7,Shifts!$K$8:$K$5007,0),0)) | Z34: =IF($B34="",0,IFERROR(MATCH($B34&"|"&R$7,Shifts!$K$8:$K$5007,0),0)) | AA34: =IF($B34="",0,IFERROR(MATCH($B34&"|"&S$7,Shifts!$K$8:$K$5007,0),0)) | AC34: =IF($B34="",0,SUMPRODUCT(MAX((Leave!$A$8:$A$507=$B34)*(Leave!$C$8:$C$507<=M$7)*(Leave!$D$8:$D$507>=M$7)*ROW(Leave!$A$8:$A$507)))) | AD34: =IF($B34="",0,SUMPRODUCT(MAX((Leave!$A$8:$A$507=$B34)*(Leave!$C$8:$C$507<=N$7)*(Leave!$D$8:$D$507>=N$7)*ROW(Leave!$A$8:$A$507)))) | AE34: =IF($B34="",0,SUMPRODUCT(MAX((Leave!$A$8:$A$507=$B34)*(Leave!$C$8:$C$507<=O$7)*(Leave!$D$8:$D$507>=O$7)*ROW(Leave!$A$8:$A$507)))) | AF34: =IF($B34="",0,SUMPRODUCT(MAX((Leave!$A$8:$A$507=$B34)*(Leave!$C$8:$C$507<=P$7)*(Leave!$D$8:$D$507>=P$7)*ROW(Leave!$A$8:$A$507)))) | AG34: =IF($B34="",0,SUMPRODUCT(MAX((Leave!$A$8:$A$507=$B34)*(Leave!$C$8:$C$507<=Q$7)*(Leave!$D$8:$D$507>=Q$7)*ROW(Leave!$A$8:$A$507)))) | AH34: =IF($B34="",0,SUMPRODUCT(MAX((Leave!$A$8:$A$507=$B34)*(Leave!$C$8:$C$507<=R$7)*(Leave!$D$8:$D$507>=R$7)*ROW(Leave!$A$8:$A$507)))) | AI34: =IF($B34="",0,SUMPRODUCT(MAX((Leave!$A$8:$A$507=$B34)*(Leave!$C$8:$C$507<=S$7)*(Leave!$D$8:$D$507>=S$7)*ROW(Leave!$A$8:$A$507))))
B35: =IF(Staff!$A$30="","",Staff!$A$30) | C35: =IF(Staff!$A$30="","",Staff!$B$30&"") | D35: =IF(M35=0,"",IF(M35>1,INDEX(Lang!$B$90:$B$92,M35-1),INDEX(Shifts!$C$8:$C$5007,U35)&CHAR(10)&HOUR(INDEX(Shifts!$H$8:$H$5007,U35))&":"&RIGHT("0"&MINUTE(INDEX(Shifts!$H$8:$H$5007,U35)),2)&"–"&HOUR(INDEX(Shifts!$I$8:$I$5007,U35))&":"&RIGHT("0"&MINUTE(INDEX(Shifts!$I$8:$I$5007,U35)),2))) | E35: =IF(N35=0,"",IF(N35>1,INDEX(Lang!$B$90:$B$92,N35-1),INDEX(Shifts!$C$8:$C$5007,V35)&CHAR(10)&HOUR(INDEX(Shifts!$H$8:$H$5007,V35))&":"&RIGHT("0"&MINUTE(INDEX(Shifts!$H$8:$H$5007,V35)),2)&"–"&HOUR(INDEX(Shifts!$I$8:$I$5007,V35))&":"&RIGHT("0"&MINUTE(INDEX(Shifts!$I$8:$I$5007,V35)),2))) | F35: =IF(O35=0,"",IF(O35>1,INDEX(Lang!$B$90:$B$92,O35-1),INDEX(Shifts!$C$8:$C$5007,W35)&CHAR(10)&HOUR(INDEX(Shifts!$H$8:$H$5007,W35))&":"&RIGHT("0"&MINUTE(INDEX(Shifts!$H$8:$H$5007,W35)),2)&"–"&HOUR(INDEX(Shifts!$I$8:$I$5007,W35))&":"&RIGHT("0"&MINUTE(INDEX(Shifts!$I$8:$I$5007,W35)),2))) | G35: =IF(P35=0,"",IF(P35>1,INDEX(Lang!$B$90:$B$92,P35-1),INDEX(Shifts!$C$8:$C$5007,X35)&CHAR(10)&HOUR(INDEX(Shifts!$H$8:$H$5007,X35))&":"&RIGHT("0"&MINUTE(INDEX(Shifts!$H$8:$H$5007,X35)),2)&"–"&HOUR(INDEX(Shifts!$I$8:$I$5007,X35))&":"&RIGHT("0"&MINUTE(INDEX(Shifts!$I$8:$I$5007,X35)),2))) | H35: =IF(Q35=0,"",IF(Q35>1,INDEX(Lang!$B$90:$B$92,Q35-1),INDEX(Shifts!$C$8:$C$5007,Y35)&CHAR(10)&HOUR(INDEX(Shifts!$H$8:$H$5007,Y35))&":"&RIGHT("0"&MINUTE(INDEX(Shifts!$H$8:$H$5007,Y35)),2)&"–"&HOUR(INDEX(Shifts!$I$8:$I$5007,Y35))&":"&RIGHT("0"&MINUTE(INDEX(Shifts!$I$8:$I$5007,Y35)),2))) | I35: =IF(R35=0,"",IF(R35>1,INDEX(Lang!$B$90:$B$92,R35-1),INDEX(Shifts!$C$8:$C$5007,Z35)&CHAR(10)&HOUR(INDEX(Shifts!$H$8:$H$5007,Z35))&":"&RIGHT("0"&MINUTE(INDEX(Shifts!$H$8:$H$5007,Z35)),2)&"–"&HOUR(INDEX(Shifts!$I$8:$I$5007,Z35))&":"&RIGHT("0"&MINUTE(INDEX(Shifts!$I$8:$I$5007,Z35)),2))) | J35: =IF(S35=0,"",IF(S35>1,INDEX(Lang!$B$90:$B$92,S35-1),INDEX(Shifts!$C$8:$C$5007,AA35)&CHAR(10)&HOUR(INDEX(Shifts!$H$8:$H$5007,AA35))&":"&RIGHT("0"&MINUTE(INDEX(Shifts!$H$8:$H$5007,AA35)),2)&"–"&HOUR(INDEX(Shifts!$I$8:$I$5007,AA35))&":"&RIGHT("0"&MINUTE(INDEX(Shifts!$I$8:$I$5007,AA35)),2))) | K35: =IF($B35="","",SUMIFS(Shifts!$G$8:$G$5007,Shifts!$B$8:$B$5007,$B35,Shifts!$A$8:$A$5007,">="&Calc!$B$10,Shifts!$A$8:$A$5007,"<"&Calc!$B$10+7)) | M35: =IF($B35="",0,IF(AC35>0,1+MAX(1,INDEX(Leave!$G:$G,AC35)),IF(U35>0,1,0))) | N35: =IF($B35="",0,IF(AD35>0,1+MAX(1,INDEX(Leave!$G:$G,AD35)),IF(V35>0,1,0))) | O35: =IF($B35="",0,IF(AE35>0,1+MAX(1,INDEX(Leave!$G:$G,AE35)),IF(W35>0,1,0))) | P35: =IF($B35="",0,IF(AF35>0,1+MAX(1,INDEX(Leave!$G:$G,AF35)),IF(X35>0,1,0))) | Q35: =IF($B35="",0,IF(AG35>0,1+MAX(1,INDEX(Leave!$G:$G,AG35)),IF(Y35>0,1,0))) | R35: =IF($B35="",0,IF(AH35>0,1+MAX(1,INDEX(Leave!$G:$G,AH35)),IF(Z35>0,1,0))) | S35: =IF($B35="",0,IF(AI35>0,1+MAX(1,INDEX(Leave!$G:$G,AI35)),IF(AA35>0,1,0))) | U35: =IF($B35="",0,IFERROR(MATCH($B35&"|"&M$7,Shifts!$K$8:$K$5007,0),0)) | V35: =IF($B35="",0,IFERROR(MATCH($B35&"|"&N$7,Shifts!$K$8:$K$5007,0),0)) | W35: =IF($B35="",0,IFERROR(MATCH($B35&"|"&O$7,Shifts!$K$8:$K$5007,0),0)) | X35: =IF($B35="",0,IFERROR(MATCH($B35&"|"&P$7,Shifts!$K$8:$K$5007,0),0)) | Y35: =IF($B35="",0,IFERROR(MATCH($B35&"|"&Q$7,Shifts!$K$8:$K$5007,0),0)) | Z35: =IF($B35="",0,IFERROR(MATCH($B35&"|"&R$7,Shifts!$K$8:$K$5007,0),0)) | AA35: =IF($B35="",0,IFERROR(MATCH($B35&"|"&S$7,Shifts!$K$8:$K$5007,0),0)) | AC35: =IF($B35="",0,SUMPRODUCT(MAX((Leave!$A$8:$A$507=$B35)*(Leave!$C$8:$C$507<=M$7)*(Leave!$D$8:$D$507>=M$7)*ROW(Leave!$A$8:$A$507)))) | AD35: =IF($B35="",0,SUMPRODUCT(MAX((Leave!$A$8:$A$507=$B35)*(Leave!$C$8:$C$507<=N$7)*(Leave!$D$8:$D$507>=N$7)*ROW(Leave!$A$8:$A$507)))) | AE35: =IF($B35="",0,SUMPRODUCT(MAX((Leave!$A$8:$A$507=$B35)*(Leave!$C$8:$C$507<=O$7)*(Leave!$D$8:$D$507>=O$7)*ROW(Leave!$A$8:$A$507)))) | AF35: =IF($B35="",0,SUMPRODUCT(MAX((Leave!$A$8:$A$507=$B35)*(Leave!$C$8:$C$507<=P$7)*(Leave!$D$8:$D$507>=P$7)*ROW(Leave!$A$8:$A$507)))) | AG35: =IF($B35="",0,SUMPRODUCT(MAX((Leave!$A$8:$A$507=$B35)*(Leave!$C$8:$C$507<=Q$7)*(Leave!$D$8:$D$507>=Q$7)*ROW(Leave!$A$8:$A$507)))) | AH35: =IF($B35="",0,SUMPRODUCT(MAX((Leave!$A$8:$A$507=$B35)*(Leave!$C$8:$C$507<=R$7)*(Leave!$D$8:$D$507>=R$7)*ROW(Leave!$A$8:$A$507)))) | AI35: =IF($B35="",0,SUMPRODUCT(MAX((Leave!$A$8:$A$507=$B35)*(Leave!$C$8:$C$507<=S$7)*(Leave!$D$8:$D$507>=S$7)*ROW(Leave!$A$8:$A$507))))
B36: =IF(Staff!$A$31="","",Staff!$A$31) | C36: =IF(Staff!$A$31="","",Staff!$B$31&"") | D36: =IF(M36=0,"",IF(M36>1,INDEX(Lang!$B$90:$B$92,M36-1),INDEX(Shifts!$C$8:$C$5007,U36)&CHAR(10)&HOUR(INDEX(Shifts!$H$8:$H$5007,U36))&":"&RIGHT("0"&MINUTE(INDEX(Shifts!$H$8:$H$5007,U36)),2)&"–"&HOUR(INDEX(Shifts!$I$8:$I$5007,U36))&":"&RIGHT("0"&MINUTE(INDEX(Shifts!$I$8:$I$5007,U36)),2))) | E36: =IF(N36=0,"",IF(N36>1,INDEX(Lang!$B$90:$B$92,N36-1),INDEX(Shifts!$C$8:$C$5007,V36)&CHAR(10)&HOUR(INDEX(Shifts!$H$8:$H$5007,V36))&":"&RIGHT("0"&MINUTE(INDEX(Shifts!$H$8:$H$5007,V36)),2)&"–"&HOUR(INDEX(Shifts!$I$8:$I$5007,V36))&":"&RIGHT("0"&MINUTE(INDEX(Shifts!$I$8:$I$5007,V36)),2))) | F36: =IF(O36=0,"",IF(O36>1,INDEX(Lang!$B$90:$B$92,O36-1),INDEX(Shifts!$C$8:$C$5007,W36)&CHAR(10)&HOUR(INDEX(Shifts!$H$8:$H$5007,W36))&":"&RIGHT("0"&MINUTE(INDEX(Shifts!$H$8:$H$5007,W36)),2)&"–"&HOUR(INDEX(Shifts!$I$8:$I$5007,W36))&":"&RIGHT("0"&MINUTE(INDEX(Shifts!$I$8:$I$5007,W36)),2))) | G36: =IF(P36=0,"",IF(P36>1,INDEX(Lang!$B$90:$B$92,P36-1),INDEX(Shifts!$C$8:$C$5007,X36)&CHAR(10)&HOUR(INDEX(Shifts!$H$8:$H$5007,X36))&":"&RIGHT("0"&MINUTE(INDEX(Shifts!$H$8:$H$5007,X36)),2)&"–"&HOUR(INDEX(Shifts!$I$8:$I$5007,X36))&":"&RIGHT("0"&MINUTE(INDEX(Shifts!$I$8:$I$5007,X36)),2))) | H36: =IF(Q36=0,"",IF(Q36>1,INDEX(Lang!$B$90:$B$92,Q36-1),INDEX(Shifts!$C$8:$C$5007,Y36)&CHAR(10)&HOUR(INDEX(Shifts!$H$8:$H$5007,Y36))&":"&RIGHT("0"&MINUTE(INDEX(Shifts!$H$8:$H$5007,Y36)),2)&"–"&HOUR(INDEX(Shifts!$I$8:$I$5007,Y36))&":"&RIGHT("0"&MINUTE(INDEX(Shifts!$I$8:$I$5007,Y36)),2))) | I36: =IF(R36=0,"",IF(R36>1,INDEX(Lang!$B$90:$B$92,R36-1),INDEX(Shifts!$C$8:$C$5007,Z36)&CHAR(10)&HOUR(INDEX(Shifts!$H$8:$H$5007,Z36))&":"&RIGHT("0"&MINUTE(INDEX(Shifts!$H$8:$H$5007,Z36)),2)&"–"&HOUR(INDEX(Shifts!$I$8:$I$5007,Z36))&":"&RIGHT("0"&MINUTE(INDEX(Shifts!$I$8:$I$5007,Z36)),2))) | J36: =IF(S36=0,"",IF(S36>1,INDEX(Lang!$B$90:$B$92,S36-1),INDEX(Shifts!$C$8:$C$5007,AA36)&CHAR(10)&HOUR(INDEX(Shifts!$H$8:$H$5007,AA36))&":"&RIGHT("0"&MINUTE(INDEX(Shifts!$H$8:$H$5007,AA36)),2)&"–"&HOUR(INDEX(Shifts!$I$8:$I$5007,AA36))&":"&RIGHT("0"&MINUTE(INDEX(Shifts!$I$8:$I$5007,AA36)),2))) | K36: =IF($B36="","",SUMIFS(Shifts!$G$8:$G$5007,Shifts!$B$8:$B$5007,$B36,Shifts!$A$8:$A$5007,">="&Calc!$B$10,Shifts!$A$8:$A$5007,"<"&Calc!$B$10+7)) | M36: =IF($B36="",0,IF(AC36>0,1+MAX(1,INDEX(Leave!$G:$G,AC36)),IF(U36>0,1,0))) | N36: =IF($B36="",0,IF(AD36>0,1+MAX(1,INDEX(Leave!$G:$G,AD36)),IF(V36>0,1,0))) | O36: =IF($B36="",0,IF(AE36>0,1+MAX(1,INDEX(Leave!$G:$G,AE36)),IF(W36>0,1,0))) | P36: =IF($B36="",0,IF(AF36>0,1+MAX(1,INDEX(Leave!$G:$G,AF36)),IF(X36>0,1,0))) | Q36: =IF($B36="",0,IF(AG36>0,1+MAX(1,INDEX(Leave!$G:$G,AG36)),IF(Y36>0,1,0))) | R36: =IF($B36="",0,IF(AH36>0,1+MAX(1,INDEX(Leave!$G:$G,AH36)),IF(Z36>0,1,0))) | S36: =IF($B36="",0,IF(AI36>0,1+MAX(1,INDEX(Leave!$G:$G,AI36)),IF(AA36>0,1,0))) | U36: =IF($B36="",0,IFERROR(MATCH($B36&"|"&M$7,Shifts!$K$8:$K$5007,0),0)) | V36: =IF($B36="",0,IFERROR(MATCH($B36&"|"&N$7,Shifts!$K$8:$K$5007,0),0)) | W36: =IF($B36="",0,IFERROR(MATCH($B36&"|"&O$7,Shifts!$K$8:$K$5007,0),0)) | X36: =IF($B36="",0,IFERROR(MATCH($B36&"|"&P$7,Shifts!$K$8:$K$5007,0),0)) | Y36: =IF($B36="",0,IFERROR(MATCH($B36&"|"&Q$7,Shifts!$K$8:$K$5007,0),0)) | Z36: =IF($B36="",0,IFERROR(MATCH($B36&"|"&R$7,Shifts!$K$8:$K$5007,0),0)) | AA36: =IF($B36="",0,IFERROR(MATCH($B36&"|"&S$7,Shifts!$K$8:$K$5007,0),0)) | AC36: =IF($B36="",0,SUMPRODUCT(MAX((Leave!$A$8:$A$507=$B36)*(Leave!$C$8:$C$507<=M$7)*(Leave!$D$8:$D$507>=M$7)*ROW(Leave!$A$8:$A$507)))) | AD36: =IF($B36="",0,SUMPRODUCT(MAX((Leave!$A$8:$A$507=$B36)*(Leave!$C$8:$C$507<=N$7)*(Leave!$D$8:$D$507>=N$7)*ROW(Leave!$A$8:$A$507)))) | AE36: =IF($B36="",0,SUMPRODUCT(MAX((Leave!$A$8:$A$507=$B36)*(Leave!$C$8:$C$507<=O$7)*(Leave!$D$8:$D$507>=O$7)*ROW(Leave!$A$8:$A$507)))) | AF36: =IF($B36="",0,SUMPRODUCT(MAX((Leave!$A$8:$A$507=$B36)*(Leave!$C$8:$C$507<=P$7)*(Leave!$D$8:$D$507>=P$7)*ROW(Leave!$A$8:$A$507)))) | AG36: =IF($B36="",0,SUMPRODUCT(MAX((Leave!$A$8:$A$507=$B36)*(Leave!$C$8:$C$507<=Q$7)*(Leave!$D$8:$D$507>=Q$7)*ROW(Leave!$A$8:$A$507)))) | AH36: =IF($B36="",0,SUMPRODUCT(MAX((Leave!$A$8:$A$507=$B36)*(Leave!$C$8:$C$507<=R$7)*(Leave!$D$8:$D$507>=R$7)*ROW(Leave!$A$8:$A$507)))) | AI36: =IF($B36="",0,SUMPRODUCT(MAX((Leave!$A$8:$A$507=$B36)*(Leave!$C$8:$C$507<=S$7)*(Leave!$D$8:$D$507>=S$7)*ROW(Leave!$A$8:$A$507))))
B37: =IF(Staff!$A$32="","",Staff!$A$32) | C37: =IF(Staff!$A$32="","",Staff!$B$32&"") | D37: =IF(M37=0,"",IF(M37>1,INDEX(Lang!$B$90:$B$92,M37-1),INDEX(Shifts!$C$8:$C$5007,U37)&CHAR(10)&HOUR(INDEX(Shifts!$H$8:$H$5007,U37))&":"&RIGHT("0"&MINUTE(INDEX(Shifts!$H$8:$H$5007,U37)),2)&"–"&HOUR(INDEX(Shifts!$I$8:$I$5007,U37))&":"&RIGHT("0"&MINUTE(INDEX(Shifts!$I$8:$I$5007,U37)),2))) | E37: =IF(N37=0,"",IF(N37>1,INDEX(Lang!$B$90:$B$92,N37-1),INDEX(Shifts!$C$8:$C$5007,V37)&CHAR(10)&HOUR(INDEX(Shifts!$H$8:$H$5007,V37))&":"&RIGHT("0"&MINUTE(INDEX(Shifts!$H$8:$H$5007,V37)),2)&"–"&HOUR(INDEX(Shifts!$I$8:$I$5007,V37))&":"&RIGHT("0"&MINUTE(INDEX(Shifts!$I$8:$I$5007,V37)),2))) | F37: =IF(O37=0,"",IF(O37>1,INDEX(Lang!$B$90:$B$92,O37-1),INDEX(Shifts!$C$8:$C$5007,W37)&CHAR(10)&HOUR(INDEX(Shifts!$H$8:$H$5007,W37))&":"&RIGHT("0"&MINUTE(INDEX(Shifts!$H$8:$H$5007,W37)),2)&"–"&HOUR(INDEX(Shifts!$I$8:$I$5007,W37))&":"&RIGHT("0"&MINUTE(INDEX(Shifts!$I$8:$I$5007,W37)),2))) | G37: =IF(P37=0,"",IF(P37>1,INDEX(Lang!$B$90:$B$92,P37-1),INDEX(Shifts!$C$8:$C$5007,X37)&CHAR(10)&HOUR(INDEX(Shifts!$H$8:$H$5007,X37))&":"&RIGHT("0"&MINUTE(INDEX(Shifts!$H$8:$H$5007,X37)),2)&"–"&HOUR(INDEX(Shifts!$I$8:$I$5007,X37))&":"&RIGHT("0"&MINUTE(INDEX(Shifts!$I$8:$I$5007,X37)),2))) | H37: =IF(Q37=0,"",IF(Q37>1,INDEX(Lang!$B$90:$B$92,Q37-1),INDEX(Shifts!$C$8:$C$5007,Y37)&CHAR(10)&HOUR(INDEX(Shifts!$H$8:$H$5007,Y37))&":"&RIGHT("0"&MINUTE(INDEX(Shifts!$H$8:$H$5007,Y37)),2)&"–"&HOUR(INDEX(Shifts!$I$8:$I$5007,Y37))&":"&RIGHT("0"&MINUTE(INDEX(Shifts!$I$8:$I$5007,Y37)),2))) | I37: =IF(R37=0,"",IF(R37>1,INDEX(Lang!$B$90:$B$92,R37-1),INDEX(Shifts!$C$8:$C$5007,Z37)&CHAR(10)&HOUR(INDEX(Shifts!$H$8:$H$5007,Z37))&":"&RIGHT("0"&MINUTE(INDEX(Shifts!$H$8:$H$5007,Z37)),2)&"–"&HOUR(INDEX(Shifts!$I$8:$I$5007,Z37))&":"&RIGHT("0"&MINUTE(INDEX(Shifts!$I$8:$I$5007,Z37)),2))) | J37: =IF(S37=0,"",IF(S37>1,INDEX(Lang!$B$90:$B$92,S37-1),INDEX(Shifts!$C$8:$C$5007,AA37)&CHAR(10)&HOUR(INDEX(Shifts!$H$8:$H$5007,AA37))&":"&RIGHT("0"&MINUTE(INDEX(Shifts!$H$8:$H$5007,AA37)),2)&"–"&HOUR(INDEX(Shifts!$I$8:$I$5007,AA37))&":"&RIGHT("0"&MINUTE(INDEX(Shifts!$I$8:$I$5007,AA37)),2))) | K37: =IF($B37="","",SUMIFS(Shifts!$G$8:$G$5007,Shifts!$B$8:$B$5007,$B37,Shifts!$A$8:$A$5007,">="&Calc!$B$10,Shifts!$A$8:$A$5007,"<"&Calc!$B$10+7)) | M37: =IF($B37="",0,IF(AC37>0,1+MAX(1,INDEX(Leave!$G:$G,AC37)),IF(U37>0,1,0))) | N37: =IF($B37="",0,IF(AD37>0,1+MAX(1,INDEX(Leave!$G:$G,AD37)),IF(V37>0,1,0))) | O37: =IF($B37="",0,IF(AE37>0,1+MAX(1,INDEX(Leave!$G:$G,AE37)),IF(W37>0,1,0))) | P37: =IF($B37="",0,IF(AF37>0,1+MAX(1,INDEX(Leave!$G:$G,AF37)),IF(X37>0,1,0))) | Q37: =IF($B37="",0,IF(AG37>0,1+MAX(1,INDEX(Leave!$G:$G,AG37)),IF(Y37>0,1,0))) | R37: =IF($B37="",0,IF(AH37>0,1+MAX(1,INDEX(Leave!$G:$G,AH37)),IF(Z37>0,1,0))) | S37: =IF($B37="",0,IF(AI37>0,1+MAX(1,INDEX(Leave!$G:$G,AI37)),IF(AA37>0,1,0))) | U37: =IF($B37="",0,IFERROR(MATCH($B37&"|"&M$7,Shifts!$K$8:$K$5007,0),0)) | V37: =IF($B37="",0,IFERROR(MATCH($B37&"|"&N$7,Shifts!$K$8:$K$5007,0),0)) | W37: =IF($B37="",0,IFERROR(MATCH($B37&"|"&O$7,Shifts!$K$8:$K$5007,0),0)) | X37: =IF($B37="",0,IFERROR(MATCH($B37&"|"&P$7,Shifts!$K$8:$K$5007,0),0)) | Y37: =IF($B37="",0,IFERROR(MATCH($B37&"|"&Q$7,Shifts!$K$8:$K$5007,0),0)) | Z37: =IF($B37="",0,IFERROR(MATCH($B37&"|"&R$7,Shifts!$K$8:$K$5007,0),0)) | AA37: =IF($B37="",0,IFERROR(MATCH($B37&"|"&S$7,Shifts!$K$8:$K$5007,0),0)) | AC37: =IF($B37="",0,SUMPRODUCT(MAX((Leave!$A$8:$A$507=$B37)*(Leave!$C$8:$C$507<=M$7)*(Leave!$D$8:$D$507>=M$7)*ROW(Leave!$A$8:$A$507)))) | AD37: =IF($B37="",0,SUMPRODUCT(MAX((Leave!$A$8:$A$507=$B37)*(Leave!$C$8:$C$507<=N$7)*(Leave!$D$8:$D$507>=N$7)*ROW(Leave!$A$8:$A$507)))) | AE37: =IF($B37="",0,SUMPRODUCT(MAX((Leave!$A$8:$A$507=$B37)*(Leave!$C$8:$C$507<=O$7)*(Leave!$D$8:$D$507>=O$7)*ROW(Leave!$A$8:$A$507)))) | AF37: =IF($B37="",0,SUMPRODUCT(MAX((Leave!$A$8:$A$507=$B37)*(Leave!$C$8:$C$507<=P$7)*(Leave!$D$8:$D$507>=P$7)*ROW(Leave!$A$8:$A$507)))) | AG37: =IF($B37="",0,SUMPRODUCT(MAX((Leave!$A$8:$A$507=$B37)*(Leave!$C$8:$C$507<=Q$7)*(Leave!$D$8:$D$507>=Q$7)*ROW(Leave!$A$8:$A$507)))) | AH37: =IF($B37="",0,SUMPRODUCT(MAX((Leave!$A$8:$A$507=$B37)*(Leave!$C$8:$C$507<=R$7)*(Leave!$D$8:$D$507>=R$7)*ROW(Leave!$A$8:$A$507)))) | AI37: =IF($B37="",0,SUMPRODUCT(MAX((Leave!$A$8:$A$507=$B37)*(Leave!$C$8:$C$507<=S$7)*(Leave!$D$8:$D$507>=S$7)*ROW(Leave!$A$8:$A$507))))
D39: =Lang!$B$90 | E39: =Lang!$B$91 | F39: =Lang!$B$92 | G39: =Lang!$B$93
B42: =Lang!$B$5

Sheet Shifts
A1: ="KEYONE / "&Lang!$B$94
A3: =Lang!$B$95
A5: =HYPERLINK("#'START'!A1",Lang!$B$2) | B5: =HYPERLINK("#'Dashboard'!A1",Lang!$B$3) | C5: =HYPERLINK("#'Roster'!A1",Lang!$B$39) | D5: =HYPERLINK("#'Settings'!A1",Lang!$B$4)
A7: =Lang!$B$96 | B7: =Lang!$B$75 | C7: =Lang!$B$97 | D7: =Lang!$B$98 | E7: =Lang!$B$99 | F7: =Lang!$B$100 | G7: =Lang!$B$101
A8: 46266 | B8: Anna Berger | C8: Early | D8: 0.27083333 | E8: 0.60416667 | F8: 30 | G8: =IF(OR($A8="",$B8=""),"",ROUND(MAX(0,MOD(I8-H8,1)*24-L8/60),2)) | H8: =IF($A8="","",IF($D8="",IFERROR(INDEX(Settings!$E$11:$E$18,MATCH($C8,Settings!$D$11:$D$18,0)),0),$D8)) | I8: =IF($A8="","",IF($E8="",IFERROR(INDEX(Settings!$F$11:$F$18,MATCH($C8,Settings!$D$11:$D$18,0)),0),$E8)) | J8: =IF($A8="",0,WEEKDAY($A8,2)) | K8: =IF(OR($A8="",$B8=""),"",$B8&"|"&$A8) | L8: =IF($A8="",0,IF($F8="",IFERROR(N(INDEX(Settings!$G$11:$G$18,MATCH($C8,Settings!$D$11:$D$18,0))),0),N($F8)))
A9: 46266 | B9: Luca Moretti | C9: Late | D9: 0.58333333 | E9: 0.91666667 | F9: 30 | G9: =IF(OR($A9="",$B9=""),"",ROUND(MAX(0,MOD(I9-H9,1)*24-L9/60),2)) | H9: =IF($A9="","",IF($D9="",IFERROR(INDEX(Settings!$E$11:$E$18,MATCH($C9,Settings!$D$11:$D$18,0)),0),$D9)) | I9: =IF($A9="","",IF($E9="",IFERROR(INDEX(Settings!$F$11:$F$18,MATCH($C9,Settings!$D$11:$D$18,0)),0),$E9)) | J9: =IF($A9="",0,WEEKDAY($A9,2)) | K9: =IF(OR($A9="",$B9=""),"",$B9&"|"&$A9) | L9: =IF($A9="",0,IF($F9="",IFERROR(N(INDEX(Settings!$G$11:$G$18,MATCH($C9,Settings!$D$11:$D$18,0))),0),N($F9)))
A10: 46266 | B10: Sofia Neumann | C10: Early | D10: 0.27083333 | E10: 0.60416667 | F10: 30 | G10: =IF(OR($A10="",$B10=""),"",ROUND(MAX(0,MOD(I10-H10,1)*24-L10/60),2)) | H10: =IF($A10="","",IF($D10="",IFERROR(INDEX(Settings!$E$11:$E$18,MATCH($C10,Settings!$D$11:$D$18,0)),0),$D10)) | I10: =IF($A10="","",IF($E10="",IFERROR(INDEX(Settings!$F$11:$F$18,MATCH($C10,Settings!$D$11:$D$18,0)),0),$E10)) | J10: =IF($A10="",0,WEEKDAY($A10,2)) | K10: =IF(OR($A10="",$B10=""),"",$B10&"|"&$A10) | L10: =IF($A10="",0,IF($F10="",IFERROR(N(INDEX(Settings!$G$11:$G$18,MATCH($C10,Settings!$D$11:$D$18,0))),0),N($F10)))
A11: 46266 | B11: Mia Schulz | C11: Early | D11: 0.27083333 | E11: 0.60416667 | F11: 30 | G11: =IF(OR($A11="",$B11=""),"",ROUND(MAX(0,MOD(I11-H11,1)*24-L11/60),2)) | H11: =IF($A11="","",IF($D11="",IFERROR(INDEX(Settings!$E$11:$E$18,MATCH($C11,Settings!$D$11:$D$18,0)),0),$D11)) | I11: =IF($A11="","",IF($E11="",IFERROR(INDEX(Settings!$F$11:$F$18,MATCH($C11,Settings!$D$11:$D$18,0)),0),$E11)) | J11: =IF($A11="",0,WEEKDAY($A11,2)) | K11: =IF(OR($A11="",$B11=""),"",$B11&"|"&$A11) | L11: =IF($A11="",0,IF($F11="",IFERROR(N(INDEX(Settings!$G$11:$G$18,MATCH($C11,Settings!$D$11:$D$18,0))),0),N($F11)))
A12: 46266 | B12: Emma Wolf | C12: Short | D12: 0.45833333 | E12: 0.625 | F12: 0 | G12: =IF(OR($A12="",$B12=""),"",ROUND(MAX(0,MOD(I12-H12,1)*24-L12/60),2)) | H12: =IF($A12="","",IF($D12="",IFERROR(INDEX(Settings!$E$11:$E$18,MATCH($C12,Settings!$D$11:$D$18,0)),0),$D12)) | I12: =IF($A12="","",IF($E12="",IFERROR(INDEX(Settings!$F$11:$F$18,MATCH($C12,Settings!$D$11:$D$18,0)),0),$E12)) | J12: =IF($A12="",0,WEEKDAY($A12,2)) | K12: =IF(OR($A12="",$B12=""),"",$B12&"|"&$A12) | L12: =IF($A12="",0,IF($F12="",IFERROR(N(INDEX(Settings!$G$11:$G$18,MATCH($C12,Settings!$D$11:$D$18,0))),0),N($F12)))
A13: 46267 | B13: Anna Berger | C13: Early | D13: 0.27083333 | E13: 0.60416667 | F13: 30 | G13: =IF(OR($A13="",$B13=""),"",ROUND(MAX(0,MOD(I13-H13,1)*24-L13/60),2)) | H13: =IF($A13="","",IF($D13="",IFERROR(INDEX(Settings!$E$11:$E$18,MATCH($C13,Settings!$D$11:$D$18,0)),0),$D13)) | I13: =IF($A13="","",IF($E13="",IFERROR(INDEX(Settings!$F$11:$F$18,MATCH($C13,Settings!$D$11:$D$18,0)),0),$E13)) | J13: =IF($A13="",0,WEEKDAY($A13,2)) | K13: =IF(OR($A13="",$B13=""),"",$B13&"|"&$A13) | L13: =IF($A13="",0,IF($F13="",IFERROR(N(INDEX(Settings!$G$11:$G$18,MATCH($C13,Settings!$D$11:$D$18,0))),0),N($F13)))
A14: 46267 | B14: Sofia Neumann | C14: Late | D14: 0.58333333 | E14: 0.91666667 | F14: 30 | G14: =IF(OR($A14="",$B14=""),"",ROUND(MAX(0,MOD(I14-H14,1)*24-L14/60),2)) | H14: =IF($A14="","",IF($D14="",IFERROR(INDEX(Settings!$E$11:$E$18,MATCH($C14,Settings!$D$11:$D$18,0)),0),$D14)) | I14: =IF($A14="","",IF($E14="",IFERROR(INDEX(Settings!$F$11:$F$18,MATCH($C14,Settings!$D$11:$D$18,0)),0),$E14)) | J14: =IF($A14="",0,WEEKDAY($A14,2)) | K14: =IF(OR($A14="",$B14=""),"",$B14&"|"&$A14) | L14: =IF($A14="",0,IF($F14="",IFERROR(N(INDEX(Settings!$G$11:$G$18,MATCH($C14,Settings!$D$11:$D$18,0))),0),N($F14)))
A15: 46267 | B15: Jonas Weber | C15: Middle | D15: 0.41666667 | E15: 0.75 | F15: 30 | G15: =IF(OR($A15="",$B15=""),"",ROUND(MAX(0,MOD(I15-H15,1)*24-L15/60),2)) | H15: =IF($A15="","",IF($D15="",IFERROR(INDEX(Settings!$E$11:$E$18,MATCH($C15,Settings!$D$11:$D$18,0)),0),$D15)) | I15: =IF($A15="","",IF($E15="",IFERROR(INDEX(Settings!$F$11:$F$18,MATCH($C15,Settings!$D$11:$D$18,0)),0),$E15)) | J15: =IF($A15="",0,WEEKDAY($A15,2)) | K15: =IF(OR($A15="",$B15=""),"",$B15&"|"&$A15) | L15: =IF($A15="",0,IF($F15="",IFERROR(N(INDEX(Settings!$G$11:$G$18,MATCH($C15,Settings!$D$11:$D$18,0))),0),N($F15)))
A16: 46267 | B16: Noah Fischer | C16: Short | D16: 0.45833333 | E16: 0.625 | F16: 0 | G16: =IF(OR($A16="",$B16=""),"",ROUND(MAX(0,MOD(I16-H16,1)*24-L16/60),2)) | H16: =IF($A16="","",IF($D16="",IFERROR(INDEX(Settings!$E$11:$E$18,MATCH($C16,Settings!$D$11:$D$18,0)),0),$D16)) | I16: =IF($A16="","",IF($E16="",IFERROR(INDEX(Settings!$F$11:$F$18,MATCH($C16,Settings!$D$11:$D$18,0)),0),$E16)) | J16: =IF($A16="",0,WEEKDAY($A16,2)) | K16: =IF(OR($A16="",$B16=""),"",$B16&"|"&$A16) | L16: =IF($A16="",0,IF($F16="",IFERROR(N(INDEX(Settings!$G$11:$G$18,MATCH($C16,Settings!$D$11:$D$18,0))),0),N($F16)))
A17: 46268 | B17: Luca Moretti | C17: Late | D17: 0.58333333 | E17: 0.91666667 | F17: 30 | G17: =IF(OR($A17="",$B17=""),"",ROUND(MAX(0,MOD(I17-H17,1)*24-L17/60),2)) | H17: =IF($A17="","",IF($D17="",IFERROR(INDEX(Settings!$E$11:$E$18,MATCH($C17,Settings!$D$11:$D$18,0)),0),$D17)) | I17: =IF($A17="","",IF($E17="",IFERROR(INDEX(Settings!$F$11:$F$18,MATCH($C17,Settings!$D$11:$D$18,0)),0),$E17)) | J17: =IF($A17="",0,WEEKDAY($A17,2)) | K17: =IF(OR($A17="",$B17=""),"",$B17&"|"&$A17) | L17: =IF($A17="",0,IF($F17="",IFERROR(N(INDEX(Settings!$G$11:$G$18,MATCH($C17,Settings!$D$11:$D$18,0))),0),N($F17)))
A18: 46268 | B18: Jonas Weber | C18: Late | D18: 0.58333333 | E18: 0.9375 | F18: 30 | G18: =IF(OR($A18="",$B18=""),"",ROUND(MAX(0,MOD(I18-H18,1)*24-L18/60),2)) | H18: =IF($A18="","",IF($D18="",IFERROR(INDEX(Settings!$E$11:$E$18,MATCH($C18,Settings!$D$11:$D$18,0)),0),$D18)) | I18: =IF($A18="","",IF($E18="",IFERROR(INDEX(Settings!$F$11:$F$18,MATCH($C18,Settings!$D$11:$D$18,0)),0),$E18)) | J18: =IF($A18="",0,WEEKDAY($A18,2)) | K18: =IF(OR($A18="",$B18=""),"",$B18&"|"&$A18) | L18: =IF($A18="",0,IF($F18="",IFERROR(N(INDEX(Settings!$G$11:$G$18,MATCH($C18,Settings!$D$11:$D$18,0))),0),N($F18)))
A19: 46268 | B19: Mia Schulz | C19: Early | D19: 0.27083333 | E19: 0.60416667 | F19: 30 | G19: =IF(OR($A19="",$B19=""),"",ROUND(MAX(0,MOD(I19-H19,1)*24-L19/60),2)) | H19: =IF($A19="","",IF($D19="",IFERROR(INDEX(Settings!$E$11:$E$18,MATCH($C19,Settings!$D$11:$D$18,0)),0),$D19)) | I19: =IF($A19="","",IF($E19="",IFERROR(INDEX(Settings!$F$11:$F$18,MATCH($C19,Settings!$D$11:$D$18,0)),0),$E19)) | J19: =IF($A19="",0,WEEKDAY($A19,2)) | K19: =IF(OR($A19="",$B19=""),"",$B19&"|"&$A19) | L19: =IF($A19="",0,IF($F19="",IFERROR(N(INDEX(Settings!$G$11:$G$18,MATCH($C19,Settings!$D$11:$D$18,0))),0),N($F19)))
... A471: 46356 | B471: Anna Berger | C471: Late | D471: 0.58333333 | E471: 0.91666667 | F471: 30 | G471: =IF(OR($A471="",$B471=""),"",ROUND(MAX(0,MOD(I471-H471,1)*24-L471/60),2)) | H471: =IF($A471="","",IF($D471="",IFERROR(INDEX(Settings!$E$11:$E$18,MATCH($C471,Settings!$D$11:$D$18,0)),0),$D471)) | I471: =IF($A471="","",IF($E471="",IFERROR(INDEX(Settings!$F$11:$F$18,MATCH($C471,Settings!$D$11:$D$18,0)),0),$E471)) | J471: =IF($A471="",0,WEEKDAY($A471,2)) | K471: =IF(OR($A471="",$B471=""),"",$B471&"|"&$A471) | L471: =IF($A471="",0,IF($F471="",IFERROR(N(INDEX(Settings!$G$11:$G$18,MATCH($C471,Settings!$D$11:$D$18,0))),0),N($F471)))
G472: =IF(OR($A472="",$B472=""),"",ROUND(MAX(0,MOD(I472-H472,1)*24-L472/60),2)) | H472: =IF($A472="","",IF($D472="",IFERROR(INDEX(Settings!$E$11:$E$18,MATCH($C472,Settings!$D$11:$D$18,0)),0),$D472)) | I472: =IF($A472="","",IF($E472="",IFERROR(INDEX(Settings!$F$11:$F$18,MATCH($C472,Settings!$D$11:$D$18,0)),0),$E472)) | J472: =IF($A472="",0,WEEKDAY($A472,2)) | K472: =IF(OR($A472="",$B472=""),"",$B472&"|"&$A472) | L472: =IF($A472="",0,IF($F472="",IFERROR(N(INDEX(Settings!$G$11:$G$18,MATCH($C472,Settings!$D$11:$D$18,0))),0),N($F472)))
G473: =IF(OR($A473="",$B473=""),"",ROUND(MAX(0,MOD(I473-H473,1)*24-L473/60),2)) | H473: =IF($A473="","",IF($D473="",IFERROR(INDEX(Settings!$E$11:$E$18,MATCH($C473,Settings!$D$11:$D$18,0)),0),$D473)) | I473: =IF($A473="","",IF($E473="",IFERROR(INDEX(Settings!$F$11:$F$18,MATCH($C473,Settings!$D$11:$D$18,0)),0),$E473)) | J473: =IF($A473="",0,WEEKDAY($A473,2)) | K473: =IF(OR($A473="",$B473=""),"",$B473&"|"&$A473) | L473: =IF($A473="",0,IF($F473="",IFERROR(N(INDEX(Settings!$G$11:$G$18,MATCH($C473,Settings!$D$11:$D$18,0))),0),N($F473)))
G474: =IF(OR($A474="",$B474=""),"",ROUND(MAX(0,MOD(I474-H474,1)*24-L474/60),2)) | H474: =IF($A474="","",IF($D474="",IFERROR(INDEX(Settings!$E$11:$E$18,MATCH($C474,Settings!$D$11:$D$18,0)),0),$D474)) | I474: =IF($A474="","",IF($E474="",IFERROR(INDEX(Settings!$F$11:$F$18,MATCH($C474,Settings!$D$11:$D$18,0)),0),$E474)) | J474: =IF($A474="",0,WEEKDAY($A474,2)) | K474: =IF(OR($A474="",$B474=""),"",$B474&"|"&$A474) | L474: =IF($A474="",0,IF($F474="",IFERROR(N(INDEX(Settings!$G$11:$G$18,MATCH($C474,Settings!$D$11:$D$18,0))),0),N($F474)))
G475: =IF(OR($A475="",$B475=""),"",ROUND(MAX(0,MOD(I475-H475,1)*24-L475/60),2)) | H475: =IF($A475="","",IF($D475="",IFERROR(INDEX(Settings!$E$11:$E$18,MATCH($C475,Settings!$D$11:$D$18,0)),0),$D475)) | I475: =IF($A475="","",IF($E475="",IFERROR(INDEX(Settings!$F$11:$F$18,MATCH($C475,Settings!$D$11:$D$18,0)),0),$E475)) | J475: =IF($A475="",0,WEEKDAY($A475,2)) | K475: =IF(OR($A475="",$B475=""),"",$B475&"|"&$A475) | L475: =IF($A475="",0,IF($F475="",IFERROR(N(INDEX(Settings!$G$11:$G$18,MATCH($C475,Settings!$D$11:$D$18,0))),0),N($F475)))
G476: =IF(OR($A476="",$B476=""),"",ROUND(MAX(0,MOD(I476-H476,1)*24-L476/60),2)) | H476: =IF($A476="","",IF($D476="",IFERROR(INDEX(Settings!$E$11:$E$18,MATCH($C476,Settings!$D$11:$D$18,0)),0),$D476)) | I476: =IF($A476="","",IF($E476="",IFERROR(INDEX(Settings!$F$11:$F$18,MATCH($C476,Settings!$D$11:$D$18,0)),0),$E476)) | J476: =IF($A476="",0,WEEKDAY($A476,2)) | K476: =IF(OR($A476="",$B476=""),"",$B476&"|"&$A476) | L476: =IF($A476="",0,IF($F476="",IFERROR(N(INDEX(Settings!$G$11:$G$18,MATCH($C476,Settings!$D$11:$D$18,0))),0),N($F476)))
G477: =IF(OR($A477="",$B477=""),"",ROUND(MAX(0,MOD(I477-H477,1)*24-L477/60),2)) | H477: =IF($A477="","",IF($D477="",IFERROR(INDEX(Settings!$E$11:$E$18,MATCH($C477,Settings!$D$11:$D$18,0)),0),$D477)) | I477: =IF($A477="","",IF($E477="",IFERROR(INDEX(Settings!$F$11:$F$18,MATCH($C477,Settings!$D$11:$D$18,0)),0),$E477)) | J477: =IF($A477="",0,WEEKDAY($A477,2)) | K477: =IF(OR($A477="",$B477=""),"",$B477&"|"&$A477) | L477: =IF($A477="",0,IF($F477="",IFERROR(N(INDEX(Settings!$G$11:$G$18,MATCH($C477,Settings!$D$11:$D$18,0))),0),N($F477)))
G478: =IF(OR($A478="",$B478=""),"",ROUND(MAX(0,MOD(I478-H478,1)*24-L478/60),2)) | H478: =IF($A478="","",IF($D478="",IFERROR(INDEX(Settings!$E$11:$E$18,MATCH($C478,Settings!$D$11:$D$18,0)),0),$D478)) | I478: =IF($A478="","",IF($E478="",IFERROR(INDEX(Settings!$F$11:$F$18,MATCH($C478,Settings!$D$11:$D$18,0)),0),$E478)) | J478: =IF($A478="",0,WEEKDAY($A478,2)) | K478: =IF(OR($A478="",$B478=""),"",$B478&"|"&$A478) | L478: =IF($A478="",0,IF($F478="",IFERROR(N(INDEX(Settings!$G$11:$G$18,MATCH($C478,Settings!$D$11:$D$18,0))),0),N($F478)))
G479: =IF(OR($A479="",$B479=""),"",ROUND(MAX(0,MOD(I479-H479,1)*24-L479/60),2)) | H479: =IF($A479="","",IF($D479="",IFERROR(INDEX(Settings!$E$11:$E$18,MATCH($C479,Settings!$D$11:$D$18,0)),0),$D479)) | I479: =IF($A479="","",IF($E479="",IFERROR(INDEX(Settings!$F$11:$F$18,MATCH($C479,Settings!$D$11:$D$18,0)),0),$E479)) | J479: =IF($A479="",0,WEEKDAY($A479,2)) | K479: =IF(OR($A479="",$B479=""),"",$B479&"|"&$A479) | L479: =IF($A479="",0,IF($F479="",IFERROR(N(INDEX(Settings!$G$11:$G$18,MATCH($C479,Settings!$D$11:$D$18,0))),0),N($F479)))
G480: =IF(OR($A480="",$B480=""),"",ROUND(MAX(0,MOD(I480-H480,1)*24-L480/60),2)) | H480: =IF($A480="","",IF($D480="",IFERROR(INDEX(Settings!$E$11:$E$18,MATCH($C480,Settings!$D$11:$D$18,0)),0),$D480)) | I480: =IF($A480="","",IF($E480="",IFERROR(INDEX(Settings!$F$11:$F$18,MATCH($C480,Settings!$D$11:$D$18,0)),0),$E480)) | J480: =IF($A480="",0,WEEKDAY($A480,2)) | K480: =IF(OR($A480="",$B480=""),"",$B480&"|"&$A480) | L480: =IF($A480="",0,IF($F480="",IFERROR(N(INDEX(Settings!$G$11:$G$18,MATCH($C480,Settings!$D$11:$D$18,0))),0),N($F480)))
G481: =IF(OR($A481="",$B481=""),"",ROUND(MAX(0,MOD(I481-H481,1)*24-L481/60),2)) | H481: =IF($A481="","",IF($D481="",IFERROR(INDEX(Settings!$E$11:$E$18,MATCH($C481,Settings!$D$11:$D$18,0)),0),$D481)) | I481: =IF($A481="","",IF($E481="",IFERROR(INDEX(Settings!$F$11:$F$18,MATCH($C481,Settings!$D$11:$D$18,0)),0),$E481)) | J481: =IF($A481="",0,WEEKDAY($A481,2)) | K481: =IF(OR($A481="",$B481=""),"",$B481&"|"&$A481) | L481: =IF($A481="",0,IF($F481="",IFERROR(N(INDEX(Settings!$G$11:$G$18,MATCH($C481,Settings!$D$11:$D$18,0))),0),N($F481)))
G482: =IF(OR($A482="",$B482=""),"",ROUND(MAX(0,MOD(I482-H482,1)*24-L482/60),2)) | H482: =IF($A482="","",IF($D482="",IFERROR(INDEX(Settings!$E$11:$E$18,MATCH($C482,Settings!$D$11:$D$18,0)),0),$D482)) | I482: =IF($A482="","",IF($E482="",IFERROR(INDEX(Settings!$F$11:$F$18,MATCH($C482,Settings!$D$11:$D$18,0)),0),$E482)) | J482: =IF($A482="",0,WEEKDAY($A482,2)) | K482: =IF(OR($A482="",$B482=""),"",$B482&"|"&$A482) | L482: =IF($A482="",0,IF($F482="",IFERROR(N(INDEX(Settings!$G$11:$G$18,MATCH($C482,Settings!$D$11:$D$18,0))),0),N($F482)))
G483: =IF(OR($A483="",$B483=""),"",ROUND(MAX(0,MOD(I483-H483,1)*24-L483/60),2)) | H483: =IF($A483="","",IF($D483="",IFERROR(INDEX(Settings!$E$11:$E$18,MATCH($C483,Settings!$D$11:$D$18,0)),0),$D483)) | I483: =IF($A483="","",IF($E483="",IFERROR(INDEX(Settings!$F$11:$F$18,MATCH($C483,Settings!$D$11:$D$18,0)),0),$E483)) | J483: =IF($A483="",0,WEEKDAY($A483,2)) | K483: =IF(OR($A483="",$B483=""),"",$B483&"|"&$A483) | L483: =IF($A483="",0,IF($F483="",IFERROR(N(INDEX(Settings!$G$11:$G$18,MATCH($C483,Settings!$D$11:$D$18,0))),0),N($F483)))
... G5007: =IF(OR($A5007="",$B5007=""),"",ROUND(MAX(0,MOD(I5007-H5007,1)*24-L5007/60),2)) | H5007: =IF($A5007="","",IF($D5007="",IFERROR(INDEX(Settings!$E$11:$E$18,MATCH($C5007,Settings!$D$11:$D$18,0)),0),$D5007)) | I5007: =IF($A5007="","",IF($E5007="",IFERROR(INDEX(Settings!$F$11:$F$18,MATCH($C5007,Settings!$D$11:$D$18,0)),0),$E5007)) | J5007: =IF($A5007="",0,WEEKDAY($A5007,2)) | K5007: =IF(OR($A5007="",$B5007=""),"",$B5007&"|"&$A5007) | L5007: =IF($A5007="",0,IF($F5007="",IFERROR(N(INDEX(Settings!$G$11:$G$18,MATCH($C5007,Settings!$D$11:$D$18,0))),0),N($F5007)))

Sheet Leave
A1: ="KEYONE / "&Lang!$B$102
A3: =Lang!$B$103
A5: =HYPERLINK("#'START'!A1",Lang!$B$2) | B5: =HYPERLINK("#'Dashboard'!A1",Lang!$B$3) | C5: =HYPERLINK("#'Roster'!A1",Lang!$B$39) | D5: =HYPERLINK("#'Settings'!A1",Lang!$B$4)
A7: =Lang!$B$75 | B7: =Lang!$B$104 | C7: =Lang!$B$105 | D7: =Lang!$B$106 | E7: =Lang!$B$107 | F7: =Lang!$B$108
A8: Anna Berger | B8: Vacation | C8: 46111 | D8: 46122 | E8: =IF(OR($C8="",$D8=""),"",NETWORKDAYS($C8,$D8)) | G8: =IF($B8="",0,ROUND(SUMPRODUCT((Lang!$C$90:$N$92=$B8)*(ROW(Lang!$C$90:$N$92)-89))/MAX(1,COUNTIF(Lang!$C$90:$N$92,$B8)),0)) | H8: =IF(OR($A8="",$C8="",$D8=""),0,IF(MIN($D8,Calc!$B$5-1)<MAX($C8,Calc!$B$4),0,NETWORKDAYS(MAX($C8,Calc!$B$4),MIN($D8,Calc!$B$5-1)))) | I8: =IF(OR($A8="",$C8="",$D8=""),0,IF(MIN($D8,Calc!$B$8-1)<MAX($C8,Calc!$B$7),0,NETWORKDAYS(MAX($C8,Calc!$B$7),MIN($D8,Calc!$B$8-1))))
A9: Anna Berger | B9: Vacation | C9: 46237 | D9: 46248 | E9: =IF(OR($C9="",$D9=""),"",NETWORKDAYS($C9,$D9)) | G9: =IF($B9="",0,ROUND(SUMPRODUCT((Lang!$C$90:$N$92=$B9)*(ROW(Lang!$C$90:$N$92)-89))/MAX(1,COUNTIF(Lang!$C$90:$N$92,$B9)),0)) | H9: =IF(OR($A9="",$C9="",$D9=""),0,IF(MIN($D9,Calc!$B$5-1)<MAX($C9,Calc!$B$4),0,NETWORKDAYS(MAX($C9,Calc!$B$4),MIN($D9,Calc!$B$5-1)))) | I9: =IF(OR($A9="",$C9="",$D9=""),0,IF(MIN($D9,Calc!$B$8-1)<MAX($C9,Calc!$B$7),0,NETWORKDAYS(MAX($C9,Calc!$B$7),MIN($D9,Calc!$B$8-1))))
A10: Luca Moretti | B10: Vacation | C10: 46188 | D10: 46199 | E10: =IF(OR($C10="",$D10=""),"",NETWORKDAYS($C10,$D10)) | G10: =IF($B10="",0,ROUND(SUMPRODUCT((Lang!$C$90:$N$92=$B10)*(ROW(Lang!$C$90:$N$92)-89))/MAX(1,COUNTIF(Lang!$C$90:$N$92,$B10)),0)) | H10: =IF(OR($A10="",$C10="",$D10=""),0,IF(MIN($D10,Calc!$B$5-1)<MAX($C10,Calc!$B$4),0,NETWORKDAYS(MAX($C10,Calc!$B$4),MIN($D10,Calc!$B$5-1)))) | I10: =IF(OR($A10="",$C10="",$D10=""),0,IF(MIN($D10,Calc!$B$8-1)<MAX($C10,Calc!$B$7),0,NETWORKDAYS(MAX($C10,Calc!$B$7),MIN($D10,Calc!$B$8-1))))
A11: Luca Moretti | B11: Vacation | C11: 46314 | D11: 46318 | E11: =IF(OR($C11="",$D11=""),"",NETWORKDAYS($C11,$D11)) | G11: =IF($B11="",0,ROUND(SUMPRODUCT((Lang!$C$90:$N$92=$B11)*(ROW(Lang!$C$90:$N$92)-89))/MAX(1,COUNTIF(Lang!$C$90:$N$92,$B11)),0)) | H11: =IF(OR($A11="",$C11="",$D11=""),0,IF(MIN($D11,Calc!$B$5-1)<MAX($C11,Calc!$B$4),0,NETWORKDAYS(MAX($C11,Calc!$B$4),MIN($D11,Calc!$B$5-1)))) | I11: =IF(OR($A11="",$C11="",$D11=""),0,IF(MIN($D11,Calc!$B$8-1)<MAX($C11,Calc!$B$7),0,NETWORKDAYS(MAX($C11,Calc!$B$7),MIN($D11,Calc!$B$8-1))))
A12: Sofia Neumann | B12: Vacation | C12: 46223 | D12: 46241 | E12: =IF(OR($C12="",$D12=""),"",NETWORKDAYS($C12,$D12)) | G12: =IF($B12="",0,ROUND(SUMPRODUCT((Lang!$C$90:$N$92=$B12)*(ROW(Lang!$C$90:$N$92)-89))/MAX(1,COUNTIF(Lang!$C$90:$N$92,$B12)),0)) | H12: =IF(OR($A12="",$C12="",$D12=""),0,IF(MIN($D12,Calc!$B$5-1)<MAX($C12,Calc!$B$4),0,NETWORKDAYS(MAX($C12,Calc!$B$4),MIN($D12,Calc!$B$5-1)))) | I12: =IF(OR($A12="",$C12="",$D12=""),0,IF(MIN($D12,Calc!$B$8-1)<MAX($C12,Calc!$B$7),0,NETWORKDAYS(MAX($C12,Calc!$B$7),MIN($D12,Calc!$B$8-1))))
A13: Jonas Weber | B13: Vacation | C13: 46160 | D13: 46171 | E13: =IF(OR($C13="",$D13=""),"",NETWORKDAYS($C13,$D13)) | G13: =IF($B13="",0,ROUND(SUMPRODUCT((Lang!$C$90:$N$92=$B13)*(ROW(Lang!$C$90:$N$92)-89))/MAX(1,COUNTIF(Lang!$C$90:$N$92,$B13)),0)) | H13: =IF(OR($A13="",$C13="",$D13=""),0,IF(MIN($D13,Calc!$B$5-1)<MAX($C13,Calc!$B$4),0,NETWORKDAYS(MAX($C13,Calc!$B$4),MIN($D13,Calc!$B$5-1)))) | I13: =IF(OR($A13="",$C13="",$D13=""),0,IF(MIN($D13,Calc!$B$8-1)<MAX($C13,Calc!$B$7),0,NETWORKDAYS(MAX($C13,Calc!$B$7),MIN($D13,Calc!$B$8-1))))
A14: Jonas Weber | B14: Sick | C14: 46302 | D14: 46304 | E14: =IF(OR($C14="",$D14=""),"",NETWORKDAYS($C14,$D14)) | F14: Certificate received | G14: =IF($B14="",0,ROUND(SUMPRODUCT((Lang!$C$90:$N$92=$B14)*(ROW(Lang!$C$90:$N$92)-89))/MAX(1,COUNTIF(Lang!$C$90:$N$92,$B14)),0)) | H14: =IF(OR($A14="",$C14="",$D14=""),0,IF(MIN($D14,Calc!$B$5-1)<MAX($C14,Calc!$B$4),0,NETWORKDAYS(MAX($C14,Calc!$B$4),MIN($D14,Calc!$B$5-1)))) | I14: =IF(OR($A14="",$C14="",$D14=""),0,IF(MIN($D14,Calc!$B$8-1)<MAX($C14,Calc!$B$7),0,NETWORKDAYS(MAX($C14,Calc!$B$7),MIN($D14,Calc!$B$8-1))))
A15: Mia Schulz | B15: Vacation | C15: 46272 | D15: 46283 | E15: =IF(OR($C15="",$D15=""),"",NETWORKDAYS($C15,$D15)) | G15: =IF($B15="",0,ROUND(SUMPRODUCT((Lang!$C$90:$N$92=$B15)*(ROW(Lang!$C$90:$N$92)-89))/MAX(1,COUNTIF(Lang!$C$90:$N$92,$B15)),0)) | H15: =IF(OR($A15="",$C15="",$D15=""),0,IF(MIN($D15,Calc!$B$5-1)<MAX($C15,Calc!$B$4),0,NETWORKDAYS(MAX($C15,Calc!$B$4),MIN($D15,Calc!$B$5-1)))) | I15: =IF(OR($A15="",$C15="",$D15=""),0,IF(MIN($D15,Calc!$B$8-1)<MAX($C15,Calc!$B$7),0,NETWORKDAYS(MAX($C15,Calc!$B$7),MIN($D15,Calc!$B$8-1))))
A16: Elias Kaya | B16: Vacation | C16: 46069 | D16: 46073 | E16: =IF(OR($C16="",$D16=""),"",NETWORKDAYS($C16,$D16)) | G16: =IF($B16="",0,ROUND(SUMPRODUCT((Lang!$C$90:$N$92=$B16)*(ROW(Lang!$C$90:$N$92)-89))/MAX(1,COUNTIF(Lang!$C$90:$N$92,$B16)),0)) | H16: =IF(OR($A16="",$C16="",$D16=""),0,IF(MIN($D16,Calc!$B$5-1)<MAX($C16,Calc!$B$4),0,NETWORKDAYS(MAX($C16,Calc!$B$4),MIN($D16,Calc!$B$5-1)))) | I16: =IF(OR($A16="",$C16="",$D16=""),0,IF(MIN($D16,Calc!$B$8-1)<MAX($C16,Calc!$B$7),0,NETWORKDAYS(MAX($C16,Calc!$B$7),MIN($D16,Calc!$B$8-1))))
A17: Lena Hoffmann | B17: Vacation | C17: 46251 | D17: 46269 | E17: =IF(OR($C17="",$D17=""),"",NETWORKDAYS($C17,$D17)) | G17: =IF($B17="",0,ROUND(SUMPRODUCT((Lang!$C$90:$N$92=$B17)*(ROW(Lang!$C$90:$N$92)-89))/MAX(1,COUNTIF(Lang!$C$90:$N$92,$B17)),0)) | H17: =IF(OR($A17="",$C17="",$D17=""),0,IF(MIN($D17,Calc!$B$5-1)<MAX($C17,Calc!$B$4),0,NETWORKDAYS(MAX($C17,Calc!$B$4),MIN($D17,Calc!$B$5-1)))) | I17: =IF(OR($A17="",$C17="",$D17=""),0,IF(MIN($D17,Calc!$B$8-1)<MAX($C17,Calc!$B$7),0,NETWORKDAYS(MAX($C17,Calc!$B$7),MIN($D17,Calc!$B$8-1))))
A18: Lena Hoffmann | B18: Sick | C18: 46316 | D18: 46317 | E18: =IF(OR($C18="",$D18=""),"",NETWORKDAYS($C18,$D18)) | F18: Certificate received | G18: =IF($B18="",0,ROUND(SUMPRODUCT((Lang!$C$90:$N$92=$B18)*(ROW(Lang!$C$90:$N$92)-89))/MAX(1,COUNTIF(Lang!$C$90:$N$92,$B18)),0)) | H18: =IF(OR($A18="",$C18="",$D18=""),0,IF(MIN($D18,Calc!$B$5-1)<MAX($C18,Calc!$B$4),0,NETWORKDAYS(MAX($C18,Calc!$B$4),MIN($D18,Calc!$B$5-1)))) | I18: =IF(OR($A18="",$C18="",$D18=""),0,IF(MIN($D18,Calc!$B$8-1)<MAX($C18,Calc!$B$7),0,NETWORKDAYS(MAX($C18,Calc!$B$7),MIN($D18,Calc!$B$8-1))))
A19: Emma Wolf | B19: Vacation | C19: 46328 | D19: 46332 | E19: =IF(OR($C19="",$D19=""),"",NETWORKDAYS($C19,$D19)) | G19: =IF($B19="",0,ROUND(SUMPRODUCT((Lang!$C$90:$N$92=$B19)*(ROW(Lang!$C$90:$N$92)-89))/MAX(1,COUNTIF(Lang!$C$90:$N$92,$B19)),0)) | H19: =IF(OR($A19="",$C19="",$D19=""),0,IF(MIN($D19,Calc!$B$5-1)<MAX($C19,Calc!$B$4),0,NETWORKDAYS(MAX($C19,Calc!$B$4),MIN($D19,Calc!$B$5-1)))) | I19: =IF(OR($A19="",$C19="",$D19=""),0,IF(MIN($D19,Calc!$B$8-1)<MAX($C19,Calc!$B$7),0,NETWORKDAYS(MAX($C19,Calc!$B$7),MIN($D19,Calc!$B$8-1))))
A20: Ben Krüger | B20: Other | C20: 46307 | D20: 46307 | E20: =IF(OR($C20="",$D20=""),"",NETWORKDAYS($C20,$D20)) | F20: Training day | G20: =IF($B20="",0,ROUND(SUMPRODUCT((Lang!$C$90:$N$92=$B20)*(ROW(Lang!$C$90:$N$92)-89))/MAX(1,COUNTIF(Lang!$C$90:$N$92,$B20)),0)) | H20: =IF(OR($A20="",$C20="",$D20=""),0,IF(MIN($D20,Calc!$B$5-1)<MAX($C20,Calc!$B$4),0,NETWORKDAYS(MAX($C20,Calc!$B$4),MIN($D20,Calc!$B$5-1)))) | I20: =IF(OR($A20="",$C20="",$D20=""),0,IF(MIN($D20,Calc!$B$8-1)<MAX($C20,Calc!$B$7),0,NETWORKDAYS(MAX($C20,Calc!$B$7),MIN($D20,Calc!$B$8-1))))
A21: Noah Fischer | B21: Vacation | C21: 46118 | D21: 46122 | E21: =IF(OR($C21="",$D21=""),"",NETWORKDAYS($C21,$D21)) | G21: =IF($B21="",0,ROUND(SUMPRODUCT((Lang!$C$90:$N$92=$B21)*(ROW(Lang!$C$90:$N$92)-89))/MAX(1,COUNTIF(Lang!$C$90:$N$92,$B21)),0)) | H21: =IF(OR($A21="",$C21="",$D21=""),0,IF(MIN($D21,Calc!$B$5-1)<MAX($C21,Calc!$B$4),0,NETWORKDAYS(MAX($C21,Calc!$B$4),MIN($D21,Calc!$B$5-1)))) | I21: =IF(OR($A21="",$C21="",$D21=""),0,IF(MIN($D21,Calc!$B$8-1)<MAX($C21,Calc!$B$7),0,NETWORKDAYS(MAX($C21,Calc!$B$7),MIN($D21,Calc!$B$8-1))))
A22: Anna Berger | B22: Sick | C22: 46342 | D22: 46343 | E22: =IF(OR($C22="",$D22=""),"",NETWORKDAYS($C22,$D22)) | F22: Certificate received | G22: =IF($B22="",0,ROUND(SUMPRODUCT((Lang!$C$90:$N$92=$B22)*(ROW(Lang!$C$90:$N$92)-89))/MAX(1,COUNTIF(Lang!$C$90:$N$92,$B22)),0)) | H22: =IF(OR($A22="",$C22="",$D22=""),0,IF(MIN($D22,Calc!$B$5-1)<MAX($C22,Calc!$B$4),0,NETWORKDAYS(MAX($C22,Calc!$B$4),MIN($D22,Calc!$B$5-1)))) | I22: =IF(OR($A22="",$C22="",$D22=""),0,IF(MIN($D22,Calc!$B$8-1)<MAX($C22,Calc!$B$7),0,NETWORKDAYS(MAX($C22,Calc!$B$7),MIN($D22,Calc!$B$8-1))))
E23: =IF(OR($C23="",$D23=""),"",NETWORKDAYS($C23,$D23)) | G23: =IF($B23="",0,ROUND(SUMPRODUCT((Lang!$C$90:$N$92=$B23)*(ROW(Lang!$C$90:$N$92)-89))/MAX(1,COUNTIF(Lang!$C$90:$N$92,$B23)),0)) | H23: =IF(OR($A23="",$C23="",$D23=""),0,IF(MIN($D23,Calc!$B$5-1)<MAX($C23,Calc!$B$4),0,NETWORKDAYS(MAX($C23,Calc!$B$4),MIN($D23,Calc!$B$5-1)))) | I23: =IF(OR($A23="",$C23="",$D23=""),0,IF(MIN($D23,Calc!$B$8-1)<MAX($C23,Calc!$B$7),0,NETWORKDAYS(MAX($C23,Calc!$B$7),MIN($D23,Calc!$B$8-1))))
E24: =IF(OR($C24="",$D24=""),"",NETWORKDAYS($C24,$D24)) | G24: =IF($B24="",0,ROUND(SUMPRODUCT((Lang!$C$90:$N$92=$B24)*(ROW(Lang!$C$90:$N$92)-89))/MAX(1,COUNTIF(Lang!$C$90:$N$92,$B24)),0)) | H24: =IF(OR($A24="",$C24="",$D24=""),0,IF(MIN($D24,Calc!$B$5-1)<MAX($C24,Calc!$B$4),0,NETWORKDAYS(MAX($C24,Calc!$B$4),MIN($D24,Calc!$B$5-1)))) | I24: =IF(OR($A24="",$C24="",$D24=""),0,IF(MIN($D24,Calc!$B$8-1)<MAX($C24,Calc!$B$7),0,NETWORKDAYS(MAX($C24,Calc!$B$7),MIN($D24,Calc!$B$8-1))))
E25: =IF(OR($C25="",$D25=""),"",NETWORKDAYS($C25,$D25)) | G25: =IF($B25="",0,ROUND(SUMPRODUCT((Lang!$C$90:$N$92=$B25)*(ROW(Lang!$C$90:$N$92)-89))/MAX(1,COUNTIF(Lang!$C$90:$N$92,$B25)),0)) | H25: =IF(OR($A25="",$C25="",$D25=""),0,IF(MIN($D25,Calc!$B$5-1)<MAX($C25,Calc!$B$4),0,NETWORKDAYS(MAX($C25,Calc!$B$4),MIN($D25,Calc!$B$5-1)))) | I25: =IF(OR($A25="",$C25="",$D25=""),0,IF(MIN($D25,Calc!$B$8-1)<MAX($C25,Calc!$B$7),0,NETWORKDAYS(MAX($C25,Calc!$B$7),MIN($D25,Calc!$B$8-1))))
E26: =IF(OR($C26="",$D26=""),"",NETWORKDAYS($C26,$D26)) | G26: =IF($B26="",0,ROUND(SUMPRODUCT((Lang!$C$90:$N$92=$B26)*(ROW(Lang!$C$90:$N$92)-89))/MAX(1,COUNTIF(Lang!$C$90:$N$92,$B26)),0)) | H26: =IF(OR($A26="",$C26="",$D26=""),0,IF(MIN($D26,Calc!$B$5-1)<MAX($C26,Calc!$B$4),0,NETWORKDAYS(MAX($C26,Calc!$B$4),MIN($D26,Calc!$B$5-1)))) | I26: =IF(OR($A26="",$C26="",$D26=""),0,IF(MIN($D26,Calc!$B$8-1)<MAX($C26,Calc!$B$7),0,NETWORKDAYS(MAX($C26,Calc!$B$7),MIN($D26,Calc!$B$8-1))))
E27: =IF(OR($C27="",$D27=""),"",NETWORKDAYS($C27,$D27)) | G27: =IF($B27="",0,ROUND(SUMPRODUCT((Lang!$C$90:$N$92=$B27)*(ROW(Lang!$C$90:$N$92)-89))/MAX(1,COUNTIF(Lang!$C$90:$N$92,$B27)),0)) | H27: =IF(OR($A27="",$C27="",$D27=""),0,IF(MIN($D27,Calc!$B$5-1)<MAX($C27,Calc!$B$4),0,NETWORKDAYS(MAX($C27,Calc!$B$4),MIN($D27,Calc!$B$5-1)))) | I27: =IF(OR($A27="",$C27="",$D27=""),0,IF(MIN($D27,Calc!$B$8-1)<MAX($C27,Calc!$B$7),0,NETWORKDAYS(MAX($C27,Calc!$B$7),MIN($D27,Calc!$B$8-1))))
E28: =IF(OR($C28="",$D28=""),"",NETWORKDAYS($C28,$D28)) | G28: =IF($B28="",0,ROUND(SUMPRODUCT((Lang!$C$90:$N$92=$B28)*(ROW(Lang!$C$90:$N$92)-89))/MAX(1,COUNTIF(Lang!$C$90:$N$92,$B28)),0)) | H28: =IF(OR($A28="",$C28="",$D28=""),0,IF(MIN($D28,Calc!$B$5-1)<MAX($C28,Calc!$B$4),0,NETWORKDAYS(MAX($C28,Calc!$B$4),MIN($D28,Calc!$B$5-1)))) | I28: =IF(OR($A28="",$C28="",$D28=""),0,IF(MIN($D28,Calc!$B$8-1)<MAX($C28,Calc!$B$7),0,NETWORKDAYS(MAX($C28,Calc!$B$7),MIN($D28,Calc!$B$8-1))))
E29: =IF(OR($C29="",$D29=""),"",NETWORKDAYS($C29,$D29)) | G29: =IF($B29="",0,ROUND(SUMPRODUCT((Lang!$C$90:$N$92=$B29)*(ROW(Lang!$C$90:$N$92)-89))/MAX(1,COUNTIF(Lang!$C$90:$N$92,$B29)),0)) | H29: =IF(OR($A29="",$C29="",$D29=""),0,IF(MIN($D29,Calc!$B$5-1)<MAX($C29,Calc!$B$4),0,NETWORKDAYS(MAX($C29,Calc!$B$4),MIN($D29,Calc!$B$5-1)))) | I29: =IF(OR($A29="",$C29="",$D29=""),0,IF(MIN($D29,Calc!$B$8-1)<MAX($C29,Calc!$B$7),0,NETWORKDAYS(MAX($C29,Calc!$B$7),MIN($D29,Calc!$B$8-1))))
E30: =IF(OR($C30="",$D30=""),"",NETWORKDAYS($C30,$D30)) | G30: =IF($B30="",0,ROUND(SUMPRODUCT((Lang!$C$90:$N$92=$B30)*(ROW(Lang!$C$90:$N$92)-89))/MAX(1,COUNTIF(Lang!$C$90:$N$92,$B30)),0)) | H30: =IF(OR($A30="",$C30="",$D30=""),0,IF(MIN($D30,Calc!$B$5-1)<MAX($C30,Calc!$B$4),0,NETWORKDAYS(MAX($C30,Calc!$B$4),MIN($D30,Calc!$B$5-1)))) | I30: =IF(OR($A30="",$C30="",$D30=""),0,IF(MIN($D30,Calc!$B$8-1)<MAX($C30,Calc!$B$7),0,NETWORKDAYS(MAX($C30,Calc!$B$7),MIN($D30,Calc!$B$8-1))))
E31: =IF(OR($C31="",$D31=""),"",NETWORKDAYS($C31,$D31)) | G31: =IF($B31="",0,ROUND(SUMPRODUCT((Lang!$C$90:$N$92=$B31)*(ROW(Lang!$C$90:$N$92)-89))/MAX(1,COUNTIF(Lang!$C$90:$N$92,$B31)),0)) | H31: =IF(OR($A31="",$C31="",$D31=""),0,IF(MIN($D31,Calc!$B$5-1)<MAX($C31,Calc!$B$4),0,NETWORKDAYS(MAX($C31,Calc!$B$4),MIN($D31,Calc!$B$5-1)))) | I31: =IF(OR($A31="",$C31="",$D31=""),0,IF(MIN($D31,Calc!$B$8-1)<MAX($C31,Calc!$B$7),0,NETWORKDAYS(MAX($C31,Calc!$B$7),MIN($D31,Calc!$B$8-1))))
E32: =IF(OR($C32="",$D32=""),"",NETWORKDAYS($C32,$D32)) | G32: =IF($B32="",0,ROUND(SUMPRODUCT((Lang!$C$90:$N$92=$B32)*(ROW(Lang!$C$90:$N$92)-89))/MAX(1,COUNTIF(Lang!$C$90:$N$92,$B32)),0)) | H32: =IF(OR($A32="",$C32="",$D32=""),0,IF(MIN($D32,Calc!$B$5-1)<MAX($C32,Calc!$B$4),0,NETWORKDAYS(MAX($C32,Calc!$B$4),MIN($D32,Calc!$B$5-1)))) | I32: =IF(OR($A32="",$C32="",$D32=""),0,IF(MIN($D32,Calc!$B$8-1)<MAX($C32,Calc!$B$7),0,NETWORKDAYS(MAX($C32,Calc!$B$7),MIN($D32,Calc!$B$8-1))))
E33: =IF(OR($C33="",$D33=""),"",NETWORKDAYS($C33,$D33)) | G33: =IF($B33="",0,ROUND(SUMPRODUCT((Lang!$C$90:$N$92=$B33)*(ROW(Lang!$C$90:$N$92)-89))/MAX(1,COUNTIF(Lang!$C$90:$N$92,$B33)),0)) | H33: =IF(OR($A33="",$C33="",$D33=""),0,IF(MIN($D33,Calc!$B$5-1)<MAX($C33,Calc!$B$4),0,NETWORKDAYS(MAX($C33,Calc!$B$4),MIN($D33,Calc!$B$5-1)))) | I33: =IF(OR($A33="",$C33="",$D33=""),0,IF(MIN($D33,Calc!$B$8-1)<MAX($C33,Calc!$B$7),0,NETWORKDAYS(MAX($C33,Calc!$B$7),MIN($D33,Calc!$B$8-1))))
E34: =IF(OR($C34="",$D34=""),"",NETWORKDAYS($C34,$D34)) | G34: =IF($B34="",0,ROUND(SUMPRODUCT((Lang!$C$90:$N$92=$B34)*(ROW(Lang!$C$90:$N$92)-89))/MAX(1,COUNTIF(Lang!$C$90:$N$92,$B34)),0)) | H34: =IF(OR($A34="",$C34="",$D34=""),0,IF(MIN($D34,Calc!$B$5-1)<MAX($C34,Calc!$B$4),0,NETWORKDAYS(MAX($C34,Calc!$B$4),MIN($D34,Calc!$B$5-1)))) | I34: =IF(OR($A34="",$C34="",$D34=""),0,IF(MIN($D34,Calc!$B$8-1)<MAX($C34,Calc!$B$7),0,NETWORKDAYS(MAX($C34,Calc!$B$7),MIN($D34,Calc!$B$8-1))))
... E507: =IF(OR($C507="",$D507=""),"",NETWORKDAYS($C507,$D507)) | G507: =IF($B507="",0,ROUND(SUMPRODUCT((Lang!$C$90:$N$92=$B507)*(ROW(Lang!$C$90:$N$92)-89))/MAX(1,COUNTIF(Lang!$C$90:$N$92,$B507)),0)) | H507: =IF(OR($A507="",$C507="",$D507=""),0,IF(MIN($D507,Calc!$B$5-1)<MAX($C507,Calc!$B$4),0,NETWORKDAYS(MAX($C507,Calc!$B$4),MIN($D507,Calc!$B$5-1)))) | I507: =IF(OR($A507="",$C507="",$D507=""),0,IF(MIN($D507,Calc!$B$8-1)<MAX($C507,Calc!$B$7),0,NETWORKDAYS(MAX($C507,Calc!$B$7),MIN($D507,Calc!$B$8-1))))

Sheet Staff
A1: ="KEYONE / "&Lang!$B$109
A3: =Lang!$B$110
A5: =HYPERLINK("#'START'!A1",Lang!$B$2) | B5: =HYPERLINK("#'Dashboard'!A1",Lang!$B$3) | C5: =HYPERLINK("#'Roster'!A1",Lang!$B$39) | D5: =HYPERLINK("#'Settings'!A1",Lang!$B$4)
A7: =Lang!$B$111 | B7: =Lang!$B$112 | C7: =Lang!$B$113 | D7: =Lang!$B$114 | E7: =Lang!$B$115
A8: Anna Berger | B8: Manager | C8: 40 | D8: 21.5 | E8: 28
A9: Luca Moretti | B9: Barista | C9: 40 | D9: 17.2 | E9: 26
A10: Sofia Neumann | B10: Barista | C10: 30 | D10: 16.8 | E10: 25
A11: Jonas Weber | B11: Kitchen | C11: 40 | D11: 18.4 | E11: 26
A12: Mia Schulz | B12: Service | C12: 25 | D12: 15.9 | E12: 24
A13: Elias Kaya | B13: Service | C13: 20 | D13: 15.5 | E13: 22
A14: Lena Hoffmann | B14: Kitchen | C14: 30 | D14: 17 | E14: 25
A15: Emma Wolf | B15: Service | C15: 20 | D15: 15.5 | E15: 22
A16: Ben Krüger | B16: Kitchen help | C16: 15 | D16: 14.8 | E16: 20
A17: Noah Fischer | B17: Mini-job | C17: 10 | D17: 14.6 | E17: 20
A34: =Lang!$B$5

Sheet Settings
B2: K1 | E2: ="KEYONE / "&Lang!$B$10
B4: =HYPERLINK("#'START'!A1",Lang!$B$2) | D4: =HYPERLINK("#'Dashboard'!A1",Lang!$B$3) | F4: =HYPERLINK("#'Roster'!A1",Lang!$B$39) | H4: =HYPERLINK("#'Shifts'!A1",Lang!$B$40) | J4: =HYPERLINK("#'Leave'!A1",Lang!$B$41) | L4: =HYPERLINK("#'Staff'!A1",Lang!$B$42) | N4: =HYPERLINK("#'Settings'!A1",Lang!$B$4)
B6: =Lang!$B$9 | D6: English | L6: =Lang!$B$57
B8: =Lang!$B$35 | D8: Café Seeblick
B10: =Lang!$B$55 | D10: =Lang!$B$111 | E10: =Lang!$B$98 | F10: =Lang!$B$99 | G10: =Lang!$B$100
D11: Early | E11: 0.27083333 | F11: 0.60416667 | G11: 30
D12: Middle | E12: 0.41666667 | F12: 0.75 | G12: 30
D13: Late | E13: 0.58333333 | F13: 0.91666667 | G13: 30
D14: Weekend | E14: 0.33333333 | F14: 0.66666667 | G14: 30
D15: Short | E15: 0.45833333 | F15: 0.625 | G15: 0
B20: =Lang!$B$56 | D20: =Lang!$B$28 | E20: =Lang!$B$29 | F20: =Lang!$B$30 | G20: =Lang!$B$31 | H20: =Lang!$B$32 | I20: =Lang!$B$33 | J20: =Lang!$B$34
D21: 4 | E21: 5 | F21: 4 | G21: 4 | H21: 5 | I21: 5 | J21: 4
B35: =Lang!$B$5

Sheet Lang
A1: key | B1: =IFERROR(MATCH(Settings!$D$6,$C$1:$N$1,0),1) | C1: English | D1: Deutsch | E1: فارسی | F1: العربية | G1: Español | H1: Français | I1: Italiano | J1: 日本語 | K1: 한국어 | L1: Shqip | M1: Türkçe | N1: 中文
A2: nav_start | B2: =INDEX($C2:$N2,1,$B$1) | C2: ⌂ START | D2: ⌂ START | E2: ⌂ شروع | F2: ⌂ البداية | G2: ⌂ INICIO | H2: ⌂ ACCUEIL | I2: ⌂ INIZIO | J2: ⌂ スタート | K2: ⌂ 시작 | L2: ⌂ FILLIMI | M2: ⌂ BAŞLANGIÇ | N2: ⌂ 开始
A3: nav_dash | B3: =INDEX($C3:$N3,1,$B$1) | C3: ▣ DASHBOARD | D3: ▣ DASHBOARD | E3: ▣ داشبورد | F3: ▣ لوحة التحكم | G3: ▣ PANEL | H3: ▣ TABLEAU DE BORD | I3: ▣ DASHBOARD | J3: ▣ ダッシュボード | K3: ▣ 대시보드 | L3: ▣ PANELI | M3: ▣ PANO | N3: ▣ 仪表板
A4: nav_set | B4: =INDEX($C4:$N4,1,$B$1) | C4: ⚙ SETTINGS | D4: ⚙ EINSTELLUNGEN | E4: ⚙ تنظیمات | F4: ⚙ الإعدادات | G4: ⚙ AJUSTES | H4: ⚙ PARAMÈTRES | I4: ⚙ IMPOSTAZIONI | J4: ⚙ 設定 | K4: ⚙ 설정 | L4: ⚙ CILËSIMET | M4: ⚙ AYARLAR | N4: ⚙ 设置
A5: license | B5: =INDEX($C5:$N5,1,$B$1) | C5: © 2026 KeyOne – Keywan Fakhri • keywanfakhri.com • Free for internal use. No resale, redistribution or removal of attribution. | D5: © 2026 KeyOne – Keywan Fakhri • keywanfakhri.com • Kostenlos für interne Nutzung. Kein Weiterverkauf, keine Weitergabe, Urhebervermerk nicht entfernen. | E5: © ۲۰۲۶ KeyOne – کیوان فخری • keywanfakhri.com • رایگان برای استفاده داخلی. فروش مجدد، توزیع یا حذف نام سازنده ممنوع است. | F5: © 2026 KeyOne – كيوان فخري • keywanfakhri.com • مجاني للاستخدام الداخلي. يُمنع إعادة البيع أو التوزيع أو حذف الإسناد. | G5: © 2026 KeyOne – Keywan Fakhri • keywanfakhri.com • Gratis para uso interno. Sin reventa, redistribución ni eliminar la atribución. | H5: © 2026 KeyOne – Keywan Fakhri • keywanfakhri.com • Gratuit pour un usage interne. Ni revente, ni redistribution, ni suppression de l’attribution. | I5: © 2026 KeyOne – Keywan Fakhri • keywanfakhri.com • Gratuito per uso interno. Vietati rivendita, ridistribuzione e rimozione dell’attribuzione. | J5: © 2026 KeyOne – Keywan Fakhri • keywanfakhri.com • 社内利用は無料。再販売・再配布・クレジット削除は禁止。 | K5: © 2026 KeyOne – Keywan Fakhri • keywanfakhri.com • 내부 사용 무료. 재판매·재배포·저작자 표시 삭제 금지. | L5: © 2026 KeyOne – Keywan Fakhri • keywanfakhri.com • Falas për përdorim të brendshëm. Ndalohen rishitja, rishpërndarja dhe heqja e atribuimit. | M5: © 2026 KeyOne – Keywan Fakhri • keywanfakhri.com • Dahili kullanım ücretsiz. Yeniden satış, dağıtım ve atıfın kaldırılması yasaktır. | N5: © 2026 KeyOne – Keywan Fakhri • keywanfakhri.com • 内部使用免费。禁止转售、再分发或删除署名。
A6: created | B6: =INDEX($C6:$N6,1,$B$1) | C6: CREATED BY | D6: ERSTELLT VON | E6: ساخته شده توسط | F6: من إعداد | G6: CREADO POR | H6: CRÉÉ PAR | I6: CREATO DA | J6: 作成者 | K6: 제작자 | L6: KRIJUAR NGA | M6: HAZIRLAYAN | N6: 作者
A7: role | B7: =INDEX($C7:$N7,1,$B$1) | C7: Industrial Engineer (M.Sc.) • Logistics, Warehouse & Data Analytics • Konstanz, Germany | D7: Wirtschaftsingenieur (M.Sc.) • Logistik, Lager & Datenanalyse • Konstanz | E7: مهندس صنایع (کارشناسی ارشد) • لجستیک، انبار و تحلیل داده • کنستانس، آلمان | F7: مهندس صناعي (ماجستير) • اللوجستيات والمستودعات وتحليل البيانات • كونستانس، ألمانيا | G7: Ingeniero industrial (M.Sc.) • Logística, almacén y análisis de datos • Constanza, Alemania | H7: Ingénieur industriel (M.Sc.) • Logistique, entrepôt et analyse de données • Constance, Allemagne | I7: Ingegnere gestionale (M.Sc.) • Logistica, magazzino e analisi dati • Costanza, Germania | J7: インダストリアル・エンジニア（修士） • 物流・倉庫・データ分析 • ドイツ・コンスタンツ | K7: 산업공학 석사 • 물류·창고·데이터 분석 • 독일 콘스탄츠 | L7: Inxhinier industrial (M.Sc.) • Logjistikë, magazinë dhe analizë të dhënash • Konstanz, Gjermani | M7: Endüstri Mühendisi (Y.L.) • Lojistik, depo ve veri analitiği • Konstanz, Almanya | N7: 工业工程硕士 • 物流、仓储与数据分析 • 德国康斯坦茨
A8: custom_v | B8: =INDEX($C8:$N8,1,$B$1) | C8: Need a version for your company? Get in touch: | D8: Eigene Version für Ihr Unternehmen? Kontakt: | E8: نسخه اختصاصی برای شرکت خود می‌خواهید؟ تماس: | F8: تحتاج نسخة لشركتك؟ تواصل معي: | G8: ¿Necesitas una versión para tu empresa? Contacto: | H8: Besoin d’une version pour votre entreprise ? Contact : | I8: Ti serve una versione per la tua azienda? Contatti: | J8: 自社向けバージョンのご相談： | K8: 회사 맞춤 버전이 필요하신가요? 연락처: | L8: Ju duhet një version për kompaninë tuaj? Kontakt: | M8: Şirketinize özel sürüm mü lazım? İletişim: | N8: 需要为贵公司定制？联系：
A9: set_lang | B9: =INDEX($C9:$N9,1,$B$1) | C9: Language | D9: Sprache | E9: زبان | F9: اللغة | G9: Idioma | H9: Langue | I9: Lingua | J9: 言語 | K9: 언어 | L9: Gjuha | M9: Dil | N9: 语言
A10: set_title | B10: =INDEX($C10:$N10,1,$B$1) | C10: SETTINGS | D10: EINSTELLUNGEN | E10: تنظیمات | F10: الإعدادات | G10: AJUSTES | H10: PARAMÈTRES | I10: IMPOSTAZIONI | J10: 設定 | K10: 설정 | L10: CILËSIMET | M10: AYARLAR | N10: 设置
A11: c_year | B11: =INDEX($C11:$N11,1,$B$1) | C11: YEAR | D11: JAHR | E11: سال | F11: السنة | G11: AÑO | H11: ANNÉE | I11: ANNO | J11: 年 | K11: 연도 | L11: VITI | M11: YIL | N11: 年份
A12: c_month | B12: =INDEX($C12:$N12,1,$B$1) | C12: MONTH | D12: MONAT | E12: ماه | F12: الشهر | G12: MES | H12: MOIS | I12: MESE | J12: 月 | K12: 월 | L12: MUAJI | M12: AY | N12: 月份
A13: all_year | B13: =INDEX($C13:$N13,1,$B$1) | C13: Full year | D13: Ganzes Jahr | E13: کل سال | F13: السنة كاملة | G13: Año completo | H13: Année entière | I13: Anno intero | J13: 通年 | K13: 연간 전체 | L13: Gjithë viti | M13: Tüm yıl | N13: 全年
... A37: sec_ins | B37: =INDEX($C37:$N37,1,$B$1) | C37: KEY INSIGHTS | D37: WICHTIGSTE ERKENNTNISSE | E37: نکات کلیدی | F37: أهم النتائج | G37: CONCLUSIONES CLAVE | H37: POINTS CLÉS | I37: PUNTI CHIAVE | J37: 主なポイント | K37: 핵심 인사이트 | L37: PIKAT KRYESORE | M37: ÖNE ÇIKANLAR | N37: 关键洞察
A38: wk | B38: =INDEX($C38:$N38,1,$B$1) | C38: W | D38: KW | E38: ه | F38: أ | G38: S | H38: S | I38: S | L38: J | M38: H
A39: nav_sched | B39: =INDEX($C39:$N39,1,$B$1) | C39: ▦ ROSTER | D39: ▦ DIENSTPLAN | E39: ▦ برنامه شیفت | F39: ▦ جدول المناوبات | G39: ▦ CUADRANTE | H39: ▦ PLANNING | I39: ▦ TURNI | J39: ▦ シフト表 | K39: ▦ 근무표 | L39: ▦ ORARI | M39: ▦ VARDİYA | N39: ▦ 排班表
A40: nav_shifts | B40: =INDEX($C40:$N40,1,$B$1) | C40: ✎ SHIFTS | D40: ✎ SCHICHTEN | E40: ✎ شیفت‌ها | F40: ✎ المناوبات | G40: ✎ TURNOS | H40: ✎ POSTES | I40: ✎ TURNI ORE | J40: ✎ 勤務 | K40: ✎ 근무 | L40: ✎ TURNET | M40: ✎ VARDİYALAR | N40: ✎ 班次
A41: nav_leave | B41: =INDEX($C41:$N41,1,$B$1) | C41: ✈ LEAVE | D41: ✈ ABWESENHEIT | E41: ✈ مرخصی | F41: ✈ الإجازات | G41: ✈ AUSENCIAS | H41: ✈ ABSENCES | I41: ✈ ASSENZE | J41: ✈ 休暇 | K41: ✈ 휴가 | L41: ✈ MUNGESAT | M41: ✈ İZİNLER | N41: ✈ 请假
A42: nav_emp | B42: =INDEX($C42:$N42,1,$B$1) | C42: ☺ STAFF | D42: ☺ MITARBEITER | E42: ☺ کارکنان | F42: ☺ الموظفون | G42: ☺ PERSONAL | H42: ☺ ÉQUIPE | I42: ☺ PERSONALE | J42: ☺ スタッフ | K42: ☺ 직원 | L42: ☺ STAFI | M42: ☺ PERSONEL | N42: ☺ 员工
A43: app | B43: =INDEX($C43:$N43,1,$B$1) | C43: SHIFT & LEAVE PLANNER | D43: SCHICHT- & URLAUBSPLANER | E43: برنامه‌ریز شیفت و مرخصی | F43: مخطط المناوبات والإجازات | G43: PLANIFICADOR DE TURNOS Y AUSENCIAS | H43: PLANIFICATEUR DE POSTES ET CONGÉS | I43: PIANIFICATORE TURNI E FERIE | J43: シフト・休暇プランナー | K43: 근무·휴가 플래너 | L43: PLANIFIKUESI I TURNEVE DHE PUSHIMEVE | M43: VARDİYA VE İZİN PLANLAYICI | N43: 排班与请假规划器
A44: tagline | B44: =INDEX($C44:$N44,1,$B$1) | C44: Weekly roster, working hours, labour cost and leave in Excel • by Keywan Fakhri | D44: Wochen-Dienstplan, Arbeitszeit, Personalkosten und Urlaub in Excel • von Keywan Fakhri | E44: برنامه هفتگی شیفت، ساعت کار، هزینه پرسنل و مرخصی در اکسل • ساخته کیوان فخری | F44: جدول أسبوعي وساعات العمل وتكلفة الموظفين والإجازات في Excel • إعداد كيوان فخري | G44: Cuadrante semanal, horas, coste de personal y ausencias en Excel • por Keywan Fakhri | H44: Planning hebdomadaire, heures, coût du personnel et congés dans Excel • par Keywan Fakhri | I44: Turni settimanali, ore, costo del personale e ferie in Excel • di Keywan Fakhri | J44: 週間シフト表・労働時間・人件費・休暇を Excel で • Keywan Fakhri | K44: 주간 근무표, 근무시간, 인건비, 휴가를 Excel로 • Keywan Fakhri | L44: Orari javorë, orë pune, kosto stafi dhe pushime në Excel • nga Keywan Fakhri | M44: Excel’de haftalık vardiya, çalışma saati, personel maliyeti ve izinler • Keywan Fakhri | N44: 在 Excel 中管理周排班、工时、人工成本和请假 • 作者 Keywan Fakhri
A45: intro | B45: =INDEX($C45:$N45,1,$B$1) | C45: Plan shifts once, see everything: the weekly roster with leave and minimum staffing, hours and overtime per employee, labour cost per month and remaining vacation days. | D45: Schichten einmal erfassen, alles sehen: Wochen-Dienstplan mit Abwesenheiten und Mindestbesetzung, Stunden und Überstunden je Mitarbeiter, Personalkosten je Monat und Resturlaub. | E45: شیفت‌ها را یک بار وارد کنید و همه چیز را ببینید: برنامه هفتگی با مرخصی‌ها و حداقل نیرو، ساعت و اضافه‌کاری هر نفر، هزینه پرسنل هر ماه و مرخصی باقی‌مانده. | F45: أدخل المناوبات مرة واحدة وشاهد كل شيء: الجدول الأسبوعي مع الإجازات والحد الأدنى للموظفين، الساعات والعمل الإضافي لكل موظف، تكلفة الموظفين شهريًا والإجازات المتبقية. | G45: Registra los turnos una vez y lo ves todo: cuadrante semanal con ausencias y dotación mínima, horas y horas extra por empleado, coste de personal por mes y vacaciones pendientes. | H45: Saisissez les postes une fois et voyez tout : planning hebdomadaire avec absences et effectif minimum, heures et heures sup. par employé, coût du personnel par mois et congés restants. | I45: Inserisci i turni una volta e vedi tutto: turni settimanali con assenze e personale minimo, ore e straordinari per dipendente, costo del personale al mese e ferie residue. | J45: シフトを一度入力するだけで、休暇と最低人員を含む週間シフト表、従業員ごとの勤務時間と残業、月別人件費、残りの有給日数がわかります。 | K45: 근무를 한 번 입력하면 모든 것을 볼 수 있습니다: 휴가와 최소 인원이 반영된 주간 근무표, 직원별 근무시간과 초과근무, 월별 인건비, 남은 휴가 일수. | L45: Futni turnet një herë dhe shihni gjithçka: orarin javor me mungesat dhe stafin minimal, orët dhe orët shtesë për punonjës, koston e stafit për muaj dhe pushimet e mbetura. | M45: Vardiyaları bir kez girin, her şeyi görün: izinler ve asgari kadroyla haftalık plan, çalışan başına saat ve fazla mesai, aylık personel maliyeti ve kalan izin günleri. | N45: 只需录入一次班次，即可看到全部：含请假和最低人数的周排班表、每位员工的工时与加班、每月人工成本以及剩余年假。
A46: s1t | B46: =INDEX($C46:$N46,1,$B$1) | C46: STAFF | D46: MITARBEITER | E46: کارکنان | F46: الموظفون | G46: PERSONAL | H46: ÉQUIPE | I46: PERSONALE | J46: スタッフ | K46: 직원 | L46: STAFI | M46: PERSONEL | N46: 员工
A47: s1 | B47: =INDEX($C47:$N47,1,$B$1) | C47: Name, role, contracted weekly hours, hourly wage and annual leave days. | D47: Name, Funktion, vertragliche Wochenstunden, Stundenlohn und Urlaubstage pro Jahr. | E47: نام، سمت، ساعت کار هفتگی طبق قرارداد، دستمزد ساعتی و روزهای مرخصی سالانه. | F47: الاسم والوظيفة والساعات الأسبوعية المتعاقد عليها والأجر بالساعة وأيام الإجازة السنوية. | G47: Nombre, puesto, horas semanales de contrato, salario por hora y días de vacaciones al año. | H47: Nom, fonction, heures hebdomadaires contractuelles, salaire horaire et jours de congé annuels. | I47: Nome, ruolo, ore settimanali da contratto, paga oraria e giorni di ferie annui. | J47: 氏名、役割、契約上の週労働時間、時給、年間有給日数。 | K47: 이름, 직무, 계약 주당 시간, 시급, 연간 휴가 일수. | L47: Emri, roli, orët javore sipas kontratës, paga për orë dhe ditët e pushimit vjetor. | M47: Ad, görev, sözleşmeli haftalık saat, saatlik ücret ve yıllık izin günleri. | N47: 姓名、岗位、合同周工时、时薪和年假天数。
A48: s2t | B48: =INDEX($C48:$N48,1,$B$1) | C48: SHIFTS | D48: SCHICHTEN | E48: شیفت‌ها | F48: المناوبات | G48: TURNOS | H48: POSTES | I48: TURNI | J48: 勤務 | K48: 근무 | L48: TURNET | M48: VARDİYALAR | N48: 班次
A49: s2 | B49: =INDEX($C49:$N49,1,$B$1) | C49: One row per shift: date, employee, shift type, start, end and break. Hours are calculated automatically. | D49: Eine Zeile pro Schicht: Datum, Mitarbeiter, Schichtart, Beginn, Ende und Pause. Stunden werden automatisch berechnet. | E49: برای هر شیفت یک ردیف: تاریخ، کارمند، نوع شیفت، شروع، پایان و استراحت. ساعت‌ها خودکار حساب می‌شوند. | F49: سطر لكل مناوبة: التاريخ والموظف ونوع المناوبة والبداية والنهاية والاستراحة. تُحسب الساعات تلقائيًا. | G49: Una fila por turno: fecha, empleado, tipo de turno, inicio, fin y pausa. Las horas se calculan solas. | H49: Une ligne par poste : date, employé, type, début, fin et pause. Les heures sont calculées automatiquement. | I49: Una riga per turno: data, dipendente, tipo di turno, inizio, fine e pausa. Le ore si calcolano da sole. | J49: 1勤務1行：日付、従業員、勤務区分、開始、終了、休憩。時間は自動計算。 | K49: 근무 1건당 1행: 날짜, 직원, 근무 유형, 시작, 종료, 휴게. 시간은 자동 계산됩니다. | L49: Një rresht për turn: data, punonjësi, lloji, fillimi, mbarimi dhe pushimi. Orët llogariten vetë. | M49: Vardiya başına bir satır: tarih, çalışan, vardiya türü, başlangıç, bitiş ve mola. Saatler otomatik hesaplanır. | N49: 每个班次一行：日期、员工、班次类型、开始、结束和休息。工时自动计算。
A50: s3t | B50: =INDEX($C50:$N50,1,$B$1) | C50: LEAVE | D50: ABWESENHEIT | E50: مرخصی | F50: الإجازات | G50: AUSENCIAS | H50: ABSENCES | I50: ASSENZE | J50: 休暇 | K50: 휴가 | L50: MUNGESAT | M50: İZİNLER | N50: 请假
... A115: h_leave | B115: =INDEX($C115:$N115,1,$B$1) | C115: Leave days / year | D115: Urlaubstage / Jahr | E115: روز مرخصی در سال | F115: أيام الإجازة / سنة | G115: Vacaciones / año | H115: Congés / an | I115: Ferie / anno | J115: 有給／年 | K115: 휴가 / 년 | L115: Pushime / vit | M115: İzin / yıl | N115: 年假 / 年

Sheet Calc
A1: CALCULATION ENGINE – DO NOT EDIT
A2: year | B2: =N(Dashboard!$H$7)
A3: month | B3: =MAX(1,ROUND(SUMPRODUCT((Lang!$C$16:$N$27=Dashboard!$K$7)*(ROW(Lang!$C$16:$N$27)-15))/MAX(1,COUNTIF(Lang!$C$16:$N$27,Dashboard!$K$7)),0))
A4: ms | B4: =DATE(B2,B3,1)
A5: me | B5: =EDATE(B4,1)
A6: workdays | B6: =NETWORKDAYS(B4,B5-1)
A7: ys | B7: =DATE(B2,1,1)
A8: ye | B8: =DATE(B2+1,1,1)
A9: staff | B9: =COUNTIF(Staff!$A$8:$A$32,"?*")
A10: week | B10: =IF(N(Roster!$D$6)=0,TODAY(),Roster!$D$6)-WEEKDAY(IF(N(Roster!$D$6)=0,TODAY(),Roster!$D$6),2)+1
A11: days | B11: =B5-B4
A19: name | B19: hours | C19: vacM | D19: sickM | E19: othM | F19: target | G19: OT | H19: cost | I19: annual | J19: takenY | K19: left | L19: lbl | M19: cH | N19: cT | O19: sickflag | P19: otflag
A20: =IF(Staff!$A$8="","",Staff!$A$8) | B20: =IF(A20="",0,SUMIFS(Shifts!$G$8:$G$5007,Shifts!$B$8:$B$5007,A20,Shifts!$A$8:$A$5007,">="&$B$4,Shifts!$A$8:$A$5007,"<"&$B$5)) | C20: =IF(A20="",0,SUMIFS(Leave!$H$8:$H$507,Leave!$A$8:$A$507,A20,Leave!$G$8:$G$507,1)) | D20: =IF(A20="",0,SUMIFS(Leave!$H$8:$H$507,Leave!$A$8:$A$507,A20,Leave!$G$8:$G$507,2)) | E20: =IF(A20="",0,SUMIFS(Leave!$H$8:$H$507,Leave!$A$8:$A$507,A20,Leave!$G$8:$G$507,3)) | F20: =IF(A20="",0,N(Staff!$C$8)/5*MAX(0,$B$6-C20-D20-E20)) | G20: =MAX(0,B20-F20) | H20: =B20*N(Staff!$D$8) | I20: =N(Staff!$E$8) | J20: =IF(A20="",0,SUMIFS(Leave!$I$8:$I$507,Leave!$A$8:$A$507,A20,Leave!$G$8:$G$507,1)) | K20: =IF(A20="",-999,I20-J20) | L20: =IF(A20=""," ",A20) | M20: =IF(A20="",NA(),B20) | N20: =IF(A20="",NA(),F20) | O20: =(D20>0)*1 | P20: =(G20>0)*1
A21: =IF(Staff!$A$9="","",Staff!$A$9) | B21: =IF(A21="",0,SUMIFS(Shifts!$G$8:$G$5007,Shifts!$B$8:$B$5007,A21,Shifts!$A$8:$A$5007,">="&$B$4,Shifts!$A$8:$A$5007,"<"&$B$5)) | C21: =IF(A21="",0,SUMIFS(Leave!$H$8:$H$507,Leave!$A$8:$A$507,A21,Leave!$G$8:$G$507,1)) | D21: =IF(A21="",0,SUMIFS(Leave!$H$8:$H$507,Leave!$A$8:$A$507,A21,Leave!$G$8:$G$507,2)) | E21: =IF(A21="",0,SUMIFS(Leave!$H$8:$H$507,Leave!$A$8:$A$507,A21,Leave!$G$8:$G$507,3)) | F21: =IF(A21="",0,N(Staff!$C$9)/5*MAX(0,$B$6-C21-D21-E21)) | G21: =MAX(0,B21-F21) | H21: =B21*N(Staff!$D$9) | I21: =N(Staff!$E$9) | J21: =IF(A21="",0,SUMIFS(Leave!$I$8:$I$507,Leave!$A$8:$A$507,A21,Leave!$G$8:$G$507,1)) | K21: =IF(A21="",-999,I21-J21) | L21: =IF(A21=""," ",A21) | M21: =IF(A21="",NA(),B21) | N21: =IF(A21="",NA(),F21) | O21: =(D21>0)*1 | P21: =(G21>0)*1
A22: =IF(Staff!$A$10="","",Staff!$A$10) | B22: =IF(A22="",0,SUMIFS(Shifts!$G$8:$G$5007,Shifts!$B$8:$B$5007,A22,Shifts!$A$8:$A$5007,">="&$B$4,Shifts!$A$8:$A$5007,"<"&$B$5)) | C22: =IF(A22="",0,SUMIFS(Leave!$H$8:$H$507,Leave!$A$8:$A$507,A22,Leave!$G$8:$G$507,1)) | D22: =IF(A22="",0,SUMIFS(Leave!$H$8:$H$507,Leave!$A$8:$A$507,A22,Leave!$G$8:$G$507,2)) | E22: =IF(A22="",0,SUMIFS(Leave!$H$8:$H$507,Leave!$A$8:$A$507,A22,Leave!$G$8:$G$507,3)) | F22: =IF(A22="",0,N(Staff!$C$10)/5*MAX(0,$B$6-C22-D22-E22)) | G22: =MAX(0,B22-F22) | H22: =B22*N(Staff!$D$10) | I22: =N(Staff!$E$10) | J22: =IF(A22="",0,SUMIFS(Leave!$I$8:$I$507,Leave!$A$8:$A$507,A22,Leave!$G$8:$G$507,1)) | K22: =IF(A22="",-999,I22-J22) | L22: =IF(A22=""," ",A22) | M22: =IF(A22="",NA(),B22) | N22: =IF(A22="",NA(),F22) | O22: =(D22>0)*1 | P22: =(G22>0)*1
A23: =IF(Staff!$A$11="","",Staff!$A$11) | B23: =IF(A23="",0,SUMIFS(Shifts!$G$8:$G$5007,Shifts!$B$8:$B$5007,A23,Shifts!$A$8:$A$5007,">="&$B$4,Shifts!$A$8:$A$5007,"<"&$B$5)) | C23: =IF(A23="",0,SUMIFS(Leave!$H$8:$H$507,Leave!$A$8:$A$507,A23,Leave!$G$8:$G$507,1)) | D23: =IF(A23="",0,SUMIFS(Leave!$H$8:$H$507,Leave!$A$8:$A$507,A23,Leave!$G$8:$G$507,2)) | E23: =IF(A23="",0,SUMIFS(Leave!$H$8:$H$507,Leave!$A$8:$A$507,A23,Leave!$G$8:$G$507,3)) | F23: =IF(A23="",0,N(Staff!$C$11)/5*MAX(0,$B$6-C23-D23-E23)) | G23: =MAX(0,B23-F23) | H23: =B23*N(Staff!$D$11) | I23: =N(Staff!$E$11) | J23: =IF(A23="",0,SUMIFS(Leave!$I$8:$I$507,Leave!$A$8:$A$507,A23,Leave!$G$8:$G$507,1)) | K23: =IF(A23="",-999,I23-J23) | L23: =IF(A23=""," ",A23) | M23: =IF(A23="",NA(),B23) | N23: =IF(A23="",NA(),F23) | O23: =(D23>0)*1 | P23: =(G23>0)*1
A24: =IF(Staff!$A$12="","",Staff!$A$12) | B24: =IF(A24="",0,SUMIFS(Shifts!$G$8:$G$5007,Shifts!$B$8:$B$5007,A24,Shifts!$A$8:$A$5007,">="&$B$4,Shifts!$A$8:$A$5007,"<"&$B$5)) | C24: =IF(A24="",0,SUMIFS(Leave!$H$8:$H$507,Leave!$A$8:$A$507,A24,Leave!$G$8:$G$507,1)) | D24: =IF(A24="",0,SUMIFS(Leave!$H$8:$H$507,Leave!$A$8:$A$507,A24,Leave!$G$8:$G$507,2)) | E24: =IF(A24="",0,SUMIFS(Leave!$H$8:$H$507,Leave!$A$8:$A$507,A24,Leave!$G$8:$G$507,3)) | F24: =IF(A24="",0,N(Staff!$C$12)/5*MAX(0,$B$6-C24-D24-E24)) | G24: =MAX(0,B24-F24) | H24: =B24*N(Staff!$D$12) | I24: =N(Staff!$E$12) | J24: =IF(A24="",0,SUMIFS(Leave!$I$8:$I$507,Leave!$A$8:$A$507,A24,Leave!$G$8:$G$507,1)) | K24: =IF(A24="",-999,I24-J24) | L24: =IF(A24=""," ",A24) | M24: =IF(A24="",NA(),B24) | N24: =IF(A24="",NA(),F24) | O24: =(D24>0)*1 | P24: =(G24>0)*1
A25: =IF(Staff!$A$13="","",Staff!$A$13) | B25: =IF(A25="",0,SUMIFS(Shifts!$G$8:$G$5007,Shifts!$B$8:$B$5007,A25,Shifts!$A$8:$A$5007,">="&$B$4,Shifts!$A$8:$A$5007,"<"&$B$5)) | C25: =IF(A25="",0,SUMIFS(Leave!$H$8:$H$507,Leave!$A$8:$A$507,A25,Leave!$G$8:$G$507,1)) | D25: =IF(A25="",0,SUMIFS(Leave!$H$8:$H$507,Leave!$A$8:$A$507,A25,Leave!$G$8:$G$507,2)) | E25: =IF(A25="",0,SUMIFS(Leave!$H$8:$H$507,Leave!$A$8:$A$507,A25,Leave!$G$8:$G$507,3)) | F25: =IF(A25="",0,N(Staff!$C$13)/5*MAX(0,$B$6-C25-D25-E25)) | G25: =MAX(0,B25-F25) | H25: =B25*N(Staff!$D$13) | I25: =N(Staff!$E$13) | J25: =IF(A25="",0,SUMIFS(Leave!$I$8:$I$507,Leave!$A$8:$A$507,A25,Leave!$G$8:$G$507,1)) | K25: =IF(A25="",-999,I25-J25) | L25: =IF(A25=""," ",A25) | M25: =IF(A25="",NA(),B25) | N25: =IF(A25="",NA(),F25) | O25: =(D25>0)*1 | P25: =(G25>0)*1
A26: =IF(Staff!$A$14="","",Staff!$A$14) | B26: =IF(A26="",0,SUMIFS(Shifts!$G$8:$G$5007,Shifts!$B$8:$B$5007,A26,Shifts!$A$8:$A$5007,">="&$B$4,Shifts!$A$8:$A$5007,"<"&$B$5)) | C26: =IF(A26="",0,SUMIFS(Leave!$H$8:$H$507,Leave!$A$8:$A$507,A26,Leave!$G$8:$G$507,1)) | D26: =IF(A26="",0,SUMIFS(Leave!$H$8:$H$507,Leave!$A$8:$A$507,A26,Leave!$G$8:$G$507,2)) | E26: =IF(A26="",0,SUMIFS(Leave!$H$8:$H$507,Leave!$A$8:$A$507,A26,Leave!$G$8:$G$507,3)) | F26: =IF(A26="",0,N(Staff!$C$14)/5*MAX(0,$B$6-C26-D26-E26)) | G26: =MAX(0,B26-F26) | H26: =B26*N(Staff!$D$14) | I26: =N(Staff!$E$14) | J26: =IF(A26="",0,SUMIFS(Leave!$I$8:$I$507,Leave!$A$8:$A$507,A26,Leave!$G$8:$G$507,1)) | K26: =IF(A26="",-999,I26-J26) | L26: =IF(A26=""," ",A26) | M26: =IF(A26="",NA(),B26) | N26: =IF(A26="",NA(),F26) | O26: =(D26>0)*1 | P26: =(G26>0)*1
A27: =IF(Staff!$A$15="","",Staff!$A$15) | B27: =IF(A27="",0,SUMIFS(Shifts!$G$8:$G$5007,Shifts!$B$8:$B$5007,A27,Shifts!$A$8:$A$5007,">="&$B$4,Shifts!$A$8:$A$5007,"<"&$B$5)) | C27: =IF(A27="",0,SUMIFS(Leave!$H$8:$H$507,Leave!$A$8:$A$507,A27,Leave!$G$8:$G$507,1)) | D27: =IF(A27="",0,SUMIFS(Leave!$H$8:$H$507,Leave!$A$8:$A$507,A27,Leave!$G$8:$G$507,2)) | E27: =IF(A27="",0,SUMIFS(Leave!$H$8:$H$507,Leave!$A$8:$A$507,A27,Leave!$G$8:$G$507,3)) | F27: =IF(A27="",0,N(Staff!$C$15)/5*MAX(0,$B$6-C27-D27-E27)) | G27: =MAX(0,B27-F27) | H27: =B27*N(Staff!$D$15) | I27: =N(Staff!$E$15) | J27: =IF(A27="",0,SUMIFS(Leave!$I$8:$I$507,Leave!$A$8:$A$507,A27,Leave!$G$8:$G$507,1)) | K27: =IF(A27="",-999,I27-J27) | L27: =IF(A27=""," ",A27) | M27: =IF(A27="",NA(),B27) | N27: =IF(A27="",NA(),F27) | O27: =(D27>0)*1 | P27: =(G27>0)*1
A28: =IF(Staff!$A$16="","",Staff!$A$16) | B28: =IF(A28="",0,SUMIFS(Shifts!$G$8:$G$5007,Shifts!$B$8:$B$5007,A28,Shifts!$A$8:$A$5007,">="&$B$4,Shifts!$A$8:$A$5007,"<"&$B$5)) | C28: =IF(A28="",0,SUMIFS(Leave!$H$8:$H$507,Leave!$A$8:$A$507,A28,Leave!$G$8:$G$507,1)) | D28: =IF(A28="",0,SUMIFS(Leave!$H$8:$H$507,Leave!$A$8:$A$507,A28,Leave!$G$8:$G$507,2)) | E28: =IF(A28="",0,SUMIFS(Leave!$H$8:$H$507,Leave!$A$8:$A$507,A28,Leave!$G$8:$G$507,3)) | F28: =IF(A28="",0,N(Staff!$C$16)/5*MAX(0,$B$6-C28-D28-E28)) | G28: =MAX(0,B28-F28) | H28: =B28*N(Staff!$D$16) | I28: =N(Staff!$E$16) | J28: =IF(A28="",0,SUMIFS(Leave!$I$8:$I$507,Leave!$A$8:$A$507,A28,Leave!$G$8:$G$507,1)) | K28: =IF(A28="",-999,I28-J28) | L28: =IF(A28=""," ",A28) | M28: =IF(A28="",NA(),B28) | N28: =IF(A28="",NA(),F28) | O28: =(D28>0)*1 | P28: =(G28>0)*1
A29: =IF(Staff!$A$17="","",Staff!$A$17) | B29: =IF(A29="",0,SUMIFS(Shifts!$G$8:$G$5007,Shifts!$B$8:$B$5007,A29,Shifts!$A$8:$A$5007,">="&$B$4,Shifts!$A$8:$A$5007,"<"&$B$5)) | C29: =IF(A29="",0,SUMIFS(Leave!$H$8:$H$507,Leave!$A$8:$A$507,A29,Leave!$G$8:$G$507,1)) | D29: =IF(A29="",0,SUMIFS(Leave!$H$8:$H$507,Leave!$A$8:$A$507,A29,Leave!$G$8:$G$507,2)) | E29: =IF(A29="",0,SUMIFS(Leave!$H$8:$H$507,Leave!$A$8:$A$507,A29,Leave!$G$8:$G$507,3)) | F29: =IF(A29="",0,N(Staff!$C$17)/5*MAX(0,$B$6-C29-D29-E29)) | G29: =MAX(0,B29-F29) | H29: =B29*N(Staff!$D$17) | I29: =N(Staff!$E$17) | J29: =IF(A29="",0,SUMIFS(Leave!$I$8:$I$507,Leave!$A$8:$A$507,A29,Leave!$G$8:$G$507,1)) | K29: =IF(A29="",-999,I29-J29) | L29: =IF(A29=""," ",A29) | M29: =IF(A29="",NA(),B29) | N29: =IF(A29="",NA(),F29) | O29: =(D29>0)*1 | P29: =(G29>0)*1
A30: =IF(Staff!$A$18="","",Staff!$A$18) | B30: =IF(A30="",0,SUMIFS(Shifts!$G$8:$G$5007,Shifts!$B$8:$B$5007,A30,Shifts!$A$8:$A$5007,">="&$B$4,Shifts!$A$8:$A$5007,"<"&$B$5)) | C30: =IF(A30="",0,SUMIFS(Leave!$H$8:$H$507,Leave!$A$8:$A$507,A30,Leave!$G$8:$G$507,1)) | D30: =IF(A30="",0,SUMIFS(Leave!$H$8:$H$507,Leave!$A$8:$A$507,A30,Leave!$G$8:$G$507,2)) | E30: =IF(A30="",0,SUMIFS(Leave!$H$8:$H$507,Leave!$A$8:$A$507,A30,Leave!$G$8:$G$507,3)) | F30: =IF(A30="",0,N(Staff!$C$18)/5*MAX(0,$B$6-C30-D30-E30)) | G30: =MAX(0,B30-F30) | H30: =B30*N(Staff!$D$18) | I30: =N(Staff!$E$18) | J30: =IF(A30="",0,SUMIFS(Leave!$I$8:$I$507,Leave!$A$8:$A$507,A30,Leave!$G$8:$G$507,1)) | K30: =IF(A30="",-999,I30-J30) | L30: =IF(A30=""," ",A30) | M30: =IF(A30="",NA(),B30) | N30: =IF(A30="",NA(),F30) | O30: =(D30>0)*1 | P30: =(G30>0)*1
A31: =IF(Staff!$A$19="","",Staff!$A$19) | B31: =IF(A31="",0,SUMIFS(Shifts!$G$8:$G$5007,Shifts!$B$8:$B$5007,A31,Shifts!$A$8:$A$5007,">="&$B$4,Shifts!$A$8:$A$5007,"<"&$B$5)) | C31: =IF(A31="",0,SUMIFS(Leave!$H$8:$H$507,Leave!$A$8:$A$507,A31,Leave!$G$8:$G$507,1)) | D31: =IF(A31="",0,SUMIFS(Leave!$H$8:$H$507,Leave!$A$8:$A$507,A31,Leave!$G$8:$G$507,2)) | E31: =IF(A31="",0,SUMIFS(Leave!$H$8:$H$507,Leave!$A$8:$A$507,A31,Leave!$G$8:$G$507,3)) | F31: =IF(A31="",0,N(Staff!$C$19)/5*MAX(0,$B$6-C31-D31-E31)) | G31: =MAX(0,B31-F31) | H31: =B31*N(Staff!$D$19) | I31: =N(Staff!$E$19) | J31: =IF(A31="",0,SUMIFS(Leave!$I$8:$I$507,Leave!$A$8:$A$507,A31,Leave!$G$8:$G$507,1)) | K31: =IF(A31="",-999,I31-J31) | L31: =IF(A31=""," ",A31) | M31: =IF(A31="",NA(),B31) | N31: =IF(A31="",NA(),F31) | O31: =(D31>0)*1 | P31: =(G31>0)*1
A32: =IF(Staff!$A$20="","",Staff!$A$20) | B32: =IF(A32="",0,SUMIFS(Shifts!$G$8:$G$5007,Shifts!$B$8:$B$5007,A32,Shifts!$A$8:$A$5007,">="&$B$4,Shifts!$A$8:$A$5007,"<"&$B$5)) | C32: =IF(A32="",0,SUMIFS(Leave!$H$8:$H$507,Leave!$A$8:$A$507,A32,Leave!$G$8:$G$507,1)) | D32: =IF(A32="",0,SUMIFS(Leave!$H$8:$H$507,Leave!$A$8:$A$507,A32,Leave!$G$8:$G$507,2)) | E32: =IF(A32="",0,SUMIFS(Leave!$H$8:$H$507,Leave!$A$8:$A$507,A32,Leave!$G$8:$G$507,3)) | F32: =IF(A32="",0,N(Staff!$C$20)/5*MAX(0,$B$6-C32-D32-E32)) | G32: =MAX(0,B32-F32) | H32: =B32*N(Staff!$D$20) | I32: =N(Staff!$E$20) | J32: =IF(A32="",0,SUMIFS(Leave!$I$8:$I$507,Leave!$A$8:$A$507,A32,Leave!$G$8:$G$507,1)) | K32: =IF(A32="",-999,I32-J32) | L32: =IF(A32=""," ",A32) | M32: =IF(A32="",NA(),B32) | N32: =IF(A32="",NA(),F32) | O32: =(D32>0)*1 | P32: =(G32>0)*1
A33: =IF(Staff!$A$21="","",Staff!$A$21) | B33: =IF(A33="",0,SUMIFS(Shifts!$G$8:$G$5007,Shifts!$B$8:$B$5007,A33,Shifts!$A$8:$A$5007,">="&$B$4,Shifts!$A$8:$A$5007,"<"&$B$5)) | C33: =IF(A33="",0,SUMIFS(Leave!$H$8:$H$507,Leave!$A$8:$A$507,A33,Leave!$G$8:$G$507,1)) | D33: =IF(A33="",0,SUMIFS(Leave!$H$8:$H$507,Leave!$A$8:$A$507,A33,Leave!$G$8:$G$507,2)) | E33: =IF(A33="",0,SUMIFS(Leave!$H$8:$H$507,Leave!$A$8:$A$507,A33,Leave!$G$8:$G$507,3)) | F33: =IF(A33="",0,N(Staff!$C$21)/5*MAX(0,$B$6-C33-D33-E33)) | G33: =MAX(0,B33-F33) | H33: =B33*N(Staff!$D$21) | I33: =N(Staff!$E$21) | J33: =IF(A33="",0,SUMIFS(Leave!$I$8:$I$507,Leave!$A$8:$A$507,A33,Leave!$G$8:$G$507,1)) | K33: =IF(A33="",-999,I33-J33) | L33: =IF(A33=""," ",A33) | M33: =IF(A33="",NA(),B33) | N33: =IF(A33="",NA(),F33) | O33: =(D33>0)*1 | P33: =(G33>0)*1
A34: =IF(Staff!$A$22="","",Staff!$A$22) | B34: =IF(A34="",0,SUMIFS(Shifts!$G$8:$G$5007,Shifts!$B$8:$B$5007,A34,Shifts!$A$8:$A$5007,">="&$B$4,Shifts!$A$8:$A$5007,"<"&$B$5)) | C34: =IF(A34="",0,SUMIFS(Leave!$H$8:$H$507,Leave!$A$8:$A$507,A34,Leave!$G$8:$G$507,1)) | D34: =IF(A34="",0,SUMIFS(Leave!$H$8:$H$507,Leave!$A$8:$A$507,A34,Leave!$G$8:$G$507,2)) | E34: =IF(A34="",0,SUMIFS(Leave!$H$8:$H$507,Leave!$A$8:$A$507,A34,Leave!$G$8:$G$507,3)) | F34: =IF(A34="",0,N(Staff!$C$22)/5*MAX(0,$B$6-C34-D34-E34)) | G34: =MAX(0,B34-F34) | H34: =B34*N(Staff!$D$22) | I34: =N(Staff!$E$22) | J34: =IF(A34="",0,SUMIFS(Leave!$I$8:$I$507,Leave!$A$8:$A$507,A34,Leave!$G$8:$G$507,1)) | K34: =IF(A34="",-999,I34-J34) | L34: =IF(A34=""," ",A34) | M34: =IF(A34="",NA(),B34) | N34: =IF(A34="",NA(),F34) | O34: =(D34>0)*1 | P34: =(G34>0)*1
A35: =IF(Staff!$A$23="","",Staff!$A$23) | B35: =IF(A35="",0,SUMIFS(Shifts!$G$8:$G$5007,Shifts!$B$8:$B$5007,A35,Shifts!$A$8:$A$5007,">="&$B$4,Shifts!$A$8:$A$5007,"<"&$B$5)) | C35: =IF(A35="",0,SUMIFS(Leave!$H$8:$H$507,Leave!$A$8:$A$507,A35,Leave!$G$8:$G$507,1)) | D35: =IF(A35="",0,SUMIFS(Leave!$H$8:$H$507,Leave!$A$8:$A$507,A35,Leave!$G$8:$G$507,2)) | E35: =IF(A35="",0,SUMIFS(Leave!$H$8:$H$507,Leave!$A$8:$A$507,A35,Leave!$G$8:$G$507,3)) | F35: =IF(A35="",0,N(Staff!$C$23)/5*MAX(0,$B$6-C35-D35-E35)) | G35: =MAX(0,B35-F35) | H35: =B35*N(Staff!$D$23) | I35: =N(Staff!$E$23) | J35: =IF(A35="",0,SUMIFS(Leave!$I$8:$I$507,Leave!$A$8:$A$507,A35,Leave!$G$8:$G$507,1)) | K35: =IF(A35="",-999,I35-J35) | L35: =IF(A35=""," ",A35) | M35: =IF(A35="",NA(),B35) | N35: =IF(A35="",NA(),F35) | O35: =(D35>0)*1 | P35: =(G35>0)*1
A36: =IF(Staff!$A$24="","",Staff!$A$24) | B36: =IF(A36="",0,SUMIFS(Shifts!$G$8:$G$5007,Shifts!$B$8:$B$5007,A36,Shifts!$A$8:$A$5007,">="&$B$4,Shifts!$A$8:$A$5007,"<"&$B$5)) | C36: =IF(A36="",0,SUMIFS(Leave!$H$8:$H$507,Leave!$A$8:$A$507,A36,Leave!$G$8:$G$507,1)) | D36: =IF(A36="",0,SUMIFS(Leave!$H$8:$H$507,Leave!$A$8:$A$507,A36,Leave!$G$8:$G$507,2)) | E36: =IF(A36="",0,SUMIFS(Leave!$H$8:$H$507,Leave!$A$8:$A$507,A36,Leave!$G$8:$G$507,3)) | F36: =IF(A36="",0,N(Staff!$C$24)/5*MAX(0,$B$6-C36-D36-E36)) | G36: =MAX(0,B36-F36) | H36: =B36*N(Staff!$D$24) | I36: =N(Staff!$E$24) | J36: =IF(A36="",0,SUMIFS(Leave!$I$8:$I$507,Leave!$A$8:$A$507,A36,Leave!$G$8:$G$507,1)) | K36: =IF(A36="",-999,I36-J36) | L36: =IF(A36=""," ",A36) | M36: =IF(A36="",NA(),B36) | N36: =IF(A36="",NA(),F36) | O36: =(D36>0)*1 | P36: =(G36>0)*1
A37: =IF(Staff!$A$25="","",Staff!$A$25) | B37: =IF(A37="",0,SUMIFS(Shifts!$G$8:$G$5007,Shifts!$B$8:$B$5007,A37,Shifts!$A$8:$A$5007,">="&$B$4,Shifts!$A$8:$A$5007,"<"&$B$5)) | C37: =IF(A37="",0,SUMIFS(Leave!$H$8:$H$507,Leave!$A$8:$A$507,A37,Leave!$G$8:$G$507,1)) | D37: =IF(A37="",0,SUMIFS(Leave!$H$8:$H$507,Leave!$A$8:$A$507,A37,Leave!$G$8:$G$507,2)) | E37: =IF(A37="",0,SUMIFS(Leave!$H$8:$H$507,Leave!$A$8:$A$507,A37,Leave!$G$8:$G$507,3)) | F37: =IF(A37="",0,N(Staff!$C$25)/5*MAX(0,$B$6-C37-D37-E37)) | G37: =MAX(0,B37-F37) | H37: =B37*N(Staff!$D$25) | I37: =N(Staff!$E$25) | J37: =IF(A37="",0,SUMIFS(Leave!$I$8:$I$507,Leave!$A$8:$A$507,A37,Leave!$G$8:$G$507,1)) | K37: =IF(A37="",-999,I37-J37) | L37: =IF(A37=""," ",A37) | M37: =IF(A37="",NA(),B37) | N37: =IF(A37="",NA(),F37) | O37: =(D37>0)*1 | P37: =(G37>0)*1
A38: =IF(Staff!$A$26="","",Staff!$A$26) | B38: =IF(A38="",0,SUMIFS(Shifts!$G$8:$G$5007,Shifts!$B$8:$B$5007,A38,Shifts!$A$8:$A$5007,">="&$B$4,Shifts!$A$8:$A$5007,"<"&$B$5)) | C38: =IF(A38="",0,SUMIFS(Leave!$H$8:$H$507,Leave!$A$8:$A$507,A38,Leave!$G$8:$G$507,1)) | D38: =IF(A38="",0,SUMIFS(Leave!$H$8:$H$507,Leave!$A$8:$A$507,A38,Leave!$G$8:$G$507,2)) | E38: =IF(A38="",0,SUMIFS(Leave!$H$8:$H$507,Leave!$A$8:$A$507,A38,Leave!$G$8:$G$507,3)) | F38: =IF(A38="",0,N(Staff!$C$26)/5*MAX(0,$B$6-C38-D38-E38)) | G38: =MAX(0,B38-F38) | H38: =B38*N(Staff!$D$26) | I38: =N(Staff!$E$26) | J38: =IF(A38="",0,SUMIFS(Leave!$I$8:$I$507,Leave!$A$8:$A$507,A38,Leave!$G$8:$G$507,1)) | K38: =IF(A38="",-999,I38-J38) | L38: =IF(A38=""," ",A38) | M38: =IF(A38="",NA(),B38) | N38: =IF(A38="",NA(),F38) | O38: =(D38>0)*1 | P38: =(G38>0)*1
A39: =IF(Staff!$A$27="","",Staff!$A$27) | B39: =IF(A39="",0,SUMIFS(Shifts!$G$8:$G$5007,Shifts!$B$8:$B$5007,A39,Shifts!$A$8:$A$5007,">="&$B$4,Shifts!$A$8:$A$5007,"<"&$B$5)) | C39: =IF(A39="",0,SUMIFS(Leave!$H$8:$H$507,Leave!$A$8:$A$507,A39,Leave!$G$8:$G$507,1)) | D39: =IF(A39="",0,SUMIFS(Leave!$H$8:$H$507,Leave!$A$8:$A$507,A39,Leave!$G$8:$G$507,2)) | E39: =IF(A39="",0,SUMIFS(Leave!$H$8:$H$507,Leave!$A$8:$A$507,A39,Leave!$G$8:$G$507,3)) | F39: =IF(A39="",0,N(Staff!$C$27)/5*MAX(0,$B$6-C39-D39-E39)) | G39: =MAX(0,B39-F39) | H39: =B39*N(Staff!$D$27) | I39: =N(Staff!$E$27) | J39: =IF(A39="",0,SUMIFS(Leave!$I$8:$I$507,Leave!$A$8:$A$507,A39,Leave!$G$8:$G$507,1)) | K39: =IF(A39="",-999,I39-J39) | L39: =IF(A39=""," ",A39) | M39: =IF(A39="",NA(),B39) | N39: =IF(A39="",NA(),F39) | O39: =(D39>0)*1 | P39: =(G39>0)*1
A40: =IF(Staff!$A$28="","",Staff!$A$28) | B40: =IF(A40="",0,SUMIFS(Shifts!$G$8:$G$5007,Shifts!$B$8:$B$5007,A40,Shifts!$A$8:$A$5007,">="&$B$4,Shifts!$A$8:$A$5007,"<"&$B$5)) | C40: =IF(A40="",0,SUMIFS(Leave!$H$8:$H$507,Leave!$A$8:$A$507,A40,Leave!$G$8:$G$507,1)) | D40: =IF(A40="",0,SUMIFS(Leave!$H$8:$H$507,Leave!$A$8:$A$507,A40,Leave!$G$8:$G$507,2)) | E40: =IF(A40="",0,SUMIFS(Leave!$H$8:$H$507,Leave!$A$8:$A$507,A40,Leave!$G$8:$G$507,3)) | F40: =IF(A40="",0,N(Staff!$C$28)/5*MAX(0,$B$6-C40-D40-E40)) | G40: =MAX(0,B40-F40) | H40: =B40*N(Staff!$D$28) | I40: =N(Staff!$E$28) | J40: =IF(A40="",0,SUMIFS(Leave!$I$8:$I$507,Leave!$A$8:$A$507,A40,Leave!$G$8:$G$507,1)) | K40: =IF(A40="",-999,I40-J40) | L40: =IF(A40=""," ",A40) | M40: =IF(A40="",NA(),B40) | N40: =IF(A40="",NA(),F40) | O40: =(D40>0)*1 | P40: =(G40>0)*1
A41: =IF(Staff!$A$29="","",Staff!$A$29) | B41: =IF(A41="",0,SUMIFS(Shifts!$G$8:$G$5007,Shifts!$B$8:$B$5007,A41,Shifts!$A$8:$A$5007,">="&$B$4,Shifts!$A$8:$A$5007,"<"&$B$5)) | C41: =IF(A41="",0,SUMIFS(Leave!$H$8:$H$507,Leave!$A$8:$A$507,A41,Leave!$G$8:$G$507,1)) | D41: =IF(A41="",0,SUMIFS(Leave!$H$8:$H$507,Leave!$A$8:$A$507,A41,Leave!$G$8:$G$507,2)) | E41: =IF(A41="",0,SUMIFS(Leave!$H$8:$H$507,Leave!$A$8:$A$507,A41,Leave!$G$8:$G$507,3)) | F41: =IF(A41="",0,N(Staff!$C$29)/5*MAX(0,$B$6-C41-D41-E41)) | G41: =MAX(0,B41-F41) | H41: =B41*N(Staff!$D$29) | I41: =N(Staff!$E$29) | J41: =IF(A41="",0,SUMIFS(Leave!$I$8:$I$507,Leave!$A$8:$A$507,A41,Leave!$G$8:$G$507,1)) | K41: =IF(A41="",-999,I41-J41) | L41: =IF(A41=""," ",A41) | M41: =IF(A41="",NA(),B41) | N41: =IF(A41="",NA(),F41) | O41: =(D41>0)*1 | P41: =(G41>0)*1
A42: =IF(Staff!$A$30="","",Staff!$A$30) | B42: =IF(A42="",0,SUMIFS(Shifts!$G$8:$G$5007,Shifts!$B$8:$B$5007,A42,Shifts!$A$8:$A$5007,">="&$B$4,Shifts!$A$8:$A$5007,"<"&$B$5)) | C42: =IF(A42="",0,SUMIFS(Leave!$H$8:$H$507,Leave!$A$8:$A$507,A42,Leave!$G$8:$G$507,1)) | D42: =IF(A42="",0,SUMIFS(Leave!$H$8:$H$507,Leave!$A$8:$A$507,A42,Leave!$G$8:$G$507,2)) | E42: =IF(A42="",0,SUMIFS(Leave!$H$8:$H$507,Leave!$A$8:$A$507,A42,Leave!$G$8:$G$507,3)) | F42: =IF(A42="",0,N(Staff!$C$30)/5*MAX(0,$B$6-C42-D42-E42)) | G42: =MAX(0,B42-F42) | H42: =B42*N(Staff!$D$30) | I42: =N(Staff!$E$30) | J42: =IF(A42="",0,SUMIFS(Leave!$I$8:$I$507,Leave!$A$8:$A$507,A42,Leave!$G$8:$G$507,1)) | K42: =IF(A42="",-999,I42-J42) | L42: =IF(A42=""," ",A42) | M42: =IF(A42="",NA(),B42) | N42: =IF(A42="",NA(),F42) | O42: =(D42>0)*1 | P42: =(G42>0)*1
A43: =IF(Staff!$A$31="","",Staff!$A$31) | B43: =IF(A43="",0,SUMIFS(Shifts!$G$8:$G$5007,Shifts!$B$8:$B$5007,A43,Shifts!$A$8:$A$5007,">="&$B$4,Shifts!$A$8:$A$5007,"<"&$B$5)) | C43: =IF(A43="",0,SUMIFS(Leave!$H$8:$H$507,Leave!$A$8:$A$507,A43,Leave!$G$8:$G$507,1)) | D43: =IF(A43="",0,SUMIFS(Leave!$H$8:$H$507,Leave!$A$8:$A$507,A43,Leave!$G$8:$G$507,2)) | E43: =IF(A43="",0,SUMIFS(Leave!$H$8:$H$507,Leave!$A$8:$A$507,A43,Leave!$G$8:$G$507,3)) | F43: =IF(A43="",0,N(Staff!$C$31)/5*MAX(0,$B$6-C43-D43-E43)) | G43: =MAX(0,B43-F43) | H43: =B43*N(Staff!$D$31) | I43: =N(Staff!$E$31) | J43: =IF(A43="",0,SUMIFS(Leave!$I$8:$I$507,Leave!$A$8:$A$507,A43,Leave!$G$8:$G$507,1)) | K43: =IF(A43="",-999,I43-J43) | L43: =IF(A43=""," ",A43) | M43: =IF(A43="",NA(),B43) | N43: =IF(A43="",NA(),F43) | O43: =(D43>0)*1 | P43: =(G43>0)*1
A44: =IF(Staff!$A$32="","",Staff!$A$32) | B44: =IF(A44="",0,SUMIFS(Shifts!$G$8:$G$5007,Shifts!$B$8:$B$5007,A44,Shifts!$A$8:$A$5007,">="&$B$4,Shifts!$A$8:$A$5007,"<"&$B$5)) | C44: =IF(A44="",0,SUMIFS(Leave!$H$8:$H$507,Leave!$A$8:$A$507,A44,Leave!$G$8:$G$507,1)) | D44: =IF(A44="",0,SUMIFS(Leave!$H$8:$H$507,Leave!$A$8:$A$507,A44,Leave!$G$8:$G$507,2)) | E44: =IF(A44="",0,SUMIFS(Leave!$H$8:$H$507,Leave!$A$8:$A$507,A44,Leave!$G$8:$G$507,3)) | F44: =IF(A44="",0,N(Staff!$C$32)/5*MAX(0,$B$6-C44-D44-E44)) | G44: =MAX(0,B44-F44) | H44: =B44*N(Staff!$D$32) | I44: =N(Staff!$E$32) | J44: =IF(A44="",0,SUMIFS(Leave!$I$8:$I$507,Leave!$A$8:$A$507,A44,Leave!$G$8:$G$507,1)) | K44: =IF(A44="",-999,I44-J44) | L44: =IF(A44=""," ",A44) | M44: =IF(A44="",NA(),B44) | N44: =IF(A44="",NA(),F44) | O44: =(D44>0)*1 | P44: =(G44>0)*1
A50: =Lang!$B$28 | B50: =SUMIFS(Shifts!$G$8:$G$5007,Shifts!$A$8:$A$5007,">="&$B$4,Shifts!$A$8:$A$5007,"<"&$B$5,Shifts!$J$8:$J$5007,1)
A51: =Lang!$B$29 | B51: =SUMIFS(Shifts!$G$8:$G$5007,Shifts!$A$8:$A$5007,">="&$B$4,Shifts!$A$8:$A$5007,"<"&$B$5,Shifts!$J$8:$J$5007,2)
A52: =Lang!$B$30 | B52: =SUMIFS(Shifts!$G$8:$G$5007,Shifts!$A$8:$A$5007,">="&$B$4,Shifts!$A$8:$A$5007,"<"&$B$5,Shifts!$J$8:$J$5007,3)
A53: =Lang!$B$31 | B53: =SUMIFS(Shifts!$G$8:$G$5007,Shifts!$A$8:$A$5007,">="&$B$4,Shifts!$A$8:$A$5007,"<"&$B$5,Shifts!$J$8:$J$5007,4)
A54: =Lang!$B$32 | B54: =SUMIFS(Shifts!$G$8:$G$5007,Shifts!$A$8:$A$5007,">="&$B$4,Shifts!$A$8:$A$5007,"<"&$B$5,Shifts!$J$8:$J$5007,5)
A55: =Lang!$B$33 | B55: =SUMIFS(Shifts!$G$8:$G$5007,Shifts!$A$8:$A$5007,">="&$B$4,Shifts!$A$8:$A$5007,"<"&$B$5,Shifts!$J$8:$J$5007,6)
A56: =Lang!$B$34 | B56: =SUMIFS(Shifts!$G$8:$G$5007,Shifts!$A$8:$A$5007,">="&$B$4,Shifts!$A$8:$A$5007,"<"&$B$5,Shifts!$J$8:$J$5007,7)
A60: =$B$4+0 | B60: =A60<$B$5 | C60: =IF(B60,COUNTIFS(Shifts!$A$8:$A$5007,A60),0) | D60: =INDEX(Settings!$D$21:$J$21,WEEKDAY(A60,2)) | E60: =IF(AND(B60,C60<D60),1,0)
A61: =$B$4+1 | B61: =A61<$B$5 | C61: =IF(B61,COUNTIFS(Shifts!$A$8:$A$5007,A61),0) | D61: =INDEX(Settings!$D$21:$J$21,WEEKDAY(A61,2)) | E61: =IF(AND(B61,C61<D61),1,0)
A62: =$B$4+2 | B62: =A62<$B$5 | C62: =IF(B62,COUNTIFS(Shifts!$A$8:$A$5007,A62),0) | D62: =INDEX(Settings!$D$21:$J$21,WEEKDAY(A62,2)) | E62: =IF(AND(B62,C62<D62),1,0)
A63: =$B$4+3 | B63: =A63<$B$5 | C63: =IF(B63,COUNTIFS(Shifts!$A$8:$A$5007,A63),0) | D63: =INDEX(Settings!$D$21:$J$21,WEEKDAY(A63,2)) | E63: =IF(AND(B63,C63<D63),1,0)
A64: =$B$4+4 | B64: =A64<$B$5 | C64: =IF(B64,COUNTIFS(Shifts!$A$8:$A$5007,A64),0) | D64: =INDEX(Settings!$D$21:$J$21,WEEKDAY(A64,2)) | E64: =IF(AND(B64,C64<D64),1,0)
A65: =$B$4+5 | B65: =A65<$B$5 | C65: =IF(B65,COUNTIFS(Shifts!$A$8:$A$5007,A65),0) | D65: =INDEX(Settings!$D$21:$J$21,WEEKDAY(A65,2)) | E65: =IF(AND(B65,C65<D65),1,0)
A66: =$B$4+6 | B66: =A66<$B$5 | C66: =IF(B66,COUNTIFS(Shifts!$A$8:$A$5007,A66),0) | D66: =INDEX(Settings!$D$21:$J$21,WEEKDAY(A66,2)) | E66: =IF(AND(B66,C66<D66),1,0)
A67: =$B$4+7 | B67: =A67<$B$5 | C67: =IF(B67,COUNTIFS(Shifts!$A$8:$A$5007,A67),0) | D67: =INDEX(Settings!$D$21:$J$21,WEEKDAY(A67,2)) | E67: =IF(AND(B67,C67<D67),1,0)
A68: =$B$4+8 | B68: =A68<$B$5 | C68: =IF(B68,COUNTIFS(Shifts!$A$8:$A$5007,A68),0) | D68: =INDEX(Settings!$D$21:$J$21,WEEKDAY(A68,2)) | E68: =IF(AND(B68,C68<D68),1,0)
A69: =$B$4+9 | B69: =A69<$B$5 | C69: =IF(B69,COUNTIFS(Shifts!$A$8:$A$5007,A69),0) | D69: =INDEX(Settings!$D$21:$J$21,WEEKDAY(A69,2)) | E69: =IF(AND(B69,C69<D69),1,0)
A70: =$B$4+10 | B70: =A70<$B$5 | C70: =IF(B70,COUNTIFS(Shifts!$A$8:$A$5007,A70),0) | D70: =INDEX(Settings!$D$21:$J$21,WEEKDAY(A70,2)) | E70: =IF(AND(B70,C70<D70),1,0)
A71: =$B$4+11 | B71: =A71<$B$5 | C71: =IF(B71,COUNTIFS(Shifts!$A$8:$A$5007,A71),0) | D71: =INDEX(Settings!$D$21:$J$21,WEEKDAY(A71,2)) | E71: =IF(AND(B71,C71<D71),1,0)
A72: =$B$4+12 | B72: =A72<$B$5 | C72: =IF(B72,COUNTIFS(Shifts!$A$8:$A$5007,A72),0) | D72: =INDEX(Settings!$D$21:$J$21,WEEKDAY(A72,2)) | E72: =IF(AND(B72,C72<D72),1,0)
A73: =$B$4+13 | B73: =A73<$B$5 | C73: =IF(B73,COUNTIFS(Shifts!$A$8:$A$5007,A73),0) | D73: =INDEX(Settings!$D$21:$J$21,WEEKDAY(A73,2)) | E73: =IF(AND(B73,C73<D73),1,0)
A74: =$B$4+14 | B74: =A74<$B$5 | C74: =IF(B74,COUNTIFS(Shifts!$A$8:$A$5007,A74),0) | D74: =INDEX(Settings!$D$21:$J$21,WEEKDAY(A74,2)) | E74: =IF(AND(B74,C74<D74),1,0)
A75: =$B$4+15 | B75: =A75<$B$5 | C75: =IF(B75,COUNTIFS(Shifts!$A$8:$A$5007,A75),0) | D75: =INDEX(Settings!$D$21:$J$21,WEEKDAY(A75,2)) | E75: =IF(AND(B75,C75<D75),1,0)
A76: =$B$4+16 | B76: =A76<$B$5 | C76: =IF(B76,COUNTIFS(Shifts!$A$8:$A$5007,A76),0) | D76: =INDEX(Settings!$D$21:$J$21,WEEKDAY(A76,2)) | E76: =IF(AND(B76,C76<D76),1,0)
A77: =$B$4+17 | B77: =A77<$B$5 | C77: =IF(B77,COUNTIFS(Shifts!$A$8:$A$5007,A77),0) | D77: =INDEX(Settings!$D$21:$J$21,WEEKDAY(A77,2)) | E77: =IF(AND(B77,C77<D77),1,0)
A78: =$B$4+18 | B78: =A78<$B$5 | C78: =IF(B78,COUNTIFS(Shifts!$A$8:$A$5007,A78),0) | D78: =INDEX(Settings!$D$21:$J$21,WEEKDAY(A78,2)) | E78: =IF(AND(B78,C78<D78),1,0)
A79: =$B$4+19 | B79: =A79<$B$5 | C79: =IF(B79,COUNTIFS(Shifts!$A$8:$A$5007,A79),0) | D79: =INDEX(Settings!$D$21:$J$21,WEEKDAY(A79,2)) | E79: =IF(AND(B79,C79<D79),1,0)
A80: =$B$4+20 | B80: =A80<$B$5 | C80: =IF(B80,COUNTIFS(Shifts!$A$8:$A$5007,A80),0) | D80: =INDEX(Settings!$D$21:$J$21,WEEKDAY(A80,2)) | E80: =IF(AND(B80,C80<D80),1,0)
A81: =$B$4+21 | B81: =A81<$B$5 | C81: =IF(B81,COUNTIFS(Shifts!$A$8:$A$5007,A81),0) | D81: =INDEX(Settings!$D$21:$J$21,WEEKDAY(A81,2)) | E81: =IF(AND(B81,C81<D81),1,0)
A82: =$B$4+22 | B82: =A82<$B$5 | C82: =IF(B82,COUNTIFS(Shifts!$A$8:$A$5007,A82),0) | D82: =INDEX(Settings!$D$21:$J$21,WEEKDAY(A82,2)) | E82: =IF(AND(B82,C82<D82),1,0)
A83: =$B$4+23 | B83: =A83<$B$5 | C83: =IF(B83,COUNTIFS(Shifts!$A$8:$A$5007,A83),0) | D83: =INDEX(Settings!$D$21:$J$21,WEEKDAY(A83,2)) | E83: =IF(AND(B83,C83<D83),1,0)
A84: =$B$4+24 | B84: =A84<$B$5 | C84: =IF(B84,COUNTIFS(Shifts!$A$8:$A$5007,A84),0) | D84: =INDEX(Settings!$D$21:$J$21,WEEKDAY(A84,2)) | E84: =IF(AND(B84,C84<D84),1,0)
A85: =$B$4+25 | B85: =A85<$B$5 | C85: =IF(B85,COUNTIFS(Shifts!$A$8:$A$5007,A85),0) | D85: =INDEX(Settings!$D$21:$J$21,WEEKDAY(A85,2)) | E85: =IF(AND(B85,C85<D85),1,0)
A86: =$B$4+26 | B86: =A86<$B$5 | C86: =IF(B86,COUNTIFS(Shifts!$A$8:$A$5007,A86),0) | D86: =INDEX(Settings!$D$21:$J$21,WEEKDAY(A86,2)) | E86: =IF(AND(B86,C86<D86),1,0)
A87: =$B$4+27 | B87: =A87<$B$5 | C87: =IF(B87,COUNTIFS(Shifts!$A$8:$A$5007,A87),0) | D87: =INDEX(Settings!$D$21:$J$21,WEEKDAY(A87,2)) | E87: =IF(AND(B87,C87<D87),1,0)
A88: =$B$4+28 | B88: =A88<$B$5 | C88: =IF(B88,COUNTIFS(Shifts!$A$8:$A$5007,A88),0) | D88: =INDEX(Settings!$D$21:$J$21,WEEKDAY(A88,2)) | E88: =IF(AND(B88,C88<D88),1,0)
A89: =$B$4+29 | B89: =A89<$B$5 | C89: =IF(B89,COUNTIFS(Shifts!$A$8:$A$5007,A89),0) | D89: =INDEX(Settings!$D$21:$J$21,WEEKDAY(A89,2)) | E89: =IF(AND(B89,C89<D89),1,0)
A90: =$B$4+30 | B90: =A90<$B$5 | C90: =IF(B90,COUNTIFS(Shifts!$A$8:$A$5007,A90),0) | D90: =INDEX(Settings!$D$21:$J$21,WEEKDAY(A90,2)) | E90: =IF(AND(B90,C90<D90),1,0)
